Workbook
Name Base_MP: '[1]Base Famille MP & EMB'!$A$6:$N$147
Name Hierarchie_PF: '[1]Base Famille PF'!$A$1:$K$41

Sheet Volumes
P4: Equipement
A5: TOTAL | D5: =SUM(D6:D13) -> #REF! | E5: =SUM(E6:E13) -> #REF! | F5: =SUM(F6:F13) -> #REF! | G5: =SUM(G6:G13) -> #REF! | H5: =SUM(H6:H13) -> #REF! | I5: =SUM(I6:I13) -> #REF! | J5: =SUM(J6:J13) -> #REF! | N5: Augmentation annuelle | P5: =SUM(P6:P13) -> #REF! | Q5: Ratio
A6: LAMINAGE A FROID | D6: =#REF! -> #REF! | E6: =#REF! -> #REF! | F6: =#REF! -> #REF! | G6: =#REF! -> #REF! | H6: =#REF! -> #REF! | I6: =#REF! -> #REF! | J6: =#REF! -> #REF! | N6: 0.01 | P6: =+#REF! -> #REF! | Q6: =+P6/$P$5 -> #REF!
A7: TREILLIS ANTI-FISSURATION | D7: =#REF! -> #REF! | E7: =#REF! -> #REF! | F7: =#REF! -> #REF! | G7: =#REF! -> #REF! | H7: =#REF! -> #REF! | I7: =#REF! -> #REF! | J7: =#REF! -> #REF! | P7: =+#REF! -> #REF! | Q7: =+P7/$P$5 -> #REF!
A8: TREILLIS DE STRUCTURE | D8: ='T.S. Structure'!D24 -> 0 | E8: ='T.S. Structure'!E24 -> 0 | F8: ='T.S. Structure'!F24 -> 0 | G8: ='T.S. Structure'!G24 -> 0 | H8: ='T.S. Structure'!H24 -> 0 | I8: ='T.S. Structure'!I24 -> 0 | J8: ='T.S. Structure'!J24 -> 0 | N8: 0.01 | P8: =+'T.S. Structure'!B9 -> 0 | Q8: =+P8/$P$5 -> #REF!
A9: POUTRELLES | D9: =#REF! -> #REF! | E9: =#REF! -> #REF! | F9: =#REF! -> #REF! | G9: =#REF! -> #REF! | H9: =#REF! -> #REF! | I9: =#REF! -> #REF! | J9: =#REF! -> #REF! | N9: 0.02 | P9: =#REF! -> #REF! | Q9: =+P9/$P$5 -> #REF!
A10: COUPE FACONNE | D10: ='Coupé façonné'!D24 -> 0 | E10: ='Coupé façonné'!E24 -> 0 | F10: ='Coupé façonné'!F24 -> 0 | G10: ='Coupé façonné'!G24 -> 0 | H10: ='Coupé façonné'!H24 -> 0 | I10: ='Coupé façonné'!I24 -> 0 | J10: ='Coupé façonné'!J24 -> 0 | P10: ='Coupé façonné'!B9 -> 0 | Q10: =+P10/$P$5 -> #REF!
A11: ARMATURES STANDARDS | B11: 1 | D11: =IF($B$11=1,'Armatures STD'!D24,"") -> 0 | E11: =IF($B$11=1,'Armatures STD'!E24,"") -> 0 | F11: =IF($B$11=1,'Armatures STD'!F24,"") -> 0 | G11: =IF($B$11=1,'Armatures STD'!G24,"") -> 0 | H11: =IF($B$11=1,'Armatures STD'!H24,"") -> 0 | I11: =IF($B$11=1,'Armatures STD'!I24,"") -> 0 | J11: =IF($B$11=1,'Armatures STD'!J24,"") -> 0 | N11: 0.02 | P11: =IF(B11=1,'Armatures STD'!B9,"") -> 0 | Q11: =IF(P11="",0,P11/$P$5) -> #REF!
Q12: =+P12/$P$5 -> #REF!
Q13: =+P13/$P$5 -> #REF!
B16: Laminage a Froid | D16: =+#REF! -> #REF! | E16: =+#REF! -> #REF! | F16: =+#REF! -> #REF! | G16: =+#REF! -> #REF! | H16: =+#REF! -> #REF! | I16: =+#REF! -> #REF! | J16: =+#REF! -> #REF!

Sheet Inv-Financement
C3: 1 | D3: 3.4 | H3: Surface | I3: 8000 | J3: M2
H4: P.U. | I4: 30 | J4: DT par an
A5: INFRASTRUCTURE | D5: =IF(M2=1,0,E5) -> #REF! | E5: =+#REF! -> #REF! | G5: Loyer Annuel Batiment | I5: =IF(#REF!=1,K5,0) -> #REF! | J5: DT par an | K5: =I3*I4 -> 240000
A6: EQUIPEMENT | C6: =Volumes!P5 -> #REF! | D6: =D3*C6 -> #REF!
A7: UTILITES ET INSTALLATION | D7: 1000000
A9: TOTAL INVESTISSEMENT | D9: =D5+D6+D7 -> #REF!
A12: FOND PROPRE | B12: =[2]Invest!$C$33*0.3 -> 3741975 | C12: =D9*0.3 -> #REF!
A13: PRËT | B13: =[2]Invest!$C$33-'[2]Charges Financières'!B10 -> 8731275 | C13: =D9*0.7 -> #REF!
A14: Durée | C14: 7 | D14: ans
A15: Taux d'interêt | C15: 0.1
C18: 1ère année | D18: 2ème année | E18: 3ème année | F18: 4ème année | G18: 5ème année | H18: 6ème année | I18: 7ème année | J18: 8ème année | K18: 9ème année | L18: 10ème année
A19: Frais Fixes | C19: =$C$13/$N$19 -> #REF! | D19: =$C$13/$N$19 -> #REF! | E19: =$C$13/$N$19 -> #REF! | F19: =$C$13/$N$19 -> #REF! | G19: =$C$13/$N$19 -> #REF! | H19: =$C$13/$N$19 -> #REF! | I19: =$C$13/$N$19 -> #REF! | J19: =$C$13/$N$19 -> #REF! | ... L19: =$C$13/$N$19 -> #REF! | N19: =C14 -> 7
A20: Cumul remboursement fixe | C20: =C19+B19 -> #REF! | D20: =D19+C20 -> #REF! | E20: =E19+D20 -> #REF! | F20: =F19+E20 -> #REF! | G20: =G19+F20 -> #REF! | H20: =H19+G20 -> #REF! | I20: =I19+H20 -> #REF! | J20: =J19+I20 -> #REF! | K20: =K19+J20 -> #REF! | L20: =L19+K20 -> #REF!
A21: Charges Interêt | C21: =($C$13- B20)*$N$21 -> #REF! | D21: =($C$13- C20)*$N$21 -> #REF! | E21: =($C$13- D20)*$N$21 -> #REF! | F21: =($C$13- E20)*$N$21 -> #REF! | G21: =($C$13- F20)*$N$21 -> #REF! | H21: =($C$13- G20)*$N$21 -> #REF! | I21: =($C$13- H20)*$N$21 -> #REF! | J21: =($C$13- I20)*$N$21 -> #REF! | ... L21: =($C$13- K20)*$N$21 -> #REF! | N21: =C15 -> 0.1
A22: Total Charges | C22: =C21+C19 -> #REF! | D22: =D21+D19 -> #REF! | E22: =E21+E19 -> #REF! | F22: =F21+F19 -> #REF! | G22: =G21+G19 -> #REF! | H22: =H21+H19 -> #REF! | I22: =I21+I19 -> #REF! | J22: =J21+J19 -> #REF! | ... L22: =L21+L19 -> #REF!
A25: CHARGES FINANCIERES PAR PRODUIT
A27: Bobines laminées à froid | C27: =C22*[2]Invest!$E$18/[2]Invest!$C$33 -> #REF! | D27: =D22*[2]Invest!$E$18/[2]Invest!$C$33 -> #REF! | E27: =E22*[2]Invest!$E$18/[2]Invest!$C$33 -> #REF! | F27: =F22*[2]Invest!$E$18/[2]Invest!$C$33 -> #REF! | G27: =G22*[2]Invest!$E$18/[2]Invest!$C$33 -> #REF! | H27: =H22*[2]Invest!$E$18/[2]Invest!$C$33 -> #REF! | I27: =I22*[2]Invest!$E$18/[2]Invest!$C$33 -> #REF! | J27: =J22*[2]Invest!$E$18/[2]Invest!$C$33 -> #REF! | ... L27: =L22*[2]Invest!$E$18/[2]Invest!$C$33 -> #REF!
A28: TREILLIS SOUDES | C28: =C22*[2]Invest!$E$19/[2]Invest!$C$33 -> #REF! | D28: =D22*[2]Invest!$E$19/[2]Invest!$C$33 -> #REF! | E28: =E22*[2]Invest!$E$19/[2]Invest!$C$33 -> #REF! | F28: =F22*[2]Invest!$E$19/[2]Invest!$C$33 -> #REF! | G28: =G22*[2]Invest!$E$19/[2]Invest!$C$33 -> #REF! | H28: =H22*[2]Invest!$E$19/[2]Invest!$C$33 -> #REF! | I28: =I22*[2]Invest!$E$19/[2]Invest!$C$33 -> #REF! | J28: =J22*[2]Invest!$E$19/[2]Invest!$C$33 -> #REF! | ... L28: =L22*[2]Invest!$E$19/[2]Invest!$C$33 -> #REF!
A29: POUTRELLES | C29: =C22*[2]Invest!$E$20/[2]Invest!$C$33 -> #REF! | D29: =D22*[2]Invest!$E$20/[2]Invest!$C$33 -> #REF! | E29: =E22*[2]Invest!$E$20/[2]Invest!$C$33 -> #REF! | F29: =F22*[2]Invest!$E$20/[2]Invest!$C$33 -> #REF! | G29: =G22*[2]Invest!$E$20/[2]Invest!$C$33 -> #REF! | H29: =H22*[2]Invest!$E$20/[2]Invest!$C$33 -> #REF! | I29: =I22*[2]Invest!$E$20/[2]Invest!$C$33 -> #REF! | J29: =J22*[2]Invest!$E$20/[2]Invest!$C$33 -> #REF! | ... L29: =L22*[2]Invest!$E$20/[2]Invest!$C$33 -> #REF!
A30: PRODUITS COUPES FACONNES | C30: =C22*[2]Invest!$E$21/[2]Invest!$C$33 -> #REF! | D30: =D22*[2]Invest!$E$21/[2]Invest!$C$33 -> #REF! | E30: =E22*[2]Invest!$E$21/[2]Invest!$C$33 -> #REF! | F30: =F22*[2]Invest!$E$21/[2]Invest!$C$33 -> #REF! | G30: =G22*[2]Invest!$E$21/[2]Invest!$C$33 -> #REF! | H30: =H22*[2]Invest!$E$21/[2]Invest!$C$33 -> #REF! | I30: =I22*[2]Invest!$E$21/[2]Invest!$C$33 -> #REF! | J30: =J22*[2]Invest!$E$21/[2]Invest!$C$33 -> #REF! | ... L30: =L22*[2]Invest!$E$21/[2]Invest!$C$33 -> #REF!
A31: ARMATURES STANDARDS | F31: =F22*[2]Invest!$E$41/[2]Invest!$C$33 -> #REF! | G31: =G22*[2]Invest!$E$41/[2]Invest!$C$33 -> #REF! | H31: =H22*[2]Invest!$E$41/[2]Invest!$C$33 -> #REF! | I31: =I22*[2]Invest!$E$41/[2]Invest!$C$33 -> #REF! | J31: =J22*[2]Invest!$E$41/[2]Invest!$C$33 -> #REF! | K31: =K22*[2]Invest!$E$41/[2]Invest!$C$33 -> #REF! | L31: =L22*[2]Invest!$E$41/[2]Invest!$C$33 -> #REF!
A35: REINVESTISSEMENT 2EME LIGNE DE LAMINAGE A FROID
A37: FOND PROPRE | B37: =[2]Invest!$C$33*0.3 -> 3741975 | C37: =[2]Invest!E39*0.3 -> 463434.22
A38: PRËT | B38: =[2]Invest!$C$33-'[2]Charges Financières'!B35 -> 8731275 | C38: =[2]Invest!E39*0.7 -> 1081346.5
A39: Durée | C39: 7 | D39: ans
A40: Taux d'interêt | C40: 0.07
C43: 1ère année | D43: 2ème année | E43: 3ème année | F43: 4ème année | G43: 5ème année | H43: 6ème année | I43: 7ème année | J43: 8ème année | K43: 9ème année | L43: 10ème année
A44: Frais Fixes | F44: =$C$38/$C$39 -> 154478.07 | G44: =$C$38/$C$39 -> 154478.07 | H44: =$C$38/$C$39 -> 154478.07 | I44: =$C$38/$C$39 -> 154478.07 | J44: =$C$38/$C$39 -> 154478.07 | K44: =$C$38/$C$39 -> 154478.07 | L44: =$C$38/$C$39 -> 154478.07 | N44: =C39 -> 7
A45: Cumul remboursement fixe | C45: =C44+B44 -> 0 | D45: =D44+C45 -> 0 | E45: =E44+D45 -> 0 | F45: =F44+E45 -> 154478.07 | G45: =G44+F45 -> 308956.15 | H45: =H44+G45 -> 463434.22 | I45: =I44+H45 -> 617912.3 | J45: =J44+I45 -> 772390.37 | K45: =K44+J45 -> 926868.45 | L45: =L44+K45 -> 1081346.5
A46: Frais Variables | F46: =($C$38- E45)*$C$40 -> 75694.257 | G46: =($C$38- F45)*$C$40 -> 64880.791 | H46: =($C$38- G45)*$C$40 -> 54067.326 | I46: =($C$38- H45)*$C$40 -> 43253.861 | J46: =($C$38- I45)*$C$40 -> 32440.396 | K46: =($C$38- J45)*$C$40 -> 21626.93 | L46: =($C$38- K45)*$C$40 -> 10813.465 | N46: =C40 -> 0.07
A47: Total Charges | C47: =C46+C44 -> 0 | D47: =D46+D44 -> 0 | E47: =E46+E44 -> 0 | F47: =F46+F44 -> 230172.33 | G47: =G46+G44 -> 219358.87 | H47: =H46+H44 -> 208545.4 | I47: =I46+I44 -> 197731.94 | J47: =J46+J44 -> 186918.47 | ... L47: =L46+L44 -> 165291.54
A50: REINVESTISSEMENT UNITE DE FACONNAGE D'ARMATURE STANDARD
A52: FOND PROPRE | B52: =[2]Invest!$C$33*0.3 -> 3741975 | C52: =[2]Invest!E41*0.3 -> 1164038.1
A53: PRËT | B53: =[2]Invest!$C$33-'[2]Charges Financières'!B50 -> 8731275 | C53: =[2]Invest!E41*0.7 -> 2716089
A54: Durée | C54: 7 | D54: ans
A55: Taux d'interêt | C55: 0.07
C58: 1ère année | D58: 2ème année | E58: 3ème année | F58: 4ème année | G58: 5ème année | H58: 6ème année | I58: 7ème année | J58: 8ème année | K58: 9ème année | L58: 10ème année
A59: Frais Fixes | F59: =$C$53/$C$54 -> 388012.71 | G59: =$C$53/$C$54 -> 388012.71 | H59: =$C$53/$C$54 -> 388012.71 | I59: =$C$53/$C$54 -> 388012.71 | J59: =$C$53/$C$54 -> 388012.71 | K59: =$C$53/$C$54 -> 388012.71 | L59: =$C$53/$C$54 -> 388012.71 | N59: =C54 -> 7
A60: Cumul remboursement fixe | C60: =C59+B59 -> 0 | D60: =D59+C60 -> 0 | E60: =E59+D60 -> 0 | F60: =F59+E60 -> 388012.71 | G60: =G59+F60 -> 776025.42 | H60: =H59+G60 -> 1164038.1 | I60: =I59+H60 -> 1552050.8 | J60: =J59+I60 -> 1940063.6 | K60: =K59+J60 -> 2328076.3 | L60: =L59+K60 -> 2716089
A61: Frais Variables | F61: =($C$53- E60)*$C$55 -> 190126.23 | G61: =($C$53- F60)*$C$55 -> 162965.34 | H61: =($C$53- G60)*$C$55 -> 135804.45 | I61: =($C$53- H60)*$C$55 -> 108643.56 | J61: =($C$53- I60)*$C$55 -> 81482.669 | K61: =($C$53- J60)*$C$55 -> 54321.78 | L61: =($C$53- K60)*$C$55 -> 27160.89 | N61: =C55 -> 0.07
A62: Total Charges | C62: =C61+C59 -> 0 | D62: =D61+D59 -> 0 | E62: =E61+E59 -> 0 | F62: =F61+F59 -> 578138.94 | G62: =G61+G59 -> 550978.05 | H62: =H61+H59 -> 523817.16 | I62: =I61+I59 -> 496656.27 | J62: =J61+J59 -> 469495.38 | ... L62: =L61+L59 -> 415173.6
C66: TOTAL CHARGES FINANCIERES PHASE 1 ET PHASE 2
A69: FOND PROPRE | B69: =[2]Invest!$C$33*0.3 -> 3741975
A70: PRËT | B70: =[2]Invest!$C$33-'[2]Charges Financières'!B67 -> 8731275
A71: Durée | C71: 7 | D71: ans
A72: Taux d'interêt | C72: 0.07
C75: 1ère année | D75: 2ème année | E75: 3ème année | F75: 4ème année | G75: 5ème année | H75: 6ème année | I75: 7ème année | J75: 8ème année | K75: 9ème année | L75: 10ème année
A76: Frais Fixes | C76: =C19+C44+C59 -> #REF! | D76: =D19+D44+D59 -> #REF! | E76: =E19+E44+E59 -> #REF! | F76: =F19+F44+F59 -> #REF! | G76: =G19+G44+G59 -> #REF! | H76: =H19+H44+H59 -> #REF! | I76: =I19+I44+I59 -> #REF! | J76: =J19+J44+J59 -> #REF! | ... L76: =L19+L44+L59 -> #REF! | N76: =C71 -> 7
A77: Cumul remboursement fixe | C77: =C76+B76 -> #REF! | D77: =D76+C77 -> #REF! | E77: =E76+D77 -> #REF! | F77: =F76+E77 -> #REF! | G77: =G76+F77 -> #REF! | H77: =H76+G77 -> #REF! | I77: =I76+H77 -> #REF! | J77: =J76+I77 -> #REF! | K77: =K76+J77 -> #REF! | L77: =L76+K77 -> #REF!
A78: Frais Variables | C78: =C21+C46+C61 -> #REF! | D78: =D21+D46+D61 -> #REF! | E78: =E21+E46+E61 -> #REF! | F78: =F21+F46+F61 -> #REF! | G78: =G21+G46+G61 -> #REF! | H78: =H21+H46+H61 -> #REF! | I78: =I21+I46+I61 -> #REF! | J78: =J21+J46+J61 -> #REF! | ... L78: =L21+L46+L61 -> #REF! | N78: =C72 -> 0.07
A79: Total Charges | C79: =C78+C76 -> #REF! | D79: =D78+D76 -> #REF! | E79: =E78+E76 -> #REF! | F79: =F78+F76 -> #REF! | G79: =G78+G76 -> #REF! | H79: =H78+H76 -> #REF! | I79: =I78+I76 -> #REF! | J79: =J78+J76 -> #REF! | ... L79: =L78+L76 -> #REF!
A82: CHARGES FINANCIERES PAR PRODUIT
A84: Bobines laminées à froid | C84: =C27+C47 -> #REF! | D84: =D27+D47 -> #REF! | E84: =E27+E47 -> #REF! | F84: =F27+F47 -> #REF! | G84: =G27+G47 -> #REF! | H84: =H27+H47 -> #REF! | I84: =I27+I47 -> #REF! | J84: =J27+J47 -> #REF! | ... L84: =L27+L47 -> #REF!
A85: TREILLIS SOUDES | C85: =C79*[2]Invest!$E$19/[2]Invest!$C$33 -> #REF! | D85: =D79*[2]Invest!$E$19/[2]Invest!$C$33 -> #REF! | E85: =E79*[2]Invest!$E$19/[2]Invest!$C$33 -> #REF! | F85: =F79*[2]Invest!$E$19/[2]Invest!$C$33 -> #REF! | G85: =G79*[2]Invest!$E$19/[2]Invest!$C$33 -> #REF! | H85: =H79*[2]Invest!$E$19/[2]Invest!$C$33 -> #REF! | I85: =I79*[2]Invest!$E$19/[2]Invest!$C$33 -> #REF! | J85: =J79*[2]Invest!$E$19/[2]Invest!$C$33 -> #REF! | ... L85: =L79*[2]Invest!$E$19/[2]Invest!$C$33 -> #REF!
A86: POUTRELLES | C86: =C79*[2]Invest!$E$20/[2]Invest!$C$33 -> #REF! | D86: =D79*[2]Invest!$E$20/[2]Invest!$C$33 -> #REF! | E86: =E79*[2]Invest!$E$20/[2]Invest!$C$33 -> #REF! | F86: =F79*[2]Invest!$E$20/[2]Invest!$C$33 -> #REF! | G86: =G79*[2]Invest!$E$20/[2]Invest!$C$33 -> #REF! | H86: =H79*[2]Invest!$E$20/[2]Invest!$C$33 -> #REF! | I86: =I79*[2]Invest!$E$20/[2]Invest!$C$33 -> #REF! | J86: =J79*[2]Invest!$E$20/[2]Invest!$C$33 -> #REF! | ... L86: =L79*[2]Invest!$E$20/[2]Invest!$C$33 -> #REF!
A87: PRODUITS COUPES FACONNES | C87: =C79*[2]Invest!$E$21/[2]Invest!$C$33 -> #REF! | D87: =D79*[2]Invest!$E$21/[2]Invest!$C$33 -> #REF! | E87: =E79*[2]Invest!$E$21/[2]Invest!$C$33 -> #REF! | F87: =F79*[2]Invest!$E$21/[2]Invest!$C$33 -> #REF! | G87: =G79*[2]Invest!$E$21/[2]Invest!$C$33 -> #REF! | H87: =H79*[2]Invest!$E$21/[2]Invest!$C$33 -> #REF! | I87: =I79*[2]Invest!$E$21/[2]Invest!$C$33 -> #REF! | J87: =J79*[2]Invest!$E$21/[2]Invest!$C$33 -> #REF! | ... L87: =L79*[2]Invest!$E$21/[2]Invest!$C$33 -> #REF!
A88: ARMATURES STANDARDS | C88: =C62 -> 0 | D88: =D62 -> 0 | E88: =E62 -> 0 | F88: =F62 -> 578138.94 | G88: =G62 -> 550978.05 | H88: =H62 -> 523817.16 | I88: =I62 -> 496656.27 | J88: =J62 -> 469495.38 | ... L88: =L62 -> 415173.6

Sheet Volume Local_Export
D1: SIDENOR | G1: Données Marché Local | P1: Données Marché Export
D2: BUDGET 2019
G6: Volume Marché Local | P6: Volume Export
H7: 0.2 | Q7: 0.2
F8: Volume de Vente | G8: N1 | H8: N2 | I8: N3 | J8: N4 | K8: N5 | L8: N6 | M8: N7 | N8: TOTAL | P8: N1 | Q8: N2 | R8: N3 | S8: N4 | T8: N5 | U8: N6 | V8: N7 | W8: TOTAL
F10: Tréillis Antifussuration | G10: =+Assumptions!N34-'Volume Local_Export'!P10 -> 5459.52 | H10: =+Assumptions!O34-'Volume Local_Export'!Q10 -> 8189.28 | I10: =+Assumptions!P34-'Volume Local_Export'!R10 -> 10919.04 | J10: =+Assumptions!Q34-'Volume Local_Export'!S10 -> 13648.8 | K10: =+Assumptions!R34-'Volume Local_Export'!T10 -> 16378.56 | L10: =+Assumptions!S34-'Volume Local_Export'!U10 -> 19108.32 | M10: =+Assumptions!T34-'Volume Local_Export'!V10 -> 21838.08 | P10: =+Assumptions!N34*'Volume Local_Export'!$W$10 -> 1364.88 | Q10: =+Assumptions!O34*'Volume Local_Export'!$W$10 -> 2047.32 | R10: =+Assumptions!P34*'Volume Local_Export'!$W$10 -> 2729.76 | S10: =+Assumptions!Q34*'Volume Local_Export'!$W$10 -> 3412.2 | T10: =+Assumptions!R34*'Volume Local_Export'!$W$10 -> 4094.64 | U10: =+Assumptions!S34*'Volume Local_Export'!$W$10 -> 4777.08 | V10: =+Assumptions!T34*'Volume Local_Export'!$W$10 -> 5459.52 | W10: 0.2
F11: Poutrelles | G11: =+Assumptions!N35-'Volume Local_Export'!P11 -> 0 | H11: =+Assumptions!O35-'Volume Local_Export'!Q11 -> 0 | I11: =+Assumptions!P35-'Volume Local_Export'!R11 -> 0 | J11: =+Assumptions!Q35-'Volume Local_Export'!S11 -> 0 | K11: =+Assumptions!R35-'Volume Local_Export'!T11 -> 0 | L11: =+Assumptions!S35-'Volume Local_Export'!U11 -> 0 | M11: =+Assumptions!T35-'Volume Local_Export'!V11 -> 0 | P11: =+Assumptions!N35*'Volume Local_Export'!$W$11 -> 0 | Q11: =+Assumptions!O35*'Volume Local_Export'!$W$11 -> 0 | R11: =+Assumptions!P35*'Volume Local_Export'!$W$11 -> 0 | S11: =+Assumptions!Q35*'Volume Local_Export'!$W$11 -> 0 | T11: =+Assumptions!R35*'Volume Local_Export'!$W$11 -> 0 | U11: =+Assumptions!S35*'Volume Local_Export'!$W$11 -> 0 | V11: =+Assumptions!T35*'Volume Local_Export'!$W$11 -> 0 | W11: 0.2
F12: Tréillis Soudés : Nervure | G12: =+Assumptions!N36-'Volume Local_Export'!P12 -> 2516.8 | H12: =+Assumptions!O36-'Volume Local_Export'!Q12 -> 3775.2 | I12: =+Assumptions!P36-'Volume Local_Export'!R12 -> 5033.6 | J12: =+Assumptions!Q36-'Volume Local_Export'!S12 -> 6292 | K12: =+Assumptions!R36-'Volume Local_Export'!T12 -> 7550.4 | L12: =+Assumptions!S36-'Volume Local_Export'!U12 -> 8808.8 | M12: =+Assumptions!T36-'Volume Local_Export'!V12 -> 10067.2 | P12: =+Assumptions!N36*'Volume Local_Export'!$W$12 -> 629.2 | Q12: =+Assumptions!O36*'Volume Local_Export'!$W$12 -> 943.8 | R12: =+Assumptions!P36*'Volume Local_Export'!$W$12 -> 1258.4 | S12: =+Assumptions!Q36*'Volume Local_Export'!$W$12 -> 1573 | T12: =+Assumptions!R36*'Volume Local_Export'!$W$12 -> 1887.6 | U12: =+Assumptions!S36*'Volume Local_Export'!$W$12 -> 2202.2 | V12: =+Assumptions!T36*'Volume Local_Export'!$W$12 -> 2516.8 | W12: 0.2
F13: Laminage à Froid | G13: =+Assumptions!N33-'Volume Local_Export'!P13 -> 0 | H13: =+Assumptions!O33-'Volume Local_Export'!Q13 -> 0 | I13: =+Assumptions!P33-'Volume Local_Export'!R13 -> 0 | J13: =+Assumptions!Q33-'Volume Local_Export'!S13 -> 0 | K13: =+Assumptions!R33-'Volume Local_Export'!T13 -> 0 | L13: =+Assumptions!S33-'Volume Local_Export'!U13 -> 0 | M13: =+Assumptions!T33-'Volume Local_Export'!V13 -> 0 | P13: =+Assumptions!N33*'Volume Local_Export'!$W$13 -> 0 | Q13: =+Assumptions!O33*'Volume Local_Export'!$W$13 -> 0 | R13: =+Assumptions!P33*'Volume Local_Export'!$W$13 -> 0 | S13: =+Assumptions!Q33*'Volume Local_Export'!$W$13 -> 0 | T13: =+Assumptions!R33*'Volume Local_Export'!$W$13 -> 0 | U13: =+Assumptions!S33*'Volume Local_Export'!$W$13 -> 0 | V13: =+Assumptions!T33*'Volume Local_Export'!$W$13 -> 0 | W13: 0.2
F14: Total Laminage | G14: =(G13+(G10+P10)*#REF!+('Volume Local_Export'!G11+P11)*#REF!) -> 6195.956 | H14: =(H13+(H10+Q10)*#REF!+('Volume Local_Export'!H11+Q11)*#REF!) -> 9293.934 | I14: =(I13+(I10+R10)*#REF!+('Volume Local_Export'!I11+R11)*#REF!) -> 12390.4 | J14: =(J13+(J10+S10)*#REF!+('Volume Local_Export'!J11+S11)*#REF!) -> 15489.89 | K14: =(K13+(K10+T10)*#REF!+('Volume Local_Export'!K11+T11)*#REF!) -> 18585.6 | L14: =(L13+(L10+U10)*#REF!+('Volume Local_Export'!L11+U11)*#REF!) -> 21685.846 | M14: =(M13+(M10+V10)*#REF!+('Volume Local_Export'!M11+V11)*#REF!) -> 24780.8 | P14: =+P13 -> 0 | Q14: =+Q13 -> 0 | R14: =+R13 -> 0 | S14: =+S13 -> 0 | T14: =+T13 -> 0 | U14: =+U13 -> 0 | V14: =+V13 -> 0
F16: Total Activité | G16: =SUM(G10:G12)+G14 -> 15125.044 | H16: =SUM(H10:H12)+H14 -> 22687.566 | I16: =SUM(I10:I12)+I14 -> 30294.528 | J16: =SUM(J10:J12)+J14 -> 37812.61 | K16: =SUM(K10:K12)+K14 -> 45441.792 | L16: =SUM(L10:L12)+L14 -> 52937.654 | M16: =SUM(M10:M12)+M14 -> 60589.056 | P16: =SUM(P10:P13) -> 1994.08 | Q16: =SUM(Q10:Q13) -> 2991.12 | R16: =SUM(R10:R13) -> 3988.16 | S16: =SUM(S10:S13) -> 4985.2 | T16: =SUM(T10:T13) -> 5982.24 | U16: =SUM(U10:U13) -> 6979.28 | V16: =SUM(V10:V13) -> 7976.32
G17: =+G16/Volume!G16 -> 0.87139302 | H17: =+H16/Volume!H16 -> 0.87139302 | I17: =+I16/Volume!I16 -> 0.87126949 | J17: =+J16/Volume!J16 -> 0.87139302 | K17: =+K16/Volume!K16 -> 0.87126949 | L17: =+L16/Volume!L16 -> 0.87139302 | M17: =+M16/Volume!M16 -> 0.87126949 | P17: =+P16/Volume!G16 -> 0.12860698 | Q17: =+Q16/Volume!H16 -> 0.12860698 | R17: =+R16/Volume!I16 -> 0.12873051 | S17: =+S16/Volume!J16 -> 0.12860698 | T17: =+T16/Volume!K16 -> 0.12873051 | U17: =+U16/Volume!L16 -> 0.12860698 | V17: =+V16/Volume!M16 -> 0.12873051
F19: Prix des Vente | G19: N1 | H19: N2 | I19: N3 | J19: N4 | K19: N5 | L19: N6 | M19: N7 | N19: TOTAL | P19: N1 | Q19: N2 | R19: N3 | S19: N4 | T19: N5 | U19: N6 | V19: N7 | W19: TOTAL | Y19: Prix Marché europeen
F21: Tréillis Antifussuration | G21: =+Assumptions!E34 -> 2450 | H21: =+Assumptions!F44 -> 2450 | I21: =+Assumptions!G44 -> 2450 | J21: =+Assumptions!H44 -> 2450 | K21: =+Assumptions!I44 -> 2450 | L21: =+Assumptions!J44 -> 2450 | M21: =+Assumptions!K44 -> 2450 | P21: =+$Y$21 -> 800 | Q21: =+$Y$21 -> 800 | R21: =+$Y$21 -> 800 | S21: =+$Y$21 -> 800 | T21: =+$Y$21 -> 800 | U21: =+$Y$21 -> 800 | V21: =+$Y$21 -> 800 | Y21: 800
F22: Poutrelles | G22: =+Assumptions!E35 -> 2300 | H22: =+Assumptions!F45 -> 2300 | I22: =+Assumptions!G45 -> 2300 | J22: =+Assumptions!H45 -> 2300 | K22: =+Assumptions!I45 -> 2300 | L22: =+Assumptions!J45 -> 2300 | M22: =+Assumptions!K45 -> 2300 | P22: =+$Y$22 -> 805 | Q22: =+$Y$22 -> 805 | R22: =+$Y$22 -> 805 | S22: =+$Y$22 -> 805 | T22: =+$Y$22 -> 805 | U22: =+$Y$22 -> 805 | V22: =+$Y$22 -> 805 | Y22: 805
F23: Tréillis Soudés : Nervure | G23: =+Assumptions!E36 -> 2400 | H23: =+Assumptions!F46 -> 2400 | I23: =+Assumptions!G46 -> 2400 | J23: =+Assumptions!H46 -> 2400 | K23: =+Assumptions!I46 -> 2400 | L23: =+Assumptions!J46 -> 2400 | M23: =+Assumptions!K46 -> 2400 | P23: =+$Y$23 -> 805 | Q23: =+$Y$23 -> 805 | R23: =+$Y$23 -> 805 | S23: =+$Y$23 -> 805 | T23: =+$Y$23 -> 805 | U23: =+$Y$23 -> 805 | V23: =+$Y$23 -> 805 | Y23: 805
F24: Lamilage à Froid_Prix de Revient | G24: =+#REF! -> #REF! | H24: =+#REF! -> #REF! | I24: =+#REF! -> #REF! | J24: =+#REF! -> #REF! | K24: =+#REF! -> #REF! | L24: =+#REF! -> #REF! | M24: =+#REF! -> #REF! | P24: =+G24 -> #REF! | Q24: =+H24 -> #REF! | R24: =+I24 -> #REF! | S24: =+J24 -> #REF! | T24: =+K24 -> #REF! | U24: =+L24 -> #REF! | V24: =+M24 -> #REF!
F25: Lamilage à Froid_PV SIDENOR | G25: =+Assumptions!E43 -> 2000 | H25: =+Assumptions!F43 -> 2000 | I25: =+Assumptions!G43 -> 2000 | J25: =+Assumptions!H43 -> 2000 | K25: =+Assumptions!I43 -> 2000 | L25: =+Assumptions!J43 -> 2000 | M25: =+Assumptions!K43 -> 2000 | P25: =+$Y$25 -> 615 | Q25: =+$Y$25 -> 615 | R25: =+$Y$25 -> 615 | S25: =+$Y$25 -> 615 | T25: =+$Y$25 -> 615 | U25: =+$Y$25 -> 615 | V25: =+$Y$25 -> 615 | Y25: 615
F27: Total Activité
F30: Chiffre D'affaires | G30: N1 | H30: N2 | I30: N3 | J30: N4 | K30: N5 | L30: N6 | M30: N7 | N30: TOTAL | P30: N1 | Q30: N2 | R30: N3 | S30: N4 | T30: N5 | U30: N6 | V30: N7 | W30: TOTAL
N31: Cours | P31: 3.5 | Q31: 3.5 | R31: 3.5 | S31: 3.5 | T31: 3.5 | U31: 3.5 | V31: 3.5
F32: Tréillis Antifussuration | G32: =+G21*G10 -> 13375824 | H32: =+H21*H10 -> 20063736 | I32: =+I21*I10 -> 26751648 | J32: =+J21*J10 -> 33439560 | K32: =+K21*K10 -> 40127472 | L32: =+L21*L10 -> 46815384 | M32: =+M21*M10 -> 53503296 | P32: =+P21*P10*P$31 -> 3821664 | Q32: =+Q21*Q10*Q$31 -> 5732496 | R32: =+R21*R10*R$31 -> 7643328 | S32: =+S21*S10*S$31 -> 9554160 | T32: =+T21*T10*T$31 -> 11464992 | U32: =+U21*U10*U$31 -> 13375824 | V32: =+V21*V10*V$31 -> 15286656
F33: Poutrelles | G33: =+G22*G11 -> 0 | H33: =+H22*H11 -> 0 | I33: =+I22*I11 -> 142489.6 | J33: =+J22*J11 -> 0 | K33: =+K22*K11 -> 213734.4 | L33: =+L22*L11 -> 0 | M33: =+M22*M11 -> 284979.2 | P33: =+P11*P22*P31 -> 0 | Q33: =+Q11*Q22*Q31 -> 0 | R33: =+R11*R22*R31 -> 0 | S33: =+S11*S22*S31 -> 0 | T33: =+T11*T22*T31 -> 0 | U33: =+U11*U22*U31 -> 0 | V33: =+V11*V22*V31 -> 0
F34: Tréillis Soudés : Nervure | G34: =+G23*G12 -> 6040320 | H34: =+H23*H12 -> 9060480 | I34: =+I23*I12 -> 12080640 | J34: =+J23*J12 -> 15100800 | K34: =+K23*K12 -> 18120960 | L34: =+L23*L12 -> 21141120 | M34: =+M23*M12 -> 24161280 | P34: =+P23*P12*P$31 -> 1772771 | Q34: =+Q23*Q12*Q$31 -> 2659156.5 | R34: =+R23*R12*R$31 -> 3545542 | S34: =+S23*S12*S$31 -> 4431927.5 | T34: =+T23*T12*T$31 -> 5318313 | U34: =+U23*U12*U$31 -> 6204698.5 | V34: =+V23*V12*V$31 -> 7091084
F35: Laminage à Froid | G35: =+G13*G25 -> 0 | H35: =+H13*H25 -> 0 | I35: =+I13*I25 -> 0 | J35: =+J13*J25 -> 0 | K35: =+K13*K25 -> 0 | L35: =+L13*L25 -> 0 | M35: =+M13*M25 -> 0 | P35: =+P25*P13*P$31 -> 0 | Q35: =+Q25*Q13*Q$31 -> 0 | R35: =+R25*R13*R$31 -> 0 | S35: =+S25*S13*S$31 -> 0 | T35: =+T25*T13*T$31 -> 0 | U35: =+U25*U13*U$31 -> 0 | V35: =+V25*V13*V$31 -> 0
F36: Total Laminage | G36: =G13*G25+(G14-G13)*G24 -> 12420731 | H36: =H13*H25+(H14-H13)*H24 -> 18188977 | I36: =I13*I25+(I14-I13)*I24 -> 23939014 | J36: =J13*J25+(J14-J13)*J24 -> 29808597 | K36: =K13*K25+(K14-K13)*K24 -> 35557156 | L36: =L13*L25+(L14-L13)*L24 -> 41428216 | M36: =M13*M25+(M14-M13)*M24 -> 47175297 | P36: =P13*P25*P$31+(P14-P13)*P24 -> #REF! | Q36: =Q13*Q25*Q$31+(Q14-Q13)*Q24 -> #REF! | R36: =R13*R25*R$31+(R14-R13)*R24 -> #REF! | S36: =S13*S25*S$31+(S14-S13)*S24 -> #REF! | T36: =T13*T25*T$31+(T14-T13)*T24 -> #REF! | U36: =U13*U25*U$31+(U14-U13)*U24 -> #REF! | V36: =V13*V25*V$31+(V14-V13)*V24 -> #REF!
F38: Total Chiffre d'affaire Consolidé | G38: =SUM(G32:G35) -> 21721386 | H38: =SUM(H32:H35) -> 32582078 | I38: =SUM(I32:I35) -> 43546061 | J38: =SUM(J32:J35) -> 54303464 | K38: =SUM(K32:K35) -> 65319091 | L38: =SUM(L32:L35) -> 76024850 | M38: =SUM(M32:M35) -> 87092122 | P38: =SUM(P32:P35) -> 5594435 | Q38: =SUM(Q32:Q35) -> 8391652.5 | R38: =SUM(R32:R35) -> 11188870 | S38: =SUM(S32:S35) -> 13986088 | T38: =SUM(T32:T35) -> 16783305 | U38: =SUM(U32:U35) -> 19580523 | V38: =SUM(V32:V35) -> 22377740
F39: CA laminage (Prix Vente) | G39: =+G14*G25 -> 12391912 | H39: =+H14*H25 -> 18587868 | I39: =+I14*I25 -> 24780800 | J39: =+J14*J25 -> 30979780 | K39: =+K14*K25 -> 37171200 | L39: =+L14*L25 -> 43371692 | M39: =+M14*M25 -> 49561600
F40: % Volume de Production | G40: N1 | H40: N2 | I40: N3 | J40: N4 | K40: N5 | L40: N6 | M40: N7 | P40: N1 | Q40: N2 | R40: N3 | S40: N4 | T40: N5 | U40: N6 | V40: N7
F42: Tréillis Antifussuration | G42: =+G10/Volume!G10 -> 0.8 | H42: =+H10/Volume!H10 -> 0.8 | I42: =+I10/Volume!I10 -> 0.8 | J42: =+J10/Volume!J10 -> 0.8 | K42: =+K10/Volume!K10 -> 0.8 | L42: =+L10/Volume!L10 -> 0.8 | M42: =+M10/Volume!M10 -> 0.8 | P42: =+P10/Volume!G10 -> 0.2 | Q42: =+Q10/Volume!H10 -> 0.2 | R42: =+R10/Volume!I10 -> 0.2 | S42: =+S10/Volume!J10 -> 0.2 | T42: =+T10/Volume!K10 -> 0.2 | U42: =+U10/Volume!L10 -> 0.2 | V42: =+V10/Volume!M10 -> 0.2 | Z42: =+G42+P42 -> 1 | AA42: =+H42+Q42 -> 1 | AB42: =+I42+R42 -> 1 | AC42: =+J42+S42 -> 1 | AD42: =+K42+T42 -> 1 | AE42: =+L42+U42 -> 1 | AF42: =+M42+V42 -> 1
F43: Poutrelles | G43: =IFERROR(G11/Volume!G11,"0") -> 0 | H43: =IFERROR(H11/Volume!H11,"0") -> 0 | I43: =IFERROR(I11/Volume!I11,"0") -> 0.8 | J43: =IFERROR(J11/Volume!J11,"0") -> 0 | K43: =IFERROR(K11/Volume!K11,"0") -> 0.8 | L43: =IFERROR(L11/Volume!L11,"0") -> 0 | M43: =IFERROR(M11/Volume!M11,"0") -> 0.8 | P43: =IFERROR(P11/Volume!G11,"0") -> 0 | Q43: =IFERROR(Q11/Volume!H11,"0") -> 0 | R43: =IFERROR(R11/Volume!I11,"0") -> 0.2 | S43: =IFERROR(S11/Volume!J11,"0") -> 0 | T43: =IFERROR(T11/Volume!K11,"0") -> 0.2 | U43: =IFERROR(U11/Volume!L11,"0") -> 0 | V43: =IFERROR(V11/Volume!M11,"0") -> 0.2 | Z43: =+G43+P43 -> 0 | AA43: =+H43+Q43 -> 0 | AB43: =+I43+R43 -> 1 | AC43: =+J43+S43 -> 0 | AD43: =+K43+T43 -> 1 | AE43: =+L43+U43 -> 0 | AF43: =+M43+V43 -> 1
F44: Tréillis Soudés : Nervure | G44: =IFERROR(G12/Volume!G12,"0") -> 0.8 | H44: =IFERROR(H12/Volume!H12,"0") -> 0.8 | I44: =IFERROR(I12/Volume!I12,"0") -> 0.8 | J44: =IFERROR(J12/Volume!J12,"0") -> 0.8 | K44: =IFERROR(K12/Volume!K12,"0") -> 0.8 | L44: =IFERROR(L12/Volume!L12,"0") -> 0.8 | M44: =IFERROR(M12/Volume!M12,"0") -> 0.8 | P44: =IFERROR(P12/Volume!G12,"0") -> 0.2 | Q44: =IFERROR(Q12/Volume!H12,"0") -> 0.2 | R44: =IFERROR(R12/Volume!I12,"0") -> 0.2 | S44: =IFERROR(S12/Volume!J12,"0") -> 0.2 | T44: =IFERROR(T12/Volume!K12,"0") -> 0.2 | U44: =IFERROR(U12/Volume!L12,"0") -> 0.2 | V44: =IFERROR(V12/Volume!M12,"0") -> 0.2 | Z44: =+G44+P44 -> 1 | AA44: =+H44+Q44 -> 1 | AB44: =+I44+R44 -> 1 | AC44: =+J44+S44 -> 1 | AD44: =+K44+T44 -> 1 | AE44: =+L44+U44 -> 1 | AF44: =+M44+V44 -> 1
F45: Total Laminage | G45: =+G14/Volume!G14 -> 1 | H45: =+H14/Volume!H14 -> 1 | I45: =+I14/Volume!I14 -> 1 | J45: =+J14/Volume!J14 -> 1 | K45: =+K14/Volume!K14 -> 1 | L45: =+L14/Volume!L14 -> 1 | M45: =+M14/Volume!M14 -> 1 | P45: =+P14/Volume!G14 -> 0 | Q45: =+Q14/Volume!H14 -> 0 | R45: =+R14/Volume!I14 -> 0 | S45: =+S14/Volume!J14 -> 0 | T45: =+T14/Volume!K14 -> 0 | U45: =+U14/Volume!L14 -> 0 | V45: =+V14/Volume!M14 -> 0 | Z45: =+G45+P45 -> 1 | AA45: =+H45+Q45 -> 1 | AB45: =+I45+R45 -> 1 | AC45: =+J45+S45 -> 1 | AD45: =+K45+T45 -> 1 | AE45: =+L45+U45 -> 1 | AF45: =+M45+V45 -> 1
F47: Total Activité | G47: =+G16 -> 15125.044 | H47: =+H16 -> 22687.566 | I47: =+I16 -> 30294.528 | J47: =+J16 -> 37812.61 | K47: =+K16 -> 45441.792 | L47: =+L16 -> 52937.654 | M47: =+M16 -> 60589.056 | P47: =+P16 -> 1994.08 | Q47: =+Q16 -> 2991.12 | R47: =+R16 -> 3988.16 | S47: =+S16 -> 4985.2 | T47: =+T16 -> 5982.24 | U47: =+U16 -> 6979.28 | V47: =+V16 -> 7976.32
E51: Répartition Charges de Financement | G51: N1 | H51: N2 | I51: N3 | J51: N4 | K51: N5 | L51: N6 | M51: N7 | P51: N1 | Q51: N2 | R51: N3 | S51: N4 | T51: N5 | U51: N6 | V51: N7
F53: Tréillis Antifussuration | G53: =IFERROR(G42*Volume!G61,"0") -> 234817.5 | H53: =IFERROR(H42*Volume!H61,"0") -> 234817.5 | I53: =IFERROR(I42*Volume!I61,"0") -> 234817.5 | J53: =IFERROR(J42*Volume!J61,"0") -> 234817.5 | K53: =IFERROR(K42*Volume!K61,"0") -> 234817.5 | L53: =IFERROR(L42*Volume!L61,"0") -> 234817.5 | M53: =IFERROR(M42*Volume!M61,"0") -> 234817.5 | P53: =IFERROR(P42*Volume!G61,"0") -> 58704.376 | Q53: =IFERROR(Q42*Volume!H61,"0") -> 58704.376 | R53: =IFERROR(R42*Volume!I61,"0") -> 58704.376 | S53: =IFERROR(S42*Volume!J61,"0") -> 58704.376 | T53: =IFERROR(T42*Volume!K61,"0") -> 58704.376 | U53: =IFERROR(U42*Volume!L61,"0") -> 58704.376 | V53: =IFERROR(V42*Volume!M61,"0") -> 58704.376 | Z53: =+G53+P53 -> 293521.88 | AA53: =+H53+Q53 -> 293521.88 | AB53: =+I53+R53 -> 293521.88 | AC53: =+J53+S53 -> 293521.88 | AD53: =+K53+T53 -> 293521.88 | AE53: =+L53+U53 -> 293521.88 | AF53: =+M53+V53 -> 293521.88
F54: Poutrelles | G54: =IFERROR(G43*Volume!G62,"0") -> 0 | H54: =IFERROR(H43*Volume!H62,"0") -> 0 | I54: =IFERROR(I43*Volume!I62,"0") -> 0 | J54: =IFERROR(J43*Volume!J62,"0") -> 0 | K54: =IFERROR(K43*Volume!K62,"0") -> 0 | L54: =IFERROR(L43*Volume!L62,"0") -> 0 | M54: =IFERROR(M43*Volume!M62,"0") -> 0 | P54: =IFERROR(P43*Volume!G62,"") -> 0 | Q54: =IFERROR(Q43*Volume!H62,"") -> 0 | R54: =IFERROR(R43*Volume!I62,"") -> 0 | S54: =IFERROR(S43*Volume!J62,"") -> 0 | T54: =IFERROR(T43*Volume!K62,"") -> 0 | U54: =IFERROR(U43*Volume!L62,"") -> 0 | V54: =IFERROR(V43*Volume!M62,"") -> 0 | Z54: =+G54+P54 -> 0 | AA54: =+H54+Q54 -> 0 | AB54: =+I54+R54 -> 0 | AC54: =+J54+S54 -> 0 | AD54: =+K54+T54 -> 0 | AE54: =+L54+U54 -> 0 | AF54: =+M54+V54 -> 0
F55: Tréillis Soudés : Nervure | G55: =IFERROR(G44*Volume!G63,"0") -> 64920.133 | H55: =IFERROR(H44*Volume!H63,"0") -> 64920.133 | I55: =IFERROR(I44*Volume!I63,"0") -> 64920.133 | J55: =IFERROR(J44*Volume!J63,"0") -> 64920.133 | K55: =IFERROR(K44*Volume!K63,"0") -> 64920.133 | L55: =IFERROR(L44*Volume!L63,"0") -> 64920.133 | M55: =IFERROR(M44*Volume!M63,"0") -> 64920.133 | P55: =IFERROR(P44*Volume!G63,"") -> 16230.033 | Q55: =IFERROR(Q44*Volume!H63,"") -> 16230.033 | R55: =IFERROR(R44*Volume!I63,"") -> 16230.033 | S55: =IFERROR(S44*Volume!J63,"") -> 16230.033 | T55: =IFERROR(T44*Volume!K63,"") -> 16230.033 | U55: =IFERROR(U44*Volume!L63,"") -> 16230.033 | V55: =IFERROR(V44*Volume!M63,"") -> 16230.033 | Z55: =+G55+P55 -> 81150.166 | AA55: =+H55+Q55 -> 81150.166 | AB55: =+I55+R55 -> 81150.166 | AC55: =+J55+S55 -> 81150.166 | AD55: =+K55+T55 -> 81150.166 | AE55: =+L55+U55 -> 81150.166 | AF55: =+M55+V55 -> 81150.166
F56: Lamilage à Froid | Z56: =+G56+P56 -> 0 | AA56: =+H56+Q56 -> 0 | AB56: =+I56+R56 -> 0 | AC56: =+J56+S56 -> 0 | AD56: =+K56+T56 -> 0 | AE56: =+L56+U56 -> 0 | AF56: =+M56+V56 -> 0
F57: Total Laminage | G57: =IFERROR(G45*Volume!G65,"0") -> 86329.964 | H57: =IFERROR(H45*Volume!H65,"0") -> 86329.964 | I57: =IFERROR(I45*Volume!I65,"0") -> 86329.964 | J57: =IFERROR(J45*Volume!J65,"0") -> 86329.964 | K57: =IFERROR(K45*Volume!K65,"0") -> 86329.964 | L57: =IFERROR(L45*Volume!L65,"0") -> 86329.964 | M57: =IFERROR(M45*Volume!M65,"0") -> 86329.964 | P57: =IFERROR(P45*Volume!G65,"0") -> 0 | Q57: =IFERROR(Q45*Volume!H65,"0") -> 0 | R57: =IFERROR(R45*Volume!I65,"0") -> 0 | S57: =IFERROR(S45*Volume!J65,"0") -> 0 | T57: =IFERROR(T45*Volume!K65,"0") -> 0 | U57: =IFERROR(U45*Volume!L65,"0") -> 0 | V57: =IFERROR(V45*Volume!M65,"0") -> 0 | Z57: =+G57+P57 -> 86329.964 | AA57: =+H57+Q57 -> 86329.964 | AB57: =+I57+R57 -> 86329.964 | AC57: =+J57+S57 -> 86329.964 | AD57: =+K57+T57 -> 86329.964 | AE57: =+L57+U57 -> 86329.964 | AF57: =+M57+V57 -> 86329.964
F59: Total charge financement | G59: =SUM(G53:G57) -> 386067.6 | H59: =SUM(H53:H57) -> 386067.6 | I59: =SUM(I53:I57) -> 386067.6 | J59: =SUM(J53:J57) -> 386067.6 | K59: =SUM(K53:K57) -> 386067.6 | L59: =SUM(L53:L57) -> 386067.6 | M59: =SUM(M53:M57) -> 386067.6 | P59: =SUM(P53:P57) -> 74934.409 | Q59: =SUM(Q53:Q57) -> 74934.409 | R59: =SUM(R53:R57) -> 74934.409 | S59: =SUM(S53:S57) -> 74934.409 | T59: =SUM(T53:T57) -> 74934.409 | U59: =SUM(U53:U57) -> 74934.409 | V59: =SUM(V53:V57) -> 74934.409 | Z59: =SUM(Z53:Z57) -> 461002.01 | AA59: =SUM(AA53:AA57) -> 461002.01 | AB59: =SUM(AB53:AB57) -> 461002.01 | AC59: =SUM(AC53:AC57) -> 461002.01 | AD59: =SUM(AD53:AD57) -> 461002.01 | AE59: =SUM(AE53:AE57) -> 461002.01 | AF59: =SUM(AF53:AF57) -> 461002.01
Z60: =+Z59-Volume!G67 -> 0 | AA60: =+AA59-Volume!H67 -> 0 | AB60: =+AB59-Volume!I67 -> 0 | AC60: =+AC59-Volume!J67 -> 0 | AD60: =+AD59-Volume!K67 -> 0 | AE60: =+AE59-Volume!L67 -> 0 | AF60: =+AF59-Volume!M67 -> 0
E61: Répartition Amortissements | G61: N1 | H61: N2 | I61: N3 | J61: N4 | K61: N5 | L61: N6 | M61: N7 | P61: N1 | Q61: N2 | R61: N3 | S61: N4 | T61: N5 | U61: N6 | V61: N7
F63: Tréillis Antifussuration | G63: =+G42*#REF! -> #REF! | H63: =+H42*#REF! -> #REF! | I63: =+I42*#REF! -> #REF! | J63: =+J42*#REF! -> #REF! | K63: =+K42*#REF! -> #REF! | L63: =+L42*#REF! -> #REF! | M63: =+M42*#REF! -> #REF! | P63: =+P42*#REF! -> #REF! | Q63: =+Q42*#REF! -> #REF! | R63: =+R42*#REF! -> #REF! | S63: =+S42*#REF! -> #REF! | T63: =+T42*#REF! -> #REF! | U63: =+U42*#REF! -> #REF! | V63: =+V42*#REF! -> #REF!
F64: Poutrelles | G64: =+G43*#REF! -> 0 | H64: =+H43*#REF! -> 0 | I64: =+I43*#REF! -> 455943.03 | J64: =+J43*#REF! -> 0 | K64: =+K43*#REF! -> 455943.03 | L64: =+L43*#REF! -> 0 | M64: =+M43*#REF! -> 455943.03 | P64: =+P43*#REF! -> 0 | Q64: =+Q43*#REF! -> 0 | R64: =+R43*#REF! -> 113985.76 | S64: =+S43*#REF! -> 0 | T64: =+T43*#REF! -> 113985.76 | U64: =+U43*#REF! -> 0 | V64: =+V43*#REF! -> 113985.76
F65: Tréillis Soudés : Nervure | G65: =+#REF!*G44 -> #REF! | H65: =+#REF!*H44 -> #REF! | I65: =+#REF!*I44 -> #REF! | J65: =+#REF!*J44 -> #REF! | K65: =+#REF!*K44 -> #REF! | L65: =+#REF!*L44 -> #REF! | M65: =+#REF!*M44 -> #REF! | P65: =+#REF!*P44 -> #REF! | Q65: =+#REF!*Q44 -> #REF! | R65: =+#REF!*R44 -> #REF! | S65: =+#REF!*S44 -> #REF! | T65: =+#REF!*T44 -> #REF! | U65: =+#REF!*U44 -> #REF! | V65: =+#REF!*V44 -> #REF!
F66: Lamilage à Froid | G66: =+#REF!*'Volume Local_Export'!G45 -> 422059.93 | H66: =+#REF!*'Volume Local_Export'!H45 -> 422059.93 | I66: =+#REF!*'Volume Local_Export'!I45 -> 407091.99 | J66: =+#REF!*'Volume Local_Export'!J45 -> 422059.93 | K66: =+#REF!*'Volume Local_Export'!K45 -> 407091.99 | L66: =+#REF!*'Volume Local_Export'!L45 -> 422059.93 | M66: =+#REF!*'Volume Local_Export'!M45 -> 407091.99 | P66: =+P45*#REF! -> 0 | Q66: =+Q45*#REF! -> 0 | R66: =+R45*#REF! -> 0 | S66: =+S45*#REF! -> 0 | T66: =+T45*#REF! -> 0 | U66: =+U45*#REF! -> 0 | V66: =+V45*#REF! -> 0
F67: Total Laminage
E69: Répartition MOD | G69: =SUM(G63:G67) -> #REF! | H69: =SUM(H63:H67) -> #REF! | I69: =SUM(I63:I67) -> #REF! | J69: =SUM(J63:J67) -> #REF! | K69: =SUM(K63:K67) -> #REF! | L69: =SUM(L63:L67) -> #REF! | M69: =SUM(M63:M67) -> #REF! | P69: =SUM(P63:P67) -> #REF! | Q69: =SUM(Q63:Q67) -> #REF! | R69: =SUM(R63:R67) -> #REF! | S69: =SUM(S63:S67) -> #REF! | T69: =SUM(T63:T67) -> #REF! | U69: =SUM(U63:U67) -> #REF! | V69: =SUM(V63:V67) -> #REF!
F71: Tréillis Antifussuration | G71: =+#REF!*'Volume Local_Export'!G42 -> #REF! | H71: =+#REF!*'Volume Local_Export'!H42 -> #REF! | I71: =+#REF!*'Volume Local_Export'!I42 -> #REF! | J71: =+#REF!*'Volume Local_Export'!J42 -> #REF! | K71: =+#REF!*'Volume Local_Export'!K42 -> #REF! | L71: =+#REF!*'Volume Local_Export'!L42 -> #REF! | M71: =+#REF!*'Volume Local_Export'!M42 -> #REF! | P71: =+#REF!*'Volume Local_Export'!P42 -> #REF! | Q71: =+#REF!*'Volume Local_Export'!Q42 -> #REF! | R71: =+#REF!*'Volume Local_Export'!R42 -> #REF! | S71: =+#REF!*'Volume Local_Export'!S42 -> #REF! | T71: =+#REF!*'Volume Local_Export'!T42 -> #REF! | U71: =+#REF!*'Volume Local_Export'!U42 -> #REF! | V71: =+#REF!*'Volume Local_Export'!V42 -> #REF! | Z71: =+G71+P71 -> #REF! | AA71: =+H71+Q71 -> #REF! | AB71: =+I71+R71 -> #REF! | AC71: =+J71+S71 -> #REF! | AD71: =+K71+T71 -> #REF! | AE71: =+L71+U71 -> #REF! | AF71: =+M71+V71 -> #REF!
F72: Poutrelles | G72: =+#REF!*'Volume Local_Export'!G43 -> 0 | H72: =+#REF!*'Volume Local_Export'!H43 -> 0 | I72: =+#REF!*'Volume Local_Export'!I43 -> 34655.765 | J72: =+#REF!*'Volume Local_Export'!J43 -> 0 | K72: =+#REF!*'Volume Local_Export'!K43 -> 34858.113 | L72: =+#REF!*'Volume Local_Export'!L43 -> 0 | M72: =+#REF!*'Volume Local_Export'!M43 -> 35060.461 | P72: =+#REF!*'Volume Local_Export'!P43 -> 0 | Q72: =+#REF!*'Volume Local_Export'!Q43 -> 0 | R72: =+#REF!*'Volume Local_Export'!R43 -> 8663.9412 | S72: =+#REF!*'Volume Local_Export'!S43 -> 0 | T72: =+#REF!*'Volume Local_Export'!T43 -> 8714.5283 | U72: =+#REF!*'Volume Local_Export'!U43 -> 0 | V72: =+#REF!*'Volume Local_Export'!V43 -> 8765.1154 | Z72: =+G72+P72 -> 0 | AA72: =+H72+Q72 -> 0 | AB72: =+I72+R72 -> 43319.706 | AC72: =+J72+S72 -> 0 | AD72: =+K72+T72 -> 43572.641 | AE72: =+L72+U72 -> 0 | AF72: =+M72+V72 -> 43825.577
F73: Tréillis Soudés : Nervure | G73: =+G44*#REF! -> #REF! | H73: =+H44*#REF! -> #REF! | I73: =+I44*#REF! -> #REF! | J73: =+J44*#REF! -> #REF! | K73: =+K44*#REF! -> #REF! | L73: =+L44*#REF! -> #REF! | M73: =+M44*#REF! -> #REF! | P73: =+P44*#REF! -> #REF! | Q73: =+Q44*#REF! -> #REF! | R73: =+R44*#REF! -> #REF! | S73: =+S44*#REF! -> #REF! | T73: =+T44*#REF! -> #REF! | U73: =+U44*#REF! -> #REF! | V73: =+V44*#REF! -> #REF! | Z73: =+G73+P73 -> #REF! | AA73: =+H73+Q73 -> #REF! | AB73: =+I73+R73 -> #REF! | AC73: =+J73+S73 -> #REF! | AD73: =+K73+T73 -> #REF! | AE73: =+L73+U73 -> #REF! | AF73: =+M73+V73 -> #REF!
F74: Lamilage à Froid | Z74: =+G74+P74 -> 0 | AA74: =+H74+Q74 -> 0 | AB74: =+I74+R74 -> 0 | AC74: =+J74+S74 -> 0 | AD74: =+K74+T74 -> 0 | AE74: =+L74+U74 -> 0 | AF74: =+M74+V74 -> 0
F75: Total Laminage | G75: =+G45*#REF! -> 202451.89 | H75: =+H45*#REF! -> 202451.89 | I75: =+I45*#REF! -> 202248.96 | J75: =+J45*#REF! -> 285579.7 | K75: =+K45*#REF! -> 285306.63 | L75: =+L45*#REF! -> 368707.51 | M75: =+M45*#REF! -> 368364.29 | P75: =+P45*#REF! -> 0 | Q75: =+Q45*#REF! -> 0 | R75: =+R45*#REF! -> 0 | S75: =+S45*#REF! -> 0 | T75: =+T45*#REF! -> 0 | U75: =+U45*#REF! -> 0 | V75: =+V45*#REF! -> 0 | Z75: =+G75+P75 -> 202451.89 | AA75: =+H75+Q75 -> 202451.89 | AB75: =+I75+R75 -> 202248.96 | AC75: =+J75+S75 -> 285579.7 | AD75: =+K75+T75 -> 285306.63 | AE75: =+L75+U75 -> 368707.51 | AF75: =+M75+V75 -> 368364.29
F77: Total Activité | G77: =SUM(G71:G75) -> #REF! | H77: =SUM(H71:H75) -> #REF! | I77: =SUM(I71:I75) -> #REF! | J77: =SUM(J71:J75) -> #REF! | K77: =SUM(K71:K75) -> #REF! | L77: =SUM(L71:L75) -> #REF! | M77: =SUM(M71:M75) -> #REF! | P77: =SUM(P71:P75) -> #REF! | Q77: =SUM(Q71:Q75) -> #REF! | R77: =SUM(R71:R75) -> #REF! | S77: =SUM(S71:S75) -> #REF! | T77: =SUM(T71:T75) -> #REF! | U77: =SUM(U71:U75) -> #REF! | V77: =SUM(V71:V75) -> #REF! | Z77: =SUM(Z71:Z75) -> #REF! | AA77: =SUM(AA71:AA75) -> #REF! | AB77: =SUM(AB71:AB75) -> #REF! | AC77: =SUM(AC71:AC75) -> #REF! | AD77: =SUM(AD71:AD75) -> #REF! | AE77: =SUM(AE71:AE75) -> #REF! | AF77: =SUM(AF71:AF75) -> #REF!
Z78: =+#REF! -> #REF! | AA78: =+#REF! -> #REF! | AB78: =+#REF! -> #REF! | AC78: =+#REF! -> #REF! | AD78: =+#REF! -> #REF! | AE78: =+#REF! -> #REF! | AF78: =+#REF! -> #REF!
E79: Répartition Autres couts fixes | G79: N1 | H79: N2 | I79: N3 | J79: N4 | K79: N5 | L79: N6 | M79: N7 | P79: N1 | Q79: N2 | R79: N3 | S79: N4 | T79: N5 | U79: N6 | V79: N7
F81: Tréillis Antifussuration | G81: =+G42*Volume!G167 -> 137579.9 | H81: =+H42*Volume!H167 -> 206369.86 | I81: =+I42*Volume!I167 -> 275159.81 | J81: =+J42*Volume!J167 -> 343949.76 | K81: =+K42*Volume!K167 -> 412739.71 | L81: =+L42*Volume!L167 -> 481529.66 | M81: =+M42*Volume!M167 -> 550319.62 | P81: =+P42*Volume!G167 -> 34394.976 | Q81: =+Q42*Volume!H167 -> 51592.464 | R81: =+R42*Volume!I167 -> 68789.952 | S81: =+S42*Volume!J167 -> 85987.44 | T81: =+T42*Volume!K167 -> 103184.93 | U81: =+U42*Volume!L167 -> 120382.42 | V81: =+V42*Volume!M167 -> 137579.9 | Z81: =+G81+P81 -> 171974.88 | AA81: =+H81+Q81 -> 257962.32 | AB81: =+I81+R81 -> 343949.76 | AC81: =+J81+S81 -> 429937.2 | AD81: =+K81+T81 -> 515924.64 | AE81: =+L81+U81 -> 601912.08 | AF81: =+M81+V81 -> 687899.52
F82: Poutrelles | G82: =+G43*Volume!G168 -> 0 | H82: =+H43*Volume!H168 -> 0 | I82: =+I43*Volume!I168 -> 1489.0163 | J82: =+J43*Volume!J168 -> 0 | K82: =+K43*Volume!K168 -> 2233.5245 | L82: =+L43*Volume!L168 -> 0 | M82: =+M43*Volume!M168 -> 2978.0326 | P82: =+P43*Volume!G168 -> 0 | Q82: =+Q43*Volume!H168 -> 0 | R82: =+R43*Volume!I168 -> 372.25408 | S82: =+S43*Volume!J168 -> 0 | T82: =+T43*Volume!K168 -> 558.38112 | U82: =+U43*Volume!L168 -> 0 | V82: =+V43*Volume!M168 -> 744.50816 | Z82: =+G82+P82 -> 0 | AA82: =+H82+Q82 -> 0 | AB82: =+I82+R82 -> 1861.2704 | AC82: =+J82+S82 -> 0 | AD82: =+K82+T82 -> 2791.9056 | AE82: =+L82+U82 -> 0 | AF82: =+M82+V82 -> 3722.5408
F83: Tréillis Soudés : Nervure | G83: =+G44*Volume!G169 -> 62504.728 | H83: =+H44*Volume!H169 -> 93757.092 | I83: =+I44*Volume!I169 -> 125009.46 | J83: =+J44*Volume!J169 -> 156261.82 | K83: =+K44*Volume!K169 -> 187514.18 | L83: =+L44*Volume!L169 -> 218766.55 | M83: =+M44*Volume!M169 -> 250018.91 | P83: =+P44*Volume!G169 -> 15626.182 | Q83: =+Q44*Volume!H169 -> 23439.273 | R83: =+R44*Volume!I169 -> 31252.364 | S83: =+S44*Volume!J169 -> 39065.455 | T83: =+T44*Volume!K169 -> 46878.546 | U83: =+U44*Volume!L169 -> 54691.637 | V83: =+V44*Volume!M169 -> 62504.728 | Z83: =+G83+P83 -> 78130.91 | AA83: =+H83+Q83 -> 117196.36 | AB83: =+I83+R83 -> 156261.82 | AC83: =+J83+S83 -> 195327.28 | AD83: =+K83+T83 -> 234392.73 | AE83: =+L83+U83 -> 273458.18 | AF83: =+M83+V83 -> 312523.64
F84: Lamilage à Froid | G84: =+G45*Volume!G170 -> 123919.12 | H84: =+H45*Volume!H170 -> 185878.68 | I84: =+I45*Volume!I170 -> 247808 | J84: =+J45*Volume!J170 -> 309797.8 | K84: =+K45*Volume!K170 -> 371712 | L84: =+L45*Volume!L170 -> 433716.92 | M84: =+M45*Volume!M170 -> 495616 | P84: =+P45*Volume!G170 -> 0 | Q84: =+Q45*Volume!H170 -> 0 | R84: =+R45*Volume!I170 -> 0 | S84: =+S45*Volume!J170 -> 0 | T84: =+T45*Volume!K170 -> 0 | U84: =+U45*Volume!L170 -> 0 | V84: =+V45*Volume!M170 -> 0 | Z84: =+G84+P84 -> 123919.12 | AA84: =+H84+Q84 -> 185878.68 | AB84: =+I84+R84 -> 247808 | AC84: =+J84+S84 -> 309797.8 | AD84: =+K84+T84 -> 371712 | AE84: =+L84+U84 -> 433716.92 | AF84: =+M84+V84 -> 495616
F85: Total Laminage | P85: =+P46*Volume!G171 -> #REF! | Q85: =+Q46*Volume!H171 -> #REF! | R85: =+R46*Volume!I171 -> #REF! | S85: =+S46*Volume!J171 -> #REF! | T85: =+T46*Volume!K171 -> #REF! | U85: =+U46*Volume!L171 -> #REF! | V85: =+V46*Volume!M171 -> #REF! | Z85: =+G85+P85 -> #REF! | AA85: =+H85+Q85 -> #REF! | AB85: =+I85+R85 -> #REF! | AC85: =+J85+S85 -> #REF! | AD85: =+K85+T85 -> #REF! | AE85: =+L85+U85 -> #REF! | AF85: =+M85+V85 -> #REF!
F87: Total Autres CF | G87: =SUM(G81:G85) -> 347801.51 | H87: =SUM(H81:H85) -> 521702.27 | I87: =SUM(I81:I85) -> 696658.6 | J87: =SUM(J81:J85) -> 869503.78 | K87: =SUM(K81:K85) -> 1044987.9 | L87: =SUM(L81:L85) -> 1217305.3 | M87: =SUM(M81:M85) -> 1393317.2 | P87: =SUM(P81:P85) -> 55970.598 | Q87: =SUM(Q81:Q85) -> 83955.898 | R87: =SUM(R81:R85) -> 112212.65 | S87: =SUM(S81:S85) -> 139926.5 | T87: =SUM(T81:T85) -> 168318.98 | U87: =SUM(U81:U85) -> 195897.09 | V87: =SUM(V81:V85) -> 224425.3 | Z87: =SUM(Z81:Z85) -> 403772.11 | AA87: =SUM(AA81:AA85) -> 605658.17 | AB87: =SUM(AB81:AB85) -> 808871.25 | AC87: =SUM(AC81:AC85) -> 1009430.3 | AD87: =SUM(AD81:AD85) -> 1213306.9 | AE87: =SUM(AE81:AE85) -> 1413202.4 | AF87: =SUM(AF81:AF85) -> 1617742.5
Z88: =+Volume!G173 -> 403772.11 | AA88: =+Volume!H173 -> 605658.17 | AB88: =+Volume!I173 -> 808871.25 | AC88: =+Volume!J173 -> 1009430.3 | AD88: =+Volume!K173 -> 1213306.9 | AE88: =+Volume!L173 -> 1413202.4 | AF88: =+Volume!M173 -> 1617742.5
F89: Charges Financiéres | G89: N1 | H89: N2 | I89: N3 | J89: N4 | K89: N5 | L89: N6 | M89: N7 | P89: N1 | Q89: N2 | R89: N3 | S89: N4 | T89: N5 | U89: N6 | V89: N7
F91: Tréillis Antifussuration | G91: =+G32*$N91 -> 133758.24 | H91: =+H32*$N91 -> 200637.36 | I91: =+I32*$N91 -> 267516.48 | J91: =+J32*$N91 -> 334395.6 | K91: =+K32*$N91 -> 401274.72 | L91: =+L32*$N91 -> 468153.84 | M91: =+M32*$N91 -> 535032.96 | N91: 0.01 | P91: =+P32*$W91 -> 38216.64 | Q91: =+Q32*$W91 -> 57324.96 | R91: =+R32*$W91 -> 76433.28 | S91: =+S32*$W91 -> 95541.6 | T91: =+T32*$W91 -> 114649.92 | U91: =+U32*$W91 -> 133758.24 | V91: =+V32*$W91 -> 152866.56 | W91: 0.01
F92: Poutrelles | G92: =+G33*$N92 -> 0 | H92: =+H33*$N92 -> 0 | I92: =+I33*$N92 -> 1424.896 | J92: =+J33*$N92 -> 0 | K92: =+K33*$N92 -> 2137.344 | L92: =+L33*$N92 -> 0 | M92: =+M33*$N92 -> 2849.792 | N92: 0.01 | P92: =+P33*$W92 -> 0 | Q92: =+Q33*$W92 -> 0 | R92: =+R33*$W92 -> 0 | S92: =+S33*$W92 -> 0 | T92: =+T33*$W92 -> 0 | U92: =+U33*$W92 -> 0 | V92: =+V33*$W92 -> 0 | W92: 0.01
F93: Tréillis Soudés : Nervure | G93: =+G34*$N93 -> 60403.2 | H93: =+H34*$N93 -> 90604.8 | I93: =+I34*$N93 -> 120806.4 | J93: =+J34*$N93 -> 151008 | K93: =+K34*$N93 -> 181209.6 | L93: =+L34*$N93 -> 211411.2 | M93: =+M34*$N93 -> 241612.8 | N93: 0.01 | P93: =+P34*$W93 -> 17727.71 | Q93: =+Q34*$W93 -> 26591.565 | R93: =+R34*$W93 -> 35455.42 | S93: =+S34*$W93 -> 44319.275 | T93: =+T34*$W93 -> 53183.13 | U93: =+U34*$W93 -> 62046.985 | V93: =+V34*$W93 -> 70910.84 | W93: 0.01
F94: Laminage à Froid | G94: =+G39*$N$94 -> 123919.12 | H94: =+H39*$N$94 -> 185878.68 | I94: =+I39*$N$94 -> 247808 | J94: =+J39*$N$94 -> 309797.8 | K94: =+K39*$N$94 -> 371712 | L94: =+L39*$N$94 -> 433716.92 | M94: =+M39*$N$94 -> 495616 | N94: 0.01 | P94: =+P35*$W94 -> 0 | Q94: =+Q35*$W94 -> 0 | R94: =+R35*$W94 -> 0 | S94: =+S35*$W94 -> 0 | T94: =+T35*$W94 -> 0 | U94: =+U35*$W94 -> 0 | V94: =+V35*$W94 -> 0 | W94: 0.01
F95: Total Laminage | G95: =+G$59*G112 -> 0 | H95: =+H$59*H112 -> 0 | I95: =+I$59*I112 -> 0 | J95: =+J$59*J112 -> 0 | K95: =+K$59*K112 -> 0 | L95: =+L$59*L112 -> 0 | M95: =+M$59*M112 -> 0 | N95: 0.01 | W95: 0.02
F98: Total Charges Financiéres | G98: =SUM(G91:G95) -> 341132.98 | H98: =SUM(H91:H95) -> 511699.46 | I98: =SUM(I91:I95) -> 683268.61 | J98: =SUM(J91:J95) -> 852832.44 | K98: =SUM(K91:K95) -> 1024902.9 | L98: =SUM(L91:L95) -> 1193965.4 | M98: =SUM(M91:M95) -> 1366537.2 | P98: =SUM(P91:P95) -> 55944.35 | Q98: =SUM(Q91:Q95) -> 83916.525 | R98: =SUM(R91:R95) -> 111888.7 | S98: =SUM(S91:S95) -> 139860.88 | T98: =SUM(T91:T95) -> 167833.05 | U98: =SUM(U91:U95) -> 195805.23 | V98: =SUM(V91:V95) -> 223777.4
F100: Ms Salariale Siége | G100: N1 | H100: N2 | I100: N3 | J100: N4 | K100: N5 | L100: N6 | M100: N7 | P100: N1 | Q100: N2 | R100: N3 | S100: N4 | T100: N5 | U100: N6 | V100: N7
F102: Tréillis Antifussuration | G102: =+#REF!*G42 -> #REF! | H102: =+#REF!*H42 -> #REF! | I102: =+#REF!*I42 -> #REF! | J102: =+#REF!*J42 -> #REF! | K102: =+#REF!*K42 -> #REF! | L102: =+#REF!*L42 -> #REF! | M102: =+#REF!*M42 -> #REF! | P102: =+#REF!*P42 -> #REF! | Q102: =+#REF!*Q42 -> #REF! | R102: =+#REF!*R42 -> #REF! | S102: =+#REF!*S42 -> #REF! | T102: =+#REF!*T42 -> #REF! | U102: =+#REF!*U42 -> #REF! | V102: =+#REF!*V42 -> #REF! | Z102: =+G102+P102 -> #REF! | AA102: =+H102+Q102 -> #REF! | AB102: =+I102+R102 -> #REF! | AC102: =+J102+S102 -> #REF! | AD102: =+K102+T102 -> #REF! | AE102: =+L102+U102 -> #REF! | AF102: =+M102+V102 -> #REF!
F103: Poutrelles | G103: =+#REF!*'Volume Local_Export'!G43 -> 0 | H103: =+#REF!*'Volume Local_Export'!H43 -> 0 | I103: =+#REF!*'Volume Local_Export'!I43 -> 133.69443 | J103: =+#REF!*'Volume Local_Export'!J43 -> 0 | K103: =+#REF!*'Volume Local_Export'!K43 -> 133.69443 | L103: =+#REF!*'Volume Local_Export'!L43 -> 0 | M103: =+#REF!*'Volume Local_Export'!M43 -> 133.69443 | P103: =+#REF!*'Volume Local_Export'!P42 -> #REF! | Q103: =+#REF!*'Volume Local_Export'!Q42 -> #REF! | R103: =+#REF!*'Volume Local_Export'!R42 -> #REF! | S103: =+#REF!*'Volume Local_Export'!S42 -> #REF! | T103: =+#REF!*'Volume Local_Export'!T42 -> #REF! | U103: =+#REF!*'Volume Local_Export'!U42 -> #REF! | V103: =+#REF!*'Volume Local_Export'!V42 -> #REF! | Z103: =+G103+P103 -> 0 | AA103: =+H103+Q103 -> 0 | AB103: =+I103+R103 -> 167.11804 | AC103: =+J103+S103 -> 0 | AD103: =+K103+T103 -> 167.11804 | AE103: =+L103+U103 -> 0 | AF103: =+M103+V103 -> 167.11804
F104: Tréillis Soudés : Nervure | G104: =+#REF!*'Volume Local_Export'!G44 -> #REF! | H104: =+#REF!*'Volume Local_Export'!H44 -> #REF! | I104: =+#REF!*'Volume Local_Export'!I44 -> #REF! | J104: =+#REF!*'Volume Local_Export'!J44 -> #REF! | K104: =+#REF!*'Volume Local_Export'!K44 -> #REF! | L104: =+#REF!*'Volume Local_Export'!L44 -> #REF! | M104: =+#REF!*'Volume Local_Export'!M44 -> #REF! | P104: =+#REF!*'Volume Local_Export'!P44 -> #REF! | Q104: =+#REF!*'Volume Local_Export'!Q44 -> #REF! | R104: =+#REF!*'Volume Local_Export'!R44 -> #REF! | S104: =+#REF!*'Volume Local_Export'!S44 -> #REF! | T104: =+#REF!*'Volume Local_Export'!T44 -> #REF! | U104: =+#REF!*'Volume Local_Export'!U44 -> #REF! | V104: =+#REF!*'Volume Local_Export'!V44 -> #REF! | Z104: =+G104+P104 -> #REF! | AA104: =+H104+Q104 -> #REF! | AB104: =+I104+R104 -> #REF! | AC104: =+J104+S104 -> #REF! | AD104: =+K104+T104 -> #REF! | AE104: =+L104+U104 -> #REF! | AF104: =+M104+V104 -> #REF!
F105: Laminage à Froid | G105: =+#REF!*'Volume Local_Export'!G45 -> 26785.233 | H105: =+#REF!*'Volume Local_Export'!H45 -> 26785.233 | I105: =+#REF!*'Volume Local_Export'!I45 -> 26738.886 | J105: =+#REF!*'Volume Local_Export'!J45 -> 26785.233 | K105: =+#REF!*'Volume Local_Export'!K45 -> 26738.886 | L105: =+#REF!*'Volume Local_Export'!L45 -> 26785.233 | M105: =+#REF!*'Volume Local_Export'!M45 -> 26738.886 | P105: =+#REF!*'Volume Local_Export'!P45 -> 0 | Q105: =+#REF!*'Volume Local_Export'!Q45 -> 0 | R105: =+#REF!*'Volume Local_Export'!R45 -> 0 | S105: =+#REF!*'Volume Local_Export'!S45 -> 0 | T105: =+#REF!*'Volume Local_Export'!T45 -> 0 | U105: =+#REF!*'Volume Local_Export'!U45 -> 0 | V105: =+#REF!*'Volume Local_Export'!V45 -> 0 | Z105: =+G105+P105 -> 26785.233 | AA105: =+H105+Q105 -> 26785.233 | AB105: =+I105+R105 -> 26738.886 | AC105: =+J105+S105 -> 26785.233 | AD105: =+K105+T105 -> 26738.886 | AE105: =+L105+U105 -> 26785.233 | AF105: =+M105+V105 -> 26738.886
F106: Total Laminage | Z106: =+G106+P106 -> 0 | AA106: =+H106+Q106 -> 0 | AB106: =+I106+R106 -> 0 | AC106: =+J106+S106 -> 0 | AD106: =+K106+T106 -> 0 | AE106: =+L106+U106 -> 0 | AF106: =+M106+V106 -> 0
Z108: =SUM(Z102:Z106) -> #REF! | AA108: =SUM(AA102:AA106) -> #REF! | AB108: =SUM(AB102:AB106) -> #REF! | AC108: =SUM(AC102:AC106) -> #REF! | AD108: =SUM(AD102:AD106) -> #REF! | AE108: =SUM(AE102:AE106) -> #REF! | AF108: =SUM(AF102:AF106) -> #REF!
F109: Total Ms Siége | G109: =SUM(G102:G106) -> #REF! | H109: =SUM(H102:H106) -> #REF! | I109: =SUM(I102:I106) -> #REF! | J109: =SUM(J102:J106) -> #REF! | K109: =SUM(K102:K106) -> #REF! | L109: =SUM(L102:L106) -> #REF! | M109: =SUM(M102:M106) -> #REF! | P109: =SUM(P102:P106) -> #REF! | Q109: =SUM(Q102:Q106) -> #REF! | R109: =SUM(R102:R106) -> #REF! | S109: =SUM(S102:S106) -> #REF! | T109: =SUM(T102:T106) -> #REF! | U109: =SUM(U102:U106) -> #REF! | V109: =SUM(V102:V106) -> #REF! | Z109: =+#REF! -> #REF! | AA109: =+#REF! -> #REF! | AB109: =+#REF! -> #REF! | AC109: =+#REF! -> #REF! | AD109: =+#REF! -> #REF! | AE109: =+#REF! -> #REF! | AF109: =+#REF! -> #REF!
F111: Remise commerciale | G111: N1 | H111: N2 | I111: N3 | J111: N4 | K111: N5 | L111: N6 | M111: N7 | P111: N1 | Q111: N2 | R111: N3 | S111: N4 | T111: N5 | U111: N6 | V111: N7
F113: Tréillis Antifussuration | G113: =G143 -> 0.017413164 | H113: =H143 -> 0.026119746 | I113: =I143 -> 0.034826328 | J113: =J143 -> 0.04353291 | K113: =K143 -> 0.052239491 | L113: =L143 -> 0.060946073 | M113: =M143 -> 0.069652655 | P113: =P143 -> 0.004353291 | Q113: =Q143 -> 0.0065299364 | R113: =R143 -> 0.0087065819 | S113: =S143 -> 0.010883227 | T113: =T143 -> 0.013059873 | U113: =U143 -> 0.015236518 | V113: =V143 -> 0.017413164
F114: Poutrelles | G114: =G145 -> 0 | H114: =H145 -> 0 | I114: =I145 -> 0.00041139321 | J114: =J145 -> 0 | K114: =K145 -> 0.00061708982 | L114: =L145 -> 0 | M114: =M145 -> 0.00082278642 | P114: =P145 -> 0 | Q114: =Q145 -> 0 | R114: =R145 -> 0 | S114: =S145 -> 0 | T114: =T145 -> 0 | U114: =U145 -> 0 | V114: =V145 -> 0
F116: Lamilage à Froid_PV SIDENOR | G116: =G147 -> 0 | H116: =H147 -> 0 | I116: =I147 -> 0 | J116: =J147 -> 0 | K116: =K147 -> 0 | L116: =L147 -> 0 | M116: =M147 -> 0 | P116: =P147 -> 0 | Q116: =Q147 -> 0 | R116: =R147 -> 0 | S116: =S147 -> 0 | T116: =T147 -> 0 | U116: =U147 -> 0 | V116: =V147 -> 0
H119: 0.05 | I119: 0.05 | J119: 0.05 | K119: 0.05 | L119: 0.05 | M119: 0.05 | Q119: 0.05 | R119: 0.05 | S119: 0.05 | T119: 0.05 | U119: 0.05 | V119: 0.05
F120: Volume Marché | G120: N1 | H120: N2 | I120: N3 | J120: N4 | K120: N5 | L120: N6 | M120: N7 | P120: N1 | Q120: N2 | R120: N3 | S120: N4 | T120: N5 | U120: N6 | V120: N7
C122: 0.2 | D122: Mché | E122: 0 | F122: Tréillis Antifussuration | G122: 35000 | H122: =+G122*(1+$C122) -> 42000 | I122: =+H122*(1+$C122) -> 50400 | J122: =+I122*(1+$C122) -> 60480 | K122: =+J122*(1+$C122) -> 72576 | L122: =+K122*(1+$C122) -> 87091.2 | M122: =+L122*(1+$C122) -> 104509.44 | P122: 35000 | Q122: =+P122*(1+$C122) -> 42000 | R122: =+Q122*(1+$C122) -> 50400 | S122: =+R122*(1+$C122) -> 60480 | T122: =+S122*(1+$C122) -> 72576 | U122: =+T122*(1+$C122) -> 87091.2 | V122: =+U122*(1+$C122) -> 104509.44
C123: 0.2 | D123: Potentiel | E123: 550000 | G123: =+$E$123*C123 -> 110000 | H123: =+G123*(1+$E122) -> 110000 | I123: =+H123*(1+$E122) -> 110000 | J123: =+I123*(1+$E122) -> 110000 | K123: =+J123*(1+$E122) -> 110000 | L123: =+K123*(1+$E122) -> 110000 | M123: =+L123*(1+$E122) -> 110000 | P123: =+G123 -> 110000 | Q123: =+P123*(1+$E122) -> 110000 | R123: =+Q123*(1+$E122) -> 110000 | S123: =+R123*(1+$E122) -> 110000 | T123: =+S123*(1+$E122) -> 110000 | U123: =+T123*(1+$E122) -> 110000 | V123: =+U123*(1+$E122) -> 110000
C124: 0.4 | D124: Mché | F124: Poutrelles | G124: 2000 | H124: =+G124*(1+$C124) -> 2800 | I124: =+H124*(1+$C124) -> 3920 | J124: =+I124*(1+$C124) -> 5488 | K124: =+J124*(1+$C124) -> 7683.2 | L124: =+K124*(1+$C124) -> 10756.48 | M124: =+L124*(1+$C124) -> 15059.072 | P124: 2000 | Q124: =+P124*(1+$C124) -> 2800 | R124: =+Q124*(1+$C124) -> 3920 | S124: =+R124*(1+$C124) -> 5488 | T124: =+S124*(1+$C124) -> 7683.2 | U124: =+T124*(1+$C124) -> 10756.48 | V124: =+U124*(1+$C124) -> 15059.072
D125: Potentiel | E125: 0.05 | G125: 40000 | H125: =+G125*(1+$E$125) -> 42000 | I125: =+H125*(1+$E$125) -> 44100 | J125: =+I125*(1+$E$125) -> 46305 | K125: =+J125*(1+$E$125) -> 48620.25 | L125: =+K125*(1+$E$125) -> 51051.263 | M125: =+L125*(1+$E$125) -> 53603.826 | P125: 40000 | Q125: =+P125*(1+$E$125) -> 42000 | R125: =+Q125*(1+$E$125) -> 44100 | S125: =+R125*(1+$E$125) -> 46305 | T125: =+S125*(1+$E$125) -> 48620.25 | U125: =+T125*(1+$E$125) -> 51051.263 | V125: =+U125*(1+$E$125) -> 53603.826
C126: 0.2 | D126: Mché | F126: Laminage à Froid | G126: 35000 | H126: =+G126*(1+$C126) -> 42000 | I126: =+H126*(1+$C126) -> 50400 | J126: =+I126*(1+$C126) -> 60480 | K126: =+J126*(1+$C126) -> 72576 | L126: =+K126*(1+$C126) -> 87091.2 | M126: =+L126*(1+$C126) -> 104509.44 | P126: 35000 | Q126: =+P126*(1+$C126) -> 42000 | R126: =+Q126*(1+$C126) -> 50400 | S126: =+R126*(1+$C126) -> 60480 | T126: =+S126*(1+$C126) -> 72576 | U126: =+T126*(1+$C126) -> 87091.2 | V126: =+U126*(1+$C126) -> 104509.44
D127: Potentiel | E127: 0 | G127: =G123 -> 110000 | H127: =+G127*(1+$E127) -> 110000 | I127: =+H127*(1+$E127) -> 110000 | J127: =+I127*(1+$E127) -> 110000 | K127: =+J127*(1+$E127) -> 110000 | L127: =+K127*(1+$E127) -> 110000 | M127: =+L127*(1+$E127) -> 110000 | P127: =P123 -> 110000 | Q127: =+P127*(1+$E127) -> 110000 | R127: =+Q127*(1+$E127) -> 110000 | S127: =+R127*(1+$E127) -> 110000 | T127: =+S127*(1+$E127) -> 110000 | U127: =+T127*(1+$E127) -> 110000 | V127: =+U127*(1+$E127) -> 110000
F129: Total Volume Marché | G129: =+G122+G124+G126 -> 72000 | H129: =+H122+H124+H126 -> 86800 | I129: =+I122+I124+I126 -> 104720 | J129: =+J122+J124+J126 -> 126448 | K129: =+K122+K124+K126 -> 152835.2 | L129: =+L122+L124+L126 -> 184938.88 | M129: =+M122+M124+M126 -> 224077.95 | P129: =+P122+P124+P126 -> 72000 | Q129: =+Q122+Q124+Q126 -> 86800 | R129: =+R122+R124+R126 -> 104720 | S129: =+S122+S124+S126 -> 126448 | T129: =+T122+T124+T126 -> 152835.2 | U129: =+U122+U124+U126 -> 184938.88 | V129: =+V122+V124+V126 -> 224077.95
F131: Objectif vs Part de Marché | G131: N1 | H131: N2 | I131: N3 | J131: N4 | K131: N5 | L131: N6 | M131: N7 | P131: N1 | Q131: N2 | R131: N3 | S131: N4 | T131: N5 | U131: N6 | V131: N7
D133: Obj | E133: 0.3 | F133: Tréillis Antifussuration | G133: 0.1 | H133: 0.2 | I133: 0.25 | J133: 0.3 | K133: 0.3 | L133: 0.3 | M133: 0.3 | P133: 0.1 | Q133: 0.2 | R133: 0.25 | S133: 0.3 | T133: 0.3 | U133: 0.3 | V133: 0.3
D134: Volume | G134: =+G133*G122 -> 3500 | H134: =+H133*H122 -> 8400 | I134: =+I133*I122 -> 12600 | J134: =+J133*J122 -> 18144 | K134: =+K133*K122 -> 21772.8 | L134: =+L133*L122 -> 26127.36 | M134: =+M133*M122 -> 31352.832 | P134: =+P133*P122 -> 3500 | Q134: =+Q133*Q122 -> 8400 | R134: =+R133*R122 -> 12600 | S134: =+S133*S122 -> 18144 | T134: =+T133*T122 -> 21772.8 | U134: =+U133*U122 -> 26127.36 | V134: =+V133*V122 -> 31352.832
D135: Obj | E135: 0.5 | F135: Poutrelles | G135: 0.3 | H135: 0.35 | I135: 0.4 | J135: 0.45 | K135: 0.5 | L135: 0.5 | M135: 0.5 | P135: 0.3 | Q135: 0.35 | R135: 0.4 | S135: 0.45 | T135: 0.5 | U135: 0.5 | V135: 0.5
D136: Volume | G136: =+G135*G124 -> 600 | H136: =+H135*H124 -> 980 | I136: =+I135*I124 -> 1568 | J136: =+J135*J124 -> 2469.6 | K136: =+K135*K124 -> 3841.6 | L136: =+L135*L124 -> 5378.24 | M136: =+M135*M124 -> 7529.536 | P136: =+P135*P124 -> 600 | Q136: =+Q135*Q124 -> 980 | R136: =+R135*R124 -> 1568 | S136: =+S135*S124 -> 2469.6 | T136: =+T135*T124 -> 3841.6 | U136: =+U135*U124 -> 5378.24 | V136: =+V135*V124 -> 7529.536
D137: Obj | E137: 0.5 | F137: Laminage à Froid | G137: 0.1 | H137: 0.2 | I137: 0.3 | J137: 0.3 | K137: 0.4 | L137: 0.5 | M137: 0.5 | P137: 0.1 | Q137: 0.2 | R137: 0.3 | S137: 0.3 | T137: 0.4 | U137: 0.5 | V137: 0.5
D138: Volume | G138: =+G137*G126 -> 3500 | H138: =+H137*H126 -> 8400 | I138: =+I137*I126 -> 15120 | J138: =+J137*J126 -> 18144 | K138: =+K137*K126 -> 29030.4 | L138: =+L137*L126 -> 43545.6 | M138: =+M137*M126 -> 52254.72 | P138: =+P137*P126 -> 3500 | Q138: =+Q137*Q126 -> 8400 | R138: =+R137*R126 -> 15120 | S138: =+S137*S126 -> 18144 | T138: =+T137*T126 -> 29030.4 | U138: =+U137*U126 -> 43545.6 | V138: =+V137*V126 -> 52254.72
F140: Total Objectif | G140: =G138+G136+G134 -> 7600 | H140: =H138+H136+H134 -> 17780 | I140: =I138+I136+I134 -> 29288 | J140: =J138+J136+J134 -> 38757.6 | K140: =K138+K136+K134 -> 54644.8 | L140: =L138+L136+L134 -> 75051.2 | M140: =M138+M136+M134 -> 91137.088 | P140: =P138+P136+P134 -> 7600 | Q140: =Q138+Q136+Q134 -> 17780 | R140: =R138+R136+R134 -> 29288 | S140: =S138+S136+S134 -> 38757.6 | T140: =T138+T136+T134 -> 54644.8 | U140: =U138+U136+U134 -> 75051.2 | V140: =V138+V136+V134 -> 91137.088
...

Sheet Assumptions
E5: Cours Devise | F5: 3.5
C6: Investissements | E6: Mt Devise | F6: Mt en Dinars | G6: Durée Vie | H6: Taux Amor
A7: Code | C7: Logiciels | D7: Activité
C8: Immobilisations corporelles Brutes | E8: =SUM(E9:E10) -> 771428.57 | F8: =SUM(F9:F10) -> 2700000
A9: =$D9&"-"&$B9 -> Communs-R021 | B9: R021 | C9: Utilités | D9: Communs | E9: =+F9/$F$5 -> 285714.29 | F9: 1000000 | G9: 7 | H9: 0.15
A10: =$D10&"-"&$B10 -> Communs-R021 | B10: R021 | C10: Infrastructure | D10: Communs | E10: =+F10/$F$5 -> 485714.29 | F10: 1700000 | G10: 10 | H10: =1/G10 -> 0.1
A11: =$D11&"-"&$B11 -> -R021 | B11: R021 | C11: Equipements Industriels | E11: =SUM(E12:E15) -> 2870000 | F11: =SUM(F12:F15) -> 10045000
A12: =$D12&"-"&$B12 -> -R021 | B12: R021 | C12: Laminage à froid | E12: 500000 | F12: =+E12*$F$5 -> 1750000 | G12: 10 | H12: =1/G12 -> 0.1
A13: =$D13&"-"&$B13 -> -R021 | B13: R021 | C13: T.S. Antifissuration | E13: 1200000 | F13: =+E13*$F$5 -> 4200000 | G13: 10 | H13: =1/G13 -> 0.1
A14: =$D14&"-"&$B14 -> -R021 | B14: R021 | C14: Poutrelles | E14: 700000 | F14: =+E14*$F$5 -> 2450000 | G14: 10 | H14: =1/G14 -> 0.1
A15: =$D15&"-"&$B15 -> -R021 | B15: R021 | C15: Tréillis Soudés : Nervure | E15: 470000 | F15: =+E15*$F$5 -> 1645000 | G15: 10 | H15: =1/G15 -> 0.1
C16: Immobilisations :Autres Investissements | E16: =SUM(E17:E22) -> 134285.71 | F16: =SUM(F17:F22) -> 470000
C17: Matériel de Laboratoire | E17: 60000 | F17: =+E17*$F$5 -> 210000 | G17: 10 | H17: =1/G17 -> 0.1
C18: Pont Bascule | E18: =+F18/F5 -> 28571.429 | F18: 100000 | G18: 10 | H18: =1/G18 -> 0.1
C19: Matériel de Manutention | E19: =+F19/$F$5 -> 22857.143 | F19: =1*80000 -> 80000 | G19: 5 | H19: =1/G19 -> 0.2
C20: Matériels de Transport | E20: =+F20/$F$5 -> 17142.857 | F20: 60000 | G20: 5 | H20: =1/G20 -> 0.2
C21: Mobiliers et Matériels de Bureau | E21: =+F21/$F$5 -> 2857.1429 | F21: 10000 | G21: 10 | H21: =1/G21 -> 0.1
C22: Matériels informatique | E22: =+F22/$F$5 -> 2857.1429 | F22: 10000 | G22: 7 | H22: 0.15
C23: Immobilisations corp. & incorp. Brutes | E23: =SUM(E11,E16,E8) -> 3775714.3 | F23: =SUM(F11,F16,F8) -> 13215000
C25: Liste des Prix Premiéres | E25: Prix de Marché | F25: Mt en Dinars | J25: Cpacité Total | N25: =+Volume!X16 -> 18674.031 | O25: =+Volume!Y16 -> 37348.062 | P25: =+Volume!Z16 -> 56022.092 | Q25: =+Volume!AA16 -> 74696.123 | R25: =+Volume!AB16 -> 0 | S25: =+Volume!AC16 -> 0 | T25: =+Volume!AD16 -> 0
C27: Bobines Compact Crantée à chaud | E27: =+F27/$F$5 -> #REF! | F27: =+#REF! -> #REF! | J27: Besoin Lamninage Tréillis | N27: =+N34*$U$27 -> 6824.4 | O27: =+O34*$U$27 -> 10236.6 | P27: =+P34*$U$27 -> 13648.8 | Q27: =+Q34*$U$27 -> 17061 | R27: =+R34*$U$27 -> 20473.2 | S27: =+S34*$U$27 -> 23885.4 | T27: =+T34*$U$27 -> 27297.6 | U27: 1
C28: Bobines laminés à Froid | E28: Coût Revient | F28: =+'Volume Local_Export'!G24 -> #REF! | J28: Besoin laminage Poutrelle | N28: =+N35*$U$28 -> 0 | O28: =+O35*$U$28 -> 0 | P28: =+P35*$U$28 -> 15.488 | Q28: =+Q35*$U$28 -> 0 | R28: =+R35*$U$28 -> 23.232 | S28: =+S35*$U$28 -> 0 | T28: =+T35*$U$28 -> 30.976 | U28: 0.25
C29: Couronnes fil machine | E29: =+F29/$F$5 -> #REF! | F29: =+#REF! -> #REF! | G29: =+F28-F29 -> #REF! | H29: =+G29/3.5 -> #REF! | J29: Capacité Max Laminage | N29: =+Volume!$X$14 -> 6814.72 | O29: =+N29*1.5 -> 10222.08 | P29: =+N29*2 -> 13629.44 | Q29: =+N29*2.5 -> 17036.8 | R29: =+N29*3 -> 20444.16 | S29: =+N29*3.5 -> 23851.52 | T29: =+N29*4 -> 27258.88
N30: Volume des Ventes locaux
C31: Prix des Ventes Local | E31: N1 | F31: N2 | G31: N3 | H31: N4 | I31: N5 | J31: N6 | K31: N7 | N31: N1 | O31: N2 | P31: N3 | Q31: N4 | R31: N5 | S31: N6 | T31: N7
C32: Prix Moyen | E32: =AVERAGE(E33:E36) -> 2287.5 | F32: =AVERAGE(F33:F36) -> 2287.5 | G32: =AVERAGE(G33:G36) -> 2287.5 | H32: =AVERAGE(H33:H36) -> 2287.5 | I32: =AVERAGE(I33:I36) -> 2287.5 | J32: =AVERAGE(J33:J36) -> 2287.5 | K32: =AVERAGE(K33:K36) -> 2287.5 | N32: =SUM(N33:N36) -> 11161.36 | O32: =SUM(O33:O36) -> 16742.04 | P32: =SUM(P33:P36) -> 22380.16 | Q32: =SUM(Q33:Q36) -> 27903.4 | R32: =SUM(R33:R36) -> 33570.24 | S32: =SUM(S33:S36) -> 39064.76 | T32: =SUM(T33:T36) -> 44760.32
C33: Laminage à froid | E33: 2000 | F33: 2000 | G33: 2000 | H33: 2000 | I33: 2000 | J33: 2000 | K33: 2000 | N33: =IF((N29-(N27+N28))>=0,N29-(N27+N28),0) -> 0 | O33: =IF((O29-(O27+O28))>=0,O29-(O27+O28),0) -> 0 | P33: =IF((P29-(P27+P28))>=0,P29-(P27+P28),0) -> 0 | Q33: =IF((Q29-(Q27+Q28))>=0,Q29-(Q27+Q28),0) -> 0 | R33: =IF((R29-(R27+R28))>=0,R29-(R27+R28),0) -> 0 | S33: =IF((S29-(S27+S28))>=0,S29-(S27+S28),0) -> 0 | T33: =IF((T29-(T27+T28))>=0,T29-(T27+T28),0) -> 0
C34: T.S. Antifissuration | E34: 2450 | F34: 2450 | G34: 2450 | H34: 2450 | I34: 2450 | J34: 2450 | K34: 2450 | N34: =+Volume!X10 -> 6824.4 | O34: =+N34*1.5 -> 10236.6 | P34: =+Volume!$Y$10 -> 13648.8 | Q34: =+N34*2.5 -> 17061 | R34: =+Volume!$Z$10 -> 20473.2 | S34: =+N34*3.5 -> 23885.4 | T34: =+Volume!$AA$10 -> 27297.6
C35: Poutrelles | E35: 2300 | F35: 2300 | G35: 2300 | H35: 2300 | I35: 2300 | J35: 2300 | K35: 2300 | N35: =IF(N35<$Y$35,0,IF(N27>=N29,0,IF(((N29-N27)/$U$28)>=Volume!$X$11,Volume!$X$11,(N29-N27)/$U$28))) -> 0 | O35: =IF(O35<$Y$35,0,IF(O27>=O29,0,IF(((O29-O27)/$U$28)>=Volume!$X$11*1.5,Volume!$X$11*1.5,(O29-O27)/$U$28))) -> 0 | P35: =IF(P35<$Y$35,0,IF(P27>=P29,0,IF(((P29-P27)/$U$28)>=Volume!$X$11*2,Volume!$X$11*2,(P29-P27)/$U$28))) -> 0 | Q35: =IF(Q35<$Y$35,0,IF(Q27>=Q29,0,IF(((Q29-Q27)/$U$28)>=Volume!$X$11*2.5,Volume!$X$11*2.5,(Q29-Q27)/$U$28))) -> 0 | R35: =IF(R35<$Y$35,0,IF(R27>=R29,0,IF(((R29-R27)/$U$28)>=Volume!$X$11*3,Volume!$X$11*3,(R29-R27)/$U$28))) -> 0 | S35: =IF(S35<$Y$35,0,IF(S27>=S29,0,IF(((S29-S27)/$U$28)>=Volume!$X$11*3.5,Volume!$X$11*3.5,(S29-S27)/$U$28))) -> 0 | T35: =IF(T35<$Y$35,0,IF(T27>=T29,0,IF(((T29-T27)/$U$28)>=Volume!$X$11*4,Volume!$X$11*4,(T29-T27)/$U$28))) -> 0 | W35: Min Poutrelle | Y35: 700
C36: Nervure | E36: 2400 | F36: 2400 | G36: 2400 | H36: 2400 | I36: 2400 | J36: 2400 | K36: 2400 | N36: =+Volume!$X$12 -> 3146 | O36: =+N36*1.5 -> 4719 | P36: =+Volume!$Y$12 -> 6292 | Q36: =+N36*2.5 -> 7865 | R36: =+Volume!$Z$12 -> 9438 | S36: =+N36*3.5 -> 11011 | T36: =+Volume!$AA$12 -> 12584
C38: Total Laminage | N38: =+'Volume Local_Export'!G14 -> 0 | O38: =+'Volume Local_Export'!H14 -> 0 | P38: =+'Volume Local_Export'!I14 -> 0 | Q38: =+'Volume Local_Export'!J14 -> 0 | R38: =+'Volume Local_Export'!K14 -> 0 | S38: =+'Volume Local_Export'!L14 -> 21685.846 | T38: =+'Volume Local_Export'!M14 -> 24780.8
C39: Total Activité | N39: =+N38+SUM(N33:N36) -> 17357.316 | O39: =+O38+SUM(O33:O36) -> 26035.974 | P39: =+P38+SUM(P33:P36) -> 34770.56 | Q39: =+Q38+SUM(Q33:Q36) -> 43393.29 | R39: =+R38+SUM(R33:R36) -> 52155.84 | S39: =+S38+SUM(S33:S36) -> 60750.606 | T39: =+T38+SUM(T33:T36) -> 69541.12
N40: Volume des Ventes Export
C41: Prix des Ventes Export | E41: N1 | F41: N2 | G41: N3 | H41: N4 | I41: N5 | J41: N6 | K41: N7 | N41: N1 | O41: N2 | P41: N3 | Q41: N4 | R41: N5 | S41: N6 | T41: N7
C42: Prix Moyen | E42: =AVERAGE(E43:E46) -> 2287.5 | F42: =AVERAGE(F43:F46) -> 2287.5 | G42: =AVERAGE(G43:G46) -> 2287.5 | H42: =AVERAGE(H43:H46) -> 2287.5 | I42: =AVERAGE(I43:I46) -> 2287.5 | J42: =AVERAGE(J43:J46) -> 2287.5 | K42: =AVERAGE(K43:K46) -> 2287.5 | N42: =SUM(N43:N46) -> 0 | O42: =SUM(O43:O46) -> 0 | P42: =SUM(P43:P46) -> 0 | Q42: =SUM(Q43:Q46) -> 0 | R42: =SUM(R43:R46) -> 0 | S42: =SUM(S43:S46) -> 0 | T42: =SUM(T43:T46) -> 0
C43: Laminage à froid | E43: 2000 | F43: 2000 | G43: 2000 | H43: 2000 | I43: 2000 | J43: 2000 | K43: 2000
C44: T.S. Antifissuration | E44: 2450 | F44: 2450 | G44: 2450 | H44: 2450 | I44: 2450 | J44: 2450 | K44: 2450
C45: Poutrelles | E45: 2300 | F45: 2300 | G45: 2300 | H45: 2300 | I45: 2300 | J45: 2300 | K45: 2300
C46: Nervure | E46: 2400 | F46: 2400 | G46: 2400 | H46: 2400 | I46: 2400 | J46: 2400 | K46: 2400
C48: Total Laminage | N48: =+'Volume Local_Export'!P14 -> 0 | O48: =+'Volume Local_Export'!Q14 -> 0 | P48: =+'Volume Local_Export'!R14 -> 0 | Q48: =+'Volume Local_Export'!S14 -> 0 | R48: =+'Volume Local_Export'!T14 -> 0 | S48: =+'Volume Local_Export'!U14 -> 0 | T48: =+'Volume Local_Export'!V14 -> 0
C49: Total Activité | N49: =+N48+SUM(N44:N46) -> 0 | O49: =+O48+SUM(O44:O46) -> 0 | P49: =+P48+SUM(P44:P46) -> 0 | Q49: =+Q48+SUM(Q44:Q46) -> 0 | R49: =+R48+SUM(R44:R46) -> 0 | S49: =+S48+SUM(S44:S46) -> 0 | T49: =+T48+SUM(T44:T46) -> 0
C55: Remise Commerciales | D55: % PV | E55: N1 | F55: N2 | G55: N3 | H55: N4 | I55: N5 | J55: N6 | K55: N7
C56: Prix Moyen | D56: F01 | E56: =AVERAGE(E57:E61) -> 0.0077498156 | F56: =AVERAGE(F57:F61) -> 0.011624723 | G56: =AVERAGE(G57:G61) -> 0.015649782 | H56: =AVERAGE(H57:H61) -> 0.019374539 | I56: =AVERAGE(I57:I61) -> 0.023474673 | J56: =AVERAGE(J57:J61) -> 0.027124355 | K56: =AVERAGE(K57:K61) -> 0.031299563
C57: Laminage à froid | D57: F01 | E57: =+Volume!G123 -> 0 | F57: =+Volume!H123 -> 0 | G57: =+Volume!I123 -> 0 | H57: =+Volume!J123 -> 0 | I57: =+Volume!K123 -> 0 | J57: =+Volume!L123 -> 0 | K57: =+Volume!M123 -> 0
C58: T.S. Antifissuration | D58: F01 | E58: =+Volume!G120 -> 0.021766455 | F58: =+Volume!H120 -> 0.032649682 | G58: =+Volume!I120 -> 0.04353291 | H58: =+Volume!J120 -> 0.054416137 | I58: =+Volume!K120 -> 0.065299364 | J58: =+Volume!L120 -> 0.076182592 | K58: =+Volume!M120 -> 0.087065819
C59: Poutrelles | D59: F01 | E59: =+Volume!G121 -> 0 | F59: =+Volume!H121 -> 0 | G59: =+Volume!I121 -> 0.00051424152 | H59: =+Volume!J121 -> 0 | I59: =+Volume!K121 -> 0.00077136227 | J59: =+Volume!L121 -> 0 | K59: =+Volume!M121 -> 0.001028483
C60: Nervure | D60: F01
C62: Total Laminage
C63: Total Activité
D65: Consommation Unitaire
C66: Energie | E66: Elec | F66: Air comp | G66: Refroid | H66: Prix Khw | I66: Puiss/An
C67: Energie | D67: DT/An | I67: 120000
C68: Laminage à froid | D68: Khw | E68: 71 | F68: 0.3 | G68: 25 | H68: 0.212
C69: T.S. Antifissuration | D69: Khw | E69: 30 | F69: 4 | G69: 20 | H69: 0.212
C70: Poutrelles | D70: Khw | E70: 100 | F70: 2.78 | G70: 5.11 | H70: 0.212
C71: Nervure | D71: Khw | E71: 50 | F71: 1.71 | G71: 5.14 | H71: 0.212
C75: Consommation PDR | D75: F01 | E75: PDR | G75: Autres
C76: Laminage à froid | D76: Jeux | E76: 600 | F76: 500 Tonnes | G76: 0.05 | H76: coût Investissement
C77: T.S. Antifissuration | D77: Tonne | E77: Galet | F77: 0.3 | G77: 1 | H77: Par Tonne
D78: Tonne | E78: Electrode | F78: 2.5
C79: Poutrelles | D79: Jeux | E79: 600 | F79: 4000 Tonnes | G79: 0.05 | H79: coût Investissement
C80: Nervure | D80: Jeux | E80: 600 | F80: /2000 Tonnes | G80: 0.05 | H80: coût Investissement
D82: Consommation Unitaire
E83: 20" | F83: 40" | G83: Frais tpt/KM | H83: 20" | I83: 40" | N83: Cout Trpt par Tonne 20" | S83: Cout Trpt par Tonne 40"
C84: Coût Transp Terrestre Export | E84: Tonne/Camion | F84: Tonne/Camion | H84: Coût/tonne | I84: Coût/tonne | N84: Distance1 | O84: Distance2 | P84: Distance3 | Q84: Distance4 | S84: Distance1 | T84: Distance2 | U84: Distance3 | V84: Distance4
N85: 30 | O85: 50 | P85: 70 | Q85: 100 | S85: 30 | T85: 50 | U85: 70 | V85: 100
C86: Laminage à froid | E86: 25 | F86: 50 | G86: 1.6 | H86: 25 | I86: 50 | N86: =+($G86*N$85)/$E86 -> 1.92 | O86: =+($G86*O$85)/$E86 -> 3.2 | P86: =+($G86*P$85)/$E86 -> 4.48 | Q86: =+($G86*Q$85)/$E86 -> 6.4 | S86: =+($G86*S$85)/$F86 -> 0.96 | T86: =+($G86*T$85)/$F86 -> 1.6 | U86: =+($G86*U$85)/$F86 -> 2.24 | V86: =+($G86*V$85)/$F86 -> 3.2
C87: T.S. Antifissuration | E87: 20 | F87: 45 | G87: 1.6 | H87: 25 | I87: 45 | N87: =+($G87*N$85)/$E87 -> 2.4 | O87: =+($G87*O$85)/$E87 -> 4 | P87: =+($G87*P$85)/$E87 -> 5.6 | Q87: =+($G87*Q$85)/$E87 -> 8 | S87: =+($G87*S$85)/$F87 -> 1.0666667 | T87: =+($G87*T$85)/$F87 -> 1.7777778 | U87: =+($G87*U$85)/$F87 -> 2.4888889 | V87: =+($G87*V$85)/$F87 -> 3.5555556
C88: Poutrelles | E88: 25 | F88: 40 | G88: 1.6 | H88: 20 | I88: 40 | N88: =+($G88*N$85)/$E88 -> 1.92 | O88: =+($G88*O$85)/$E88 -> 3.2 | P88: =+($G88*P$85)/$E88 -> 4.48 | Q88: =+($G88*Q$85)/$E88 -> 6.4 | S88: =+($G88*S$85)/$F88 -> 1.2 | T88: =+($G88*T$85)/$F88 -> 2 | U88: =+($G88*U$85)/$F88 -> 2.8 | V88: =+($G88*V$85)/$F88 -> 4
C89: Nervure | E89: 25 | F89: 45 | G89: 1.6 | H89: 25 | I89: 45 | N89: =+($G89*N$85)/$E89 -> 1.92 | O89: =+($G89*O$85)/$E89 -> 3.2 | P89: =+($G89*P$85)/$E89 -> 4.48 | Q89: =+($G89*Q$85)/$E89 -> 6.4 | S89: =+($G89*S$85)/$F89 -> 1.0666667 | T89: =+($G89*T$85)/$F89 -> 1.7777778 | U89: =+($G89*U$85)/$F89 -> 2.4888889 | V89: =+($G89*V$85)/$F89 -> 3.5555556

Sheet Volume
D1: SIDENOR
D2: BUDGET 2019
D3: Production R11:Moyenne jrs_ volume unités _Tonnage
P5: Capacité de Production Par Poste/an (Machine Neuf)
H7: 0.2 | S7: Capacité Machine Neuf/An | X7: Capacité Machine Retapé/An
F8: Volume de Vente | G8: N1 | H8: N2 | I8: N3 | J8: N4 | K8: N5 | L8: N6 | M8: N7 | N8: TOTAL | Q8: Rend Neuf | R8: Prod Moy/Heure | S8: 1Poste | T8: 2 Poste | U8: 3 Poste | V8: 4Poste | X8: 1 Poste | Y8: 2 Poste | Z8: 3Poste | AA8: 4 poste
F10: Tréillis Antifussuration | G10: =+'Volume Local_Export'!G10+'Volume Local_Export'!P10 -> 6824.4 | H10: =+'Volume Local_Export'!H10+'Volume Local_Export'!Q10 -> 10236.6 | I10: =+'Volume Local_Export'!I10+'Volume Local_Export'!R10 -> 13648.8 | J10: =+'Volume Local_Export'!J10+'Volume Local_Export'!S10 -> 17061 | K10: =+'Volume Local_Export'!K10+'Volume Local_Export'!T10 -> 20473.2 | L10: =+'Volume Local_Export'!L10+'Volume Local_Export'!U10 -> 23885.4 | M10: =+'Volume Local_Export'!M10+'Volume Local_Export'!V10 -> 27297.6 | Q10: 0.75 | R10: 4.7 | S10: =+$P10*$R10*S$18*(S$19*S$20) -> 0 | T10: =+$P10*$R10*T$18*(T$19*T$20) -> 0 | U10: =+$P10*$R10*U$18*(U$19*U$20) -> 0 | V10: =+$P10*$R10*V$18*(V$19*V$20) -> 0 | X10: =+$Q10*$R10*X$18*(X$19*X$20) -> 6824.4 | Y10: =+$Q10*$R10*Y$18*(Y$19*Y$20) -> 13648.8 | Z10: =+$Q10*$R10*Z$18*(Z$19*Z$20) -> 20473.2 | AA10: =+$Q10*$R10*AA$18*(AA$19*AA$20) -> 27297.6 | AC10: =+AA10*0.85 -> 23202.96 | AD10: =+AA10-AC10 -> 4094.64
F11: Poutrelles | G11: =+'Volume Local_Export'!G11+'Volume Local_Export'!P11 -> 0 | H11: =+'Volume Local_Export'!H11+'Volume Local_Export'!Q11 -> 0 | I11: =+'Volume Local_Export'!I11+'Volume Local_Export'!R11 -> 77.44 | J11: =+'Volume Local_Export'!J11+'Volume Local_Export'!S11 -> 0 | K11: =+'Volume Local_Export'!K11+'Volume Local_Export'!T11 -> 116.16 | L11: =+'Volume Local_Export'!L11+'Volume Local_Export'!U11 -> 0 | M11: =+'Volume Local_Export'!M11+'Volume Local_Export'!V11 -> 154.88 | Q11: 0.65 | R11: 1.5010417 | S11: =+$P11*$R11*S$18*(S$19*S$20) -> 0 | T11: =+$P11*$R11*T$18*(T$19*T$20) -> 0 | U11: =+$P11*$R11*U$18*(U$19*U$20) -> 0 | V11: =+$P11*$R11*V$18*(V$19*V$20) -> 0 | X11: =+$Q11*$R11*X$18*(X$19*X$20) -> 1888.9108 | Y11: =+$Q11*$R11*Y$18*(Y$19*Y$20) -> 3777.8217 | Z11: =+$Q11*$R11*Z$18*(Z$19*Z$20) -> 5666.7325 | AA11: =+$Q11*$R11*AA$18*(AA$19*AA$20) -> 7555.6433
F12: Nervure | G12: =+'Volume Local_Export'!G12+'Volume Local_Export'!P12 -> 3146 | H12: =+'Volume Local_Export'!H12+'Volume Local_Export'!Q12 -> 4719 | I12: =+'Volume Local_Export'!I12+'Volume Local_Export'!R12 -> 6292 | J12: =+'Volume Local_Export'!J12+'Volume Local_Export'!S12 -> 7865 | K12: =+'Volume Local_Export'!K12+'Volume Local_Export'!T12 -> 9438 | L12: =+'Volume Local_Export'!L12+'Volume Local_Export'!U12 -> 11011 | M12: =+'Volume Local_Export'!M12+'Volume Local_Export'!V12 -> 12584 | Q12: 0.65 | R12: 2.5 | S12: =+$P12*$R12*S$18*(S$19*S$20) -> 0 | T12: =+$P12*$R12*T$18*(T$19*T$20) -> 0 | U12: =+$P12*$R12*U$18*(U$19*U$20) -> 0 | V12: =+$P12*$R12*V$18*(V$19*V$20) -> 0 | X12: =+$Q12*$R12*X$18*(X$19*X$20) -> 3146 | Y12: =+$Q12*$R12*Y$18*(Y$19*Y$20) -> 6292 | Z12: =+$Q12*$R12*Z$18*(Z$19*Z$20) -> 9438 | AA12: =+$Q12*$R12*AA$18*(AA$19*AA$20) -> 12584
F13: Laminage à Froid | G13: =+'Volume Local_Export'!G13+'Volume Local_Export'!P13 -> 0 | H13: =+'Volume Local_Export'!H13+'Volume Local_Export'!Q13 -> 0 | I13: =+'Volume Local_Export'!I13+'Volume Local_Export'!R13 -> 0 | J13: =+'Volume Local_Export'!J13+'Volume Local_Export'!S13 -> 0 | K13: =+'Volume Local_Export'!K13+'Volume Local_Export'!T13 -> 0 | L13: =+'Volume Local_Export'!L13+'Volume Local_Export'!U13 -> 0 | M13: =+'Volume Local_Export'!M13+'Volume Local_Export'!V13 -> 0
F14: Total Laminage | G14: =+'Volume Local_Export'!G14+'Volume Local_Export'!P14 -> 6195.956 | H14: =+'Volume Local_Export'!H14+'Volume Local_Export'!Q14 -> 9293.934 | I14: =+'Volume Local_Export'!I14+'Volume Local_Export'!R14 -> 12390.4 | J14: =+'Volume Local_Export'!J14+'Volume Local_Export'!S14 -> 15489.89 | K14: =+'Volume Local_Export'!K14+'Volume Local_Export'!T14 -> 18585.6 | L14: =+'Volume Local_Export'!L14+'Volume Local_Export'!U14 -> 21685.846 | M14: =+'Volume Local_Export'!M14+'Volume Local_Export'!V14 -> 24780.8 | Q14: 0.88 | R14: 4 | S14: =+$P14*$R14*S$18*(S$19*S$20) -> 0 | T14: =+$P14*$R14*T$18*(T$19*T$20) -> 0 | U14: =+$P14*$R14*U$18*(U$19*U$20) -> 0 | V14: =+$P14*$R14*V$18*(V$19*V$20) -> 0 | X14: =+$Q14*$R14*X$18*(X$19*X$20) -> 6814.72 | Y14: =+$Q14*$R14*Y$18*(Y$19*Y$20) -> 13629.44 | Z14: =+$Q14*$R14*Z$18*(Z$19*Z$20) -> 20444.16 | AA14: =+$Q14*$R14*AA$18*(AA$19*AA$20) -> 27258.88
F16: Total Activité | G16: =SUM(G10:G12)+G14 -> 17357.316 | H16: =SUM(H10:H12)+H14 -> 26035.974 | I16: =SUM(I10:I12)+I14 -> 34770.56 | J16: =SUM(J10:J12)+J14 -> 43393.29 | K16: =SUM(K10:K12)+K14 -> 52155.84 | L16: =SUM(L10:L12)+L14 -> 60750.606 | M16: =SUM(M10:M12)+M14 -> 69541.12 | R16: Total Capacité | S16: =SUM(S10:S14) -> 0 | T16: =SUM(T10:T14) -> 0 | U16: =SUM(U10:U14) -> 0 | V16: =SUM(V10:V14) -> 0 | X16: =SUM(X10:X14) -> 18674.031 | Y16: =SUM(Y10:Y14) -> 37348.062 | Z16: =SUM(Z10:Z14) -> 56022.092 | AA16: =SUM(AA10:AA14) -> 74696.123
R18: Nbr Heure Effectif/Jrs | S18: 8 | T18: 16 | U18: 24 | V18: 32 | X18: 8 | Y18: 16 | Z18: 24 | AA18: 32
F19: Prix des Vente | G19: N1 | H19: N2 | I19: N3 | J19: N4 | K19: N5 | L19: N6 | M19: N7 | N19: TOTAL | R19: Nbre Jour/mois | S19: 22 | T19: 22 | U19: 22 | V19: 22 | X19: 22 | Y19: 22 | Z19: 22 | AA19: 22
R20: Nbre Mois/an | S20: 11 | T20: 11 | U20: 11 | V20: 11 | X20: 11 | Y20: 11 | Z20: 11 | AA20: 11
F21: Tréillis Antifussuration | G21: =+#REF! -> #REF! | H21: =+#REF! -> #REF! | I21: =+#REF! -> #REF! | J21: =+#REF! -> #REF! | K21: =+#REF! -> #REF! | L21: =+#REF! -> #REF! | M21: =+#REF! -> #REF!
F22: Poutrelles | G22: =+#REF! -> #REF! | H22: =+#REF! -> #REF! | I22: =+#REF! -> #REF! | J22: =+#REF! -> #REF! | K22: =+#REF! -> #REF! | L22: =+#REF! -> #REF! | M22: =+#REF! -> #REF!
F23: Nervure
F24: Lamilage à Froid_Prix de Revient | G24: =+#REF! -> #REF! | H24: =+#REF! -> #REF! | I24: =+#REF! -> #REF! | J24: =+#REF! -> #REF! | K24: =+#REF! -> #REF! | L24: =+#REF! -> #REF! | M24: =+#REF! -> #REF!
F25: Lamilage à Froid_PV SIDENOR | G25: =+#REF! -> #REF! | H25: =+#REF! -> #REF! | I25: =+#REF! -> #REF! | J25: =+#REF! -> #REF! | K25: =+#REF! -> #REF! | L25: =+#REF! -> #REF! | M25: =+#REF! -> #REF!
F27: Total Activité
F30: Chiffre D'affaires | G30: N1 | H30: N2 | I30: N3 | J30: N4 | K30: N5 | L30: N6 | M30: N7 | N30: TOTAL
F32: Tréillis Antifussuration | G32: =+'Volume Local_Export'!G32+'Volume Local_Export'!P32 -> 17197488 | H32: =+'Volume Local_Export'!H32+'Volume Local_Export'!Q32 -> 25796232 | I32: =+'Volume Local_Export'!I32+'Volume Local_Export'!R32 -> 34394976 | J32: =+'Volume Local_Export'!J32+'Volume Local_Export'!S32 -> 42993720 | K32: =+'Volume Local_Export'!K32+'Volume Local_Export'!T32 -> 51592464 | L32: =+'Volume Local_Export'!L32+'Volume Local_Export'!U32 -> 60191208 | M32: =+'Volume Local_Export'!M32+'Volume Local_Export'!V32 -> 68789952
F33: Poutrelles | G33: =+'Volume Local_Export'!G33+'Volume Local_Export'!P33 -> 0 | H33: =+'Volume Local_Export'!H33+'Volume Local_Export'!Q33 -> 0 | I33: =+'Volume Local_Export'!I33+'Volume Local_Export'!R33 -> 186127.04 | J33: =+'Volume Local_Export'!J33+'Volume Local_Export'!S33 -> 0 | K33: =+'Volume Local_Export'!K33+'Volume Local_Export'!T33 -> 279190.56 | L33: =+'Volume Local_Export'!L33+'Volume Local_Export'!U33 -> 0 | M33: =+'Volume Local_Export'!M33+'Volume Local_Export'!V33 -> 372254.08
F34: Nervure | G34: =+'Volume Local_Export'!G34+'Volume Local_Export'!P34 -> 7813091 | H34: =+'Volume Local_Export'!H34+'Volume Local_Export'!Q34 -> 11719636 | I34: =+'Volume Local_Export'!I34+'Volume Local_Export'!R34 -> 15626182 | J34: =+'Volume Local_Export'!J34+'Volume Local_Export'!S34 -> 19532728 | K34: =+'Volume Local_Export'!K34+'Volume Local_Export'!T34 -> 23439273 | L34: =+'Volume Local_Export'!L34+'Volume Local_Export'!U34 -> 27345818 | M34: =+'Volume Local_Export'!M34+'Volume Local_Export'!V34 -> 31252364
F35: Lamilage à Froid | G35: =+'Volume Local_Export'!G35+'Volume Local_Export'!P35 -> 0 | H35: =+'Volume Local_Export'!H35+'Volume Local_Export'!Q35 -> 0 | I35: =+'Volume Local_Export'!I35+'Volume Local_Export'!R35 -> 0 | J35: =+'Volume Local_Export'!J35+'Volume Local_Export'!S35 -> 0 | K35: =+'Volume Local_Export'!K35+'Volume Local_Export'!T35 -> 0 | L35: =+'Volume Local_Export'!L35+'Volume Local_Export'!U35 -> 0 | M35: =+'Volume Local_Export'!M35+'Volume Local_Export'!V35 -> 0
F36: Total Laminage | G36: =+'Volume Local_Export'!G36+'Volume Local_Export'!P36 -> 12420731 | H36: =+'Volume Local_Export'!H36+'Volume Local_Export'!Q36 -> 18188977 | I36: =+'Volume Local_Export'!I36+'Volume Local_Export'!R36 -> 23939014 | J36: =+'Volume Local_Export'!J36+'Volume Local_Export'!S36 -> 29808597 | K36: =+'Volume Local_Export'!K36+'Volume Local_Export'!T36 -> 35557156 | L36: =+'Volume Local_Export'!L36+'Volume Local_Export'!U36 -> 41428216 | M36: =+'Volume Local_Export'!M36+'Volume Local_Export'!V36 -> 47175297
F38: Total Chiffre d'affaire Consolidé | G38: =SUM(G32:G35) -> 27985299 | H38: =SUM(H32:H35) -> 41977949 | I38: =SUM(I32:I35) -> 56106325 | J38: =SUM(J32:J35) -> 69963248 | K38: =SUM(K32:K35) -> 84159488 | L38: =SUM(L32:L35) -> 97948547 | M38: =SUM(M32:M35) -> 1.1221265e+08
F39: CA laminage (Prix Vente) | G39: =+G14*G25 -> 12391912 | H39: =+H14*H25 -> 18587868 | I39: =+I14*I25 -> 24780800 | J39: =+J14*J25 -> 30979780 | K39: =+K14*K25 -> 37171200 | L39: =+L14*L25 -> 43371692 | M39: =+M14*M25 -> 49561600
F40: % Volume de Production | G40: N1 | H40: N2 | I40: N3 | J40: N4 | K40: N5 | L40: N6 | M40: N7
F42: Tréillis Antifussuration | G42: =+G10/G$47 -> 0.41995894 | H42: =+H10/H$47 -> 0.41995894 | I42: =+I10/I$47 -> 0.41870824 | J42: =+J10/J$47 -> 0.41995894 | K42: =+K10/K$47 -> 0.41870824 | L42: =+L10/L$47 -> 0.41995894 | M42: =+M10/M$47 -> 0.41870824
F43: Poutrelles | G43: =+G11/G$47 -> 0 | H43: =+H11/H$47 -> 0 | I43: =+I11/I$47 -> 0.0022271715 | J43: =+J11/J$47 -> 0 | K43: =+K11/K$47 -> 0.0022271715 | L43: =+L11/L$47 -> 0 | M43: =+M11/M$47 -> 0.0022271715
F44: Nervure | G44: =+G12/G$47 -> 0.22307596 | H44: =+H12/H$47 -> 0.22307596 | I44: =+I12/I$47 -> 0.22271715 | J44: =+J12/J$47 -> 0.22307596 | K44: =+K12/K$47 -> 0.22271715 | L44: =+L12/L$47 -> 0.22307596 | M44: =+M12/M$47 -> 0.22271715
F45: Total Laminage | G45: =+G14/G$47 -> 0.3569651 | H45: =+H14/H$47 -> 0.3569651 | I45: =+I14/I$47 -> 0.35634744 | J45: =+J14/J$47 -> 0.3569651 | K45: =+K14/K$47 -> 0.35634744 | L45: =+L14/L$47 -> 0.3569651 | M45: =+M14/M$47 -> 0.35634744
F47: Total Activité | G47: =+SUM(G10:G12,G14) -> 17357.316 | H47: =+SUM(H10:H12,H14) -> 26035.974 | I47: =+SUM(I10:I12,I14) -> 34770.56 | J47: =+SUM(J10:J12,J14) -> 43393.29 | K47: =+SUM(K10:K12,K14) -> 52155.84 | L47: =+SUM(L10:L12,L14) -> 60750.606 | M47: =+SUM(M10:M12,M14) -> 69541.12
F50: Nombre de Poste | G50: N1 | H50: N2 | I50: N3 | J50: N4 | K50: N5 | L50: N6 | M50: N7
F52: Tréillis Antifussuration | G52: =IF(G10>$AA$10,5,IF(G10>$Z$10,4,IF(G10<=0,0,IF(G10<=$X10,1,IF(G10>$Y10,3,2))))) -> 1 | H52: =IF(H10>$AA$10,5,IF(H10>$Z$10,4,IF(H10<=0,0,IF(H10<=$X10,1,IF(H10>$Y10,3,2))))) -> 2 | I52: =IF(I10>$AA$10,5,IF(I10>$Z$10,4,IF(I10<=0,0,IF(I10<=$X10,1,IF(I10>$Y10,3,2))))) -> 2 | J52: =IF(J10>$AA$10,5,IF(J10>$Z$10,4,IF(J10<=0,0,IF(J10<=$X10,1,IF(J10>$Y10,3,2))))) -> 3 | K52: =IF(K10>$AA$10,5,IF(K10>$Z$10,4,IF(K10<=0,0,IF(K10<=$X10,1,IF(K10>$Y10,3,2))))) -> 3 | L52: =IF(L10>$AA$10,5,IF(L10>$Z$10,4,IF(L10<=0,0,IF(L10<=$X10,1,IF(L10>$Y10,3,2))))) -> 4 | M52: =IF(M10>$AA$10,5,IF(M10>$Z$10,4,IF(M10<=0,0,IF(M10<=$X10,1,IF(M10>$Y10,3,2))))) -> 4
F53: Poutrelles | G53: =IF(G11>$AA$11,5,IF(G11>$Z$11,4,IF(G11<=0,0,IF(G11<=$X11,1,IF(G11>$Y11,3,2))))) -> 0 | H53: =IF(H11>$AA$11,5,IF(H11>$Z$11,4,IF(H11<=0,0,IF(H11<=$X11,1,IF(H11>$Y11,3,2))))) -> 0 | I53: =IF(I11>$AA$11,5,IF(I11>$Z$11,4,IF(I11<=0,0,IF(I11<=$X11,1,IF(I11>$Y11,3,2))))) -> 0 | J53: =IF(J11>$AA$11,5,IF(J11>$Z$11,4,IF(J11<=0,0,IF(J11<=$X11,1,IF(J11>$Y11,3,2))))) -> 0 | K53: =IF(K11>$AA$11,5,IF(K11>$Z$11,4,IF(K11<=0,0,IF(K11<=$X11,1,IF(K11>$Y11,3,2))))) -> 0 | L53: =IF(L11>$AA$11,5,IF(L11>$Z$11,4,IF(L11<=0,0,IF(L11<=$X11,1,IF(L11>$Y11,3,2))))) -> 0 | M53: =IF(M11>$AA$11,5,IF(M11>$Z$11,4,IF(M11<=0,0,IF(M11<=$X11,1,IF(M11>$Y11,3,2))))) -> 0
F54: Nervure | G54: =IF(G12>$AA$12,5,IF(G12>$Z$12,4,IF(G12<=0,0,IF(G12<=$X12,1,IF(G12>$Y12,3,2))))) -> 1 | H54: =IF(H12>$AA$12,5,IF(H12>$Z$12,4,IF(H12<=0,0,IF(H12<=$X12,1,IF(H12>$Y12,3,2))))) -> 2 | I54: =IF(I12>$AA$12,5,IF(I12>$Z$12,4,IF(I12<=0,0,IF(I12<=$X12,1,IF(I12>$Y12,3,2))))) -> 2 | J54: =IF(J12>$AA$12,5,IF(J12>$Z$12,4,IF(J12<=0,0,IF(J12<=$X12,1,IF(J12>$Y12,3,2))))) -> 3 | K54: =IF(K12>$AA$12,5,IF(K12>$Z$12,4,IF(K12<=0,0,IF(K12<=$X12,1,IF(K12>$Y12,3,2))))) -> 3 | L54: =IF(L12>$AA$12,5,IF(L12>$Z$12,4,IF(L12<=0,0,IF(L12<=$X12,1,IF(L12>$Y12,3,2))))) -> 4 | M54: =IF(M12>$AA$12,5,IF(M12>$Z$12,4,IF(M12<=0,0,IF(M12<=$X12,1,IF(M12>$Y12,3,2))))) -> 4
F55: Total Laminage | G55: =IF(G14>$AA$14,5,IF(G14>$Z$14,4,IF(G14<=$X14,1,IF(G14>$Y14,3,2)))) -> 2 | H55: =IF(H14>$AA$14,5,IF(H14>$Z$14,4,IF(H14<=$X14,1,IF(H14>$Y14,3,2)))) -> 2 | I55: =IF(I14>$AA$14,5,IF(I14>$Z$14,4,IF(I14<=$X14,1,IF(I14>$Y14,3,2)))) -> 2 | J55: =IF(J14>$AA$14,5,IF(J14>$Z$14,4,IF(J14<=$X14,1,IF(J14>$Y14,3,2)))) -> 3 | K55: =IF(K14>$AA$14,5,IF(K14>$Z$14,4,IF(K14<=$X14,1,IF(K14>$Y14,3,2)))) -> 3 | L55: =IF(L14>$AA$14,5,IF(L14>$Z$14,4,IF(L14<=$X14,1,IF(L14>$Y14,3,2)))) -> 4 | M55: =IF(M14>$AA$14,5,IF(M14>$Z$14,4,IF(M14<=$X14,1,IF(M14>$Y14,3,2)))) -> 4
F57: Total Activité
B59: Rations Vs Coût Investissements | F59: Charges de Financement | G59: N1 | H59: N2 | I59: N3 | J59: N4 | K59: N5 | L59: N6 | M59: N7 | N59: % inv Equi
F61: Tréillis Antifussuration | G61: =+G$67*$G79 -> 293521.88 | H61: =+H$67*$G79 -> 293521.88 | I61: =+I$67*$G79 -> 293521.88 | J61: =+J$67*$G79 -> 293521.88 | K61: =+K$67*$G79 -> 293521.88 | L61: =+L$67*$G79 -> 293521.88 | M61: =+M$67*$G79 -> 293521.88
F62: Poutrelles | G62: =+G$67*$G80 -> 0 | H62: =+H$67*$G80 -> 0 | I62: =+I$67*$G80 -> 0 | J62: =+J$67*$G80 -> 0 | K62: =+K$67*$G80 -> 0 | L62: =+L$67*$G80 -> 0 | M62: =+M$67*$G80 -> 0
F63: Nervure | G63: =+G$67*$G81 -> 81150.166 | H63: =+H$67*$G81 -> 81150.166 | I63: =+I$67*$G81 -> 81150.166 | J63: =+J$67*$G81 -> 81150.166 | K63: =+K$67*$G81 -> 81150.166 | L63: =+L$67*$G81 -> 81150.166 | M63: =+M$67*$G81 -> 81150.166
F64: Laminage à Froid | G64: =+G$67*$G82 -> 0 | H64: =+H$67*$G82 -> 0 | I64: =+I$67*$G82 -> 0 | J64: =+J$67*$G82 -> 0 | K64: =+K$67*$G82 -> 0 | L64: =+L$67*$G82 -> 0 | M64: =+M$67*$G82 -> 0
F65: Total Laminage | G65: =+G$67*$G83 -> 86329.964 | H65: =+H$67*$G83 -> 86329.964 | I65: =+I$67*$G83 -> 86329.964 | J65: =+J$67*$G83 -> 86329.964 | K65: =+K$67*$G83 -> 86329.964 | L65: =+L$67*$G83 -> 86329.964 | M65: =+M$67*$G83 -> 86329.964
F67: Total charge financement | G67: =+#REF!/7 -> #REF! | H67: =+#REF!/7 -> #REF! | I67: =+#REF!/7 -> #REF! | J67: =+#REF!/7 -> #REF! | K67: =+#REF!/7 -> #REF! | L67: =+#REF!/7 -> #REF! | M67: =+#REF!/7 -> #REF!
F69: Calcul Investissement equipement | G69: N1 | H69: N2 | I69: N3 | J69: N4 | K69: N5 | L69: N6 | M69: N7
F71: Tréillis Antifussuration | G71: =IF(G52>8,G89*3,IF(G52<=4,G89,G89*2)) -> 4200000 | H71: =IF(H52>8,H89*3,IF(H52<=4,H89,H89*2)) -> 4200000 | I71: =IF(I52>8,I89*3,IF(I52<=4,I89,I89*2)) -> 4200000 | J71: =IF(J52>8,J89*3,IF(J52<=4,J89,J89*2)) -> 4200000 | K71: =IF(K52>8,K89*3,IF(K52<=4,K89,K89*2)) -> 4200000 | L71: =IF(L52>8,L89*3,IF(L52<=4,L89,L89*2)) -> 4200000 | M71: =IF(M52>8,M89*3,IF(M52<=4,M89,M89*2)) -> 4200000
F72: Poutrelles | G72: =IF(G53>8,G90*3,IF(G53<=4,G90,G90*2)) -> 0 | H72: =IF(H53>8,H90*3,IF(H53<=4,H90,H90*2)) -> 0 | I72: =IF(I53>8,I90*3,IF(I53<=4,I90,I90*2)) -> 0 | J72: =IF(J53>8,J90*3,IF(J53<=4,J90,J90*2)) -> 0 | K72: =IF(K53>8,K90*3,IF(K53<=4,K90,K90*2)) -> 0 | L72: =IF(L53>8,L90*3,IF(L53<=4,L90,L90*2)) -> 0 | M72: =IF(M53>8,M90*3,IF(M53<=4,M90,M90*2)) -> 0
F73: Nervure | G73: =IF(G54>8,G91*3,IF(G54<=4,G91,G91*2)) -> 1645000 | H73: =IF(H54>8,H91*3,IF(H54<=4,H91,H91*2)) -> 1645000 | I73: =IF(I54>8,I91*3,IF(I54<=4,I91,I91*2)) -> 1645000 | J73: =IF(J54>8,J91*3,IF(J54<=4,J91,J91*2)) -> 1645000 | K73: =IF(K54>8,K91*3,IF(K54<=4,K91,K91*2)) -> 1645000 | L73: =IF(L54>8,L91*3,IF(L54<=4,L91,L91*2)) -> 1645000 | M73: =IF(M54>8,M91*3,IF(M54<=4,M91,M91*2)) -> 1645000
F74: Lamilage à Froid
F75: Total Laminage | G75: =IF(G55>8,G93*3,IF(G55<=4,G93,G93*2)) -> 1750000 | H75: =IF(H55>8,H93*3,IF(H55<=4,H93,H93*2)) -> 1750000 | I75: =IF(I55>8,I93*3,IF(I55<=4,I93,I93*2)) -> 1750000 | J75: =IF(J55>8,J93*3,IF(J55<=4,J93,J93*2)) -> 1750000 | K75: =IF(K55>8,K93*3,IF(K55<=4,K93,K93*2)) -> 1750000 | L75: =IF(L55>8,L93*3,IF(L55<=4,L93,L93*2)) -> 1750000 | M75: =IF(M55>8,M93*3,IF(M55<=4,M93,M93*2)) -> 1750000
F77: Total Activité | G77: =SUM(G71:G75) -> 9345000 | H77: =SUM(H71:H75) -> 9345000 | I77: =SUM(I71:I75) -> 11795000 | J77: =SUM(J71:J75) -> 9345000 | K77: =SUM(K71:K75) -> 11795000 | L77: =SUM(L71:L75) -> 9345000 | M77: =SUM(M71:M75) -> 11795000
F79: Tréillis Antifussuration | G79: =+G71/G$77 -> 0.63670412 | H79: =+H71/H$77 -> 0.63670412 | I79: =+I71/I$77 -> 0.50445104 | J79: =+J71/J$77 -> 0.63670412 | K79: =+K71/K$77 -> 0.50445104 | L79: =+L71/L$77 -> 0.63670412 | M79: =+M71/M$77 -> 0.50445104
F80: Poutrelles | G80: =+G72/G$77 -> 0 | H80: =+H72/H$77 -> 0 | I80: =+I72/I$77 -> 0.20771513 | J80: =+J72/J$77 -> 0 | K80: =+K72/K$77 -> 0.20771513 | L80: =+L72/L$77 -> 0 | M80: =+M72/M$77 -> 0.20771513
F81: Nervure | G81: =+G73/G$77 -> 0.17602996 | H81: =+H73/H$77 -> 0.17602996 | I81: =+I73/I$77 -> 0.13946588 | J81: =+J73/J$77 -> 0.17602996 | K81: =+K73/K$77 -> 0.13946588 | L81: =+L73/L$77 -> 0.17602996 | M81: =+M73/M$77 -> 0.13946588
F82: Lamilage à Froid | G82: =+G74/G$77 -> 0 | H82: =+H74/H$77 -> 0 | I82: =+I74/I$77 -> 0 | J82: =+J74/J$77 -> 0 | K82: =+K74/K$77 -> 0 | L82: =+L74/L$77 -> 0 | M82: =+M74/M$77 -> 0
F83: Total Laminage | G83: =+G75/G$77 -> 0.18726592 | H83: =+H75/H$77 -> 0.18726592 | I83: =+I75/I$77 -> 0.14836795 | J83: =+J75/J$77 -> 0.18726592 | K83: =+K75/K$77 -> 0.14836795 | L83: =+L75/L$77 -> 0.18726592 | M83: =+M75/M$77 -> 0.14836795
F85: Total Activité | G85: =SUM(G79:G83) -> 1 | H85: =SUM(H79:H83) -> 1 | I85: =SUM(I79:I83) -> 1 | J85: =SUM(J79:J83) -> 1 | K85: =SUM(K79:K83) -> 1 | L85: =SUM(L79:L83) -> 1 | M85: =SUM(M79:M83) -> 1
F87: Valeur Origine Investissement | G87: N1 | H87: N2 | I87: N3 | J87: N4 | K87: N5 | L87: N6 | M87: N7
F89: Tréillis Antifussuration | G89: =IF(G10>0,Assumptions!$F$13,0) -> 4200000 | H89: =IF(H10>0,Assumptions!$F$13,0) -> 4200000 | I89: =IF(I10>0,Assumptions!$F$13,0) -> 4200000 | J89: =IF(J10>0,Assumptions!$F$13,0) -> 4200000 | K89: =IF(K10>0,Assumptions!$F$13,0) -> 4200000 | L89: =IF(L10>0,Assumptions!$F$13,0) -> 4200000 | M89: =IF(M10>0,Assumptions!$F$13,0) -> 4200000
F90: Poutrelles | G90: =IF(G11>0,Assumptions!$F$14,0) -> 0 | H90: =IF(H11>0,Assumptions!$F$14,0) -> 0 | I90: =IF(I11>0,Assumptions!$F$14,0) -> 2450000 | J90: =IF(J11>0,Assumptions!$F$14,0) -> 0 | K90: =IF(K11>0,Assumptions!$F$14,0) -> 2450000 | L90: =IF(L11>0,Assumptions!$F$14,0) -> 0 | M90: =IF(M11>0,Assumptions!$F$14,0) -> 2450000
F91: Nervure | G91: =IF(G12>0,Assumptions!$F$15,0) -> 1645000 | H91: =IF(H12>0,Assumptions!$F$15,0) -> 1645000 | I91: =IF(I12>0,Assumptions!$F$15,0) -> 1645000 | J91: =IF(J12>0,Assumptions!$F$15,0) -> 1645000 | K91: =IF(K12>0,Assumptions!$F$15,0) -> 1645000 | L91: =IF(L12>0,Assumptions!$F$15,0) -> 1645000 | M91: =IF(M12>0,Assumptions!$F$15,0) -> 1645000
F92: Lamilage à Froid
F93: Total Laminage | G93: =IF(G14>0,Assumptions!$F$12,0) -> 1750000 | H93: =IF(H14>0,Assumptions!$F$12,0) -> 1750000 | I93: =IF(I14>0,Assumptions!$F$12,0) -> 1750000 | J93: =IF(J14>0,Assumptions!$F$12,0) -> 1750000 | K93: =IF(K14>0,Assumptions!$F$12,0) -> 1750000 | L93: =IF(L14>0,Assumptions!$F$12,0) -> 1750000 | M93: =IF(M14>0,Assumptions!$F$12,0) -> 1750000
F95: Total Invest D'Origine | G95: =SUM(G89:G93) -> 9345000 | H95: =SUM(H89:H93) -> 9345000 | I95: =SUM(I89:I93) -> 11795000 | J95: =SUM(J89:J93) -> 9345000 | K95: =SUM(K89:K93) -> 11795000 | L95: =SUM(L89:L93) -> 9345000 | M95: =SUM(M89:M93) -> 11795000
F97: Charges Financiéres | G97: N1 | H97: N2 | I97: N3 | J97: N4 | K97: N5 | L97: N6 | M97: N7
F99: Tréillis Antifussuration | G99: =+G32*$N99 -> 171974.88 | H99: =+H32*$N99 -> 257962.32 | I99: =+I32*$N99 -> 343949.76 | J99: =+J32*$N99 -> 429937.2 | K99: =+K32*$N99 -> 515924.64 | L99: =+L32*$N99 -> 601912.08 | M99: =+M32*$N99 -> 687899.52 | N99: 0.01
F100: Poutrelles | G100: =+G33*$N100 -> 0 | H100: =+H33*$N100 -> 0 | I100: =+I33*$N100 -> 3722.5408 | J100: =+J33*$N100 -> 0 | K100: =+K33*$N100 -> 5583.8112 | L100: =+L33*$N100 -> 0 | M100: =+M33*$N100 -> 7445.0816 | N100: 0.02
F101: Nervure | G101: =+G34*$N101 -> 78130.91 | H101: =+H34*$N101 -> 117196.37 | I101: =+I34*$N101 -> 156261.82 | J101: =+J34*$N101 -> 195327.27 | K101: =+K34*$N101 -> 234392.73 | L101: =+L34*$N101 -> 273458.18 | M101: =+M34*$N101 -> 312523.64 | N101: 0.01
F102: Laminage à Froid | G102: =+G35*$N102 -> 0 | H102: =+H35*$N102 -> 0 | I102: =+I35*$N102 -> 0 | J102: =+J35*$N102 -> 0 | K102: =+K35*$N102 -> 0 | L102: =+L35*$N102 -> 0 | M102: =+M35*$N102 -> 0 | N102: 0.01
F103: Total Laminage | G103: =+G$67*G119 -> #REF! | H103: =+H$67*H119 -> #REF! | I103: =+I$67*I119 -> #REF! | J103: =+J$67*J119 -> #REF! | K103: =+K$67*K119 -> #REF! | L103: =+L$67*L119 -> #REF! | M103: =+M$67*M119 -> #REF! | N103: 0.02
F106: Total Charges Financiéres | G106: =SUM(G99:G103) -> 279852.99 | H106: =SUM(H99:H103) -> 419779.49 | I106: =SUM(I99:I103) -> 562924.52 | J106: =SUM(J99:J103) -> 699632.48 | K106: =SUM(K99:K103) -> 844386.79 | L106: =SUM(L99:L103) -> 979485.47 | M106: =SUM(M99:M103) -> 1125849
F108: Charges Marketing & Communication | G108: N1 | H108: N2 | I108: N3 | J108: N4 | K108: N5 | L108: N6 | M108: N7
F110: Tréillis Antifussuration | G110: =IF(G10>0,$P110,0) -> 50000 | H110: =IF(H10>0,$P110,0) -> 50000 | I110: =IF(I10>0,$P110,0) -> 50000 | J110: =IF(J10>0,$P110,0) -> 50000 | K110: =IF(K10>0,$P110,0) -> 50000 | L110: =IF(L10>0,$P110,0) -> 50000 | M110: =IF(M10>0,$P110,0) -> 50000 | P110: 50000
F111: Poutrelles | G111: =IF(G11>0,$P111,0) -> 0 | H111: =IF(H11>0,$P111,0) -> 0 | I111: =IF(I11>0,$P111,0) -> 50000 | J111: =IF(J11>0,$P111,0) -> 0 | K111: =IF(K11>0,$P111,0) -> 50000 | L111: =IF(L11>0,$P111,0) -> 0 | M111: =IF(M11>0,$P111,0) -> 50000 | P111: 50000
F112: Nervure | G112: =IF(G12>0,$P112,0) -> 50000 | H112: =IF(H12>0,$P112,0) -> 50000 | I112: =IF(I12>0,$P112,0) -> 50000 | J112: =IF(J12>0,$P112,0) -> 50000 | K112: =IF(K12>0,$P112,0) -> 50000 | L112: =IF(L12>0,$P112,0) -> 50000 | M112: =IF(M12>0,$P112,0) -> 50000 | P112: 50000
F113: Laminage à Froid | G113: =IF(G13>0,$P113,0) -> 0 | H113: =IF(H13>0,$P113,0) -> 0 | I113: =IF(I13>0,$P113,0) -> 0 | J113: =IF(J13>0,$P113,0) -> 0 | K113: =IF(K13>0,$P113,0) -> 0 | L113: =IF(L13>0,$P113,0) -> 0 | M113: =IF(M13>0,$P113,0) -> 0 | P113: 30000
F114: Total Laminage | G114: =+G$67*G129 -> 0 | H114: =+H$67*H129 -> 0 | I114: =+I$67*I129 -> 3839.0174 | J114: =+J$67*J129 -> 0 | K114: =+K$67*K129 -> 5758.5261 | L114: =+L$67*L129 -> 0 | M114: =+M$67*M129 -> 7678.0348 | P114: =SUM(P110:P113) -> 180000
F116: Total charges Marketing | G116: =SUM(G110:G114) -> 100000 | H116: =SUM(H110:H114) -> 100000 | I116: =SUM(I110:I114) -> 153839.02 | J116: =SUM(J110:J114) -> 100000 | K116: =SUM(K110:K114) -> 155758.53 | L116: =SUM(L110:L114) -> 100000 | M116: =SUM(M110:M114) -> 157678.03
F118: Remise commerciale | G118: N1 | H118: N2 | I118: N3 | J118: N4 | K118: N5 | L118: N6 | M118: N7
F120: Tréillis Antifussuration | G120: =G158 -> 0.021766455 | H120: =H158 -> 0.032649682 | I120: =I158 -> 0.04353291 | J120: =J158 -> 0.054416137 | K120: =K158 -> 0.065299364 | L120: =L158 -> 0.076182592 | M120: =M158 -> 0.087065819
F121: Poutrelles | G121: =G160 -> 0 | H121: =H160 -> 0 | I121: =I160 -> 0.00051424152 | J121: =J160 -> 0 | K121: =K160 -> 0.00077136227 | L121: =L160 -> 0 | M121: =M160 -> 0.001028483
F122: Nervure | G122: =+G120 -> 0.021766455 | H122: =+H120 -> 0.032649682 | I122: =+I120 -> 0.04353291 | J122: =+J120 -> 0.054416137 | K122: =+K120 -> 0.065299364 | L122: =+L120 -> 0.076182592 | M122: =+M120 -> 0.087065819 | N122: meme remise tréillis
F123: Lamilage à Froid_PV SIDENOR | G123: =G162 -> 0 | H123: =H162 -> 0 | I123: =I162 -> 0 | J123: =J162 -> 0 | K123: =K162 -> 0 | L123: =L162 -> 0 | M123: =M162 -> 0
F126: Taux D'occupation Machine | G126: N1 | H126: N2 | I126: N3 | J126: N4 | K126: N5 | L126: N6 | M126: N7
F128: Tréillis Antifussuration | G128: =G10/$AA$10 -> 0.25 | H128: =H10/$AA$10 -> 0.375 | I128: =I10/$AA$10 -> 0.5 | J128: =J10/$AA$10 -> 0.625 | K128: =K10/$AA$10 -> 0.75 | L128: =L10/$AA$10 -> 0.875 | M128: =M10/$AA$10 -> 1
F129: Poutrelles | G129: =+G11/$AA$11 -> 0 | H129: =+H11/$AA$11 -> 0 | I129: =+I11/$AA$11 -> 0.0083275503 | J129: =+J11/$AA$11 -> 0 | K129: =+K11/$AA$11 -> 0.012491325 | L129: =+L11/$AA$11 -> 0 | M129: =+M11/$AA$11 -> 0.016655101
F130: Nervure | G130: =+G12/$AA$12 -> 0.25 | H130: =+H12/$AA$12 -> 0.375 | I130: =+I12/$AA$12 -> 0.5 | J130: =+J12/$AA$12 -> 0.625 | K130: =+K12/$AA$12 -> 0.75 | L130: =+L12/$AA$12 -> 0.875 | M130: =+M12/$AA$12 -> 1
F131: Lamilage à Froid | G131: =+G14/$AA$14 -> 0.25003051 | H131: =+H14/$AA$14 -> 0.37504576 | I131: =+I14/$AA$14 -> 0.5 | J131: =+J14/$AA$14 -> 0.62507627 | K131: =+K14/$AA$14 -> 0.75 | L131: =+L14/$AA$14 -> 0.87510678 | M131: =+M14/$AA$14 -> 1
F133: Taux Occupation Global | G133: =+G16/$AA$16 -> 0.22059106 | H133: =+H16/$AA$16 -> 0.33088658 | I133: =+I16/$AA$16 -> 0.44189289 | J133: =+J16/$AA$16 -> 0.55147764 | K133: =+K16/$AA$16 -> 0.66283933 | L133: =+L16/$AA$16 -> 0.77206869 | M133: =+M16/$AA$16 -> 0.88378578
H134: 0.05 | I134: 0.05 | J134: 0.05 | K134: 0.05 | L134: 0.05 | M134: 0.05
F135: Volume Marché | G135: N1 | H135: N2 | I135: N3 | J135: N4 | K135: N5 | L135: N6 | M135: N7
C137: 0.2 | D137: Mché | E137: 0 | F137: Tréillis Antifussuration | G137: 35000 | H137: =+G137*(1+$C137) -> 42000 | I137: =+H137*(1+$C137) -> 50400 | J137: =+I137*(1+$C137) -> 60480 | K137: =+J137*(1+$C137) -> 72576 | L137: =+K137*(1+$C137) -> 87091.2 | M137: =+L137*(1+$C137) -> 104509.44
C138: 0.2 | D138: Potentiel | E138: 550000 | G138: =+$E$138*C138 -> 110000 | H138: =+G138*(1+$E137) -> 110000 | I138: =+H138*(1+$E137) -> 110000 | J138: =+I138*(1+$E137) -> 110000 | K138: =+J138*(1+$E137) -> 110000 | L138: =+K138*(1+$E137) -> 110000 | M138: =+L138*(1+$E137) -> 110000
C139: 0.4 | D139: Mché | F139: Poutrelles | G139: 2000 | H139: =+G139*(1+$C139) -> 2800 | I139: =+H139*(1+$C139) -> 3920 | J139: =+I139*(1+$C139) -> 5488 | K139: =+J139*(1+$C139) -> 7683.2 | L139: =+K139*(1+$C139) -> 10756.48 | M139: =+L139*(1+$C139) -> 15059.072
D140: Potentiel | E140: 0.05 | G140: 40000 | H140: =+G140*(1+$E$140) -> 42000 | I140: =+H140*(1+$E$140) -> 44100 | J140: =+I140*(1+$E$140) -> 46305 | K140: =+J140*(1+$E$140) -> 48620.25 | L140: =+K140*(1+$E$140) -> 51051.263 | M140: =+L140*(1+$E$140) -> 53603.826
C141: 0.2 | D141: Mché | F141: Laminage à Froid | G141: 35000 | H141: =+G141*(1+$C141) -> 42000 | I141: =+H141*(1+$C141) -> 50400 | J141: =+I141*(1+$C141) -> 60480 | K141: =+J141*(1+$C141) -> 72576 | L141: =+K141*(1+$C141) -> 87091.2 | M141: =+L141*(1+$C141) -> 104509.44
...

Sheet Energie_ Poutrelles
B3: COUT DE L'INSTALLATION D'UNE LIGNE DE FABRICATION DE POUTRELLE (AWM)
A7: CONTRUCTIONS | E7: =([4]INVESTISSEMENT!E19+[4]INVESTISSEMENT!E21)/[4]INVESTISSEMENT!E30*('[4]P.R. T.S. Antifissuration'!E9+'[4]P.R. T.S. Antifissuration'!E10) -> 1883697.7 | F7: DT
A9: LIGNE COMPLETE DE LAMINAGE A FROID | C9: 650000 | E9: =C9*K9 -> 2080000 | F9: DT | J9: 1 EURO | K9: 3.2 | L9: DT
A10: MONTAGE, ASSISTANCE ET MISE EN SERVICE | E10: 200000 | F10: DT
A12: UTILITES: ELECTRICITE, AIR ET EAU GLACEE | E12: =[4]INVESTISSEMENT!E23*[4]INVESTISSEMENT!C41/[4]INVESTISSEMENT!C30 -> 242890.98 | F12: DT
A13: FRAIS DIVERS | E13: =[4]INVESTISSEMENT!E48*[4]INVESTISSEMENT!C41/[4]INVESTISSEMENT!C30 -> 70776.679 | F13: DT
A15: TOTAL INVESTISSEMENT EQUIPEMENTS | E15: =SUM(E9:E13) -> 2593667.7 | F15: DT
B18: PRIX DE REVIENT POUTRELLES
B19: RENDEMENT : | D19: 0.8
A22: VITESSE EN M/MIN | D22: 26 | F22: 28 | H22: 28 | J22: 20 | L22: 20 | N22: 24 | P22: =(D22+F22+H22+J22+L22+N22)/6 -> 24.333333
A23: CADENCE EN CYCLES / MINUTE | D23: 65 | F23: 70 | H23: 70 | J23: 50 | L23: 50 | N23: 60 | P23: =(D23+F23+H23+J23+L23+N23)/6 -> 60.833333
A24: CAPACITES EN T/(8xH) SELON MODELE | D24: 9.5 | F24: 10 | H24: 10 | J24: 6 | L24: 6 | N24: 8 | P24: =(D24+F24+H24+J24+L24+N24)/6 -> 8.25
A25: MODELE : Φ Long(mm) - Φ Transv(mm) - Haut(mm) | D25: 10 - 5 - 90 | F25: 10 - 6 - 120 | H25: 12 - 6 - 150 | J25: 14 - 7 - 200 | L25: 14 - 7 - 250 | N25: 12 - 6 - 300 | P25: Moyenne
B26: UNITE | C26: PRIX UNIT | D26: CONS. | E26: COUT | F26: CONS. | G26: COUT | H26: CONS. | I26: COUT | J26: CONS. | K26: COUT | L26: CONS. | M26: COUT | N26: CONS. | O26: COUT | P26: CONS. | Q26: COUT
A27: Consommation Electrique machines | B27: KWH | C27: 0.2 | D27: =(600*0.9)/4/(D24/8) -> 113.68421 | E27: =D27*$C$27 -> 22.736842 | F27: =(600*0.9)/4/(F24/8) -> 108 | G27: =F27*$C$27 -> 21.6 | H27: =(600*0.9)/4/(H24/8) -> 108 | I27: =H27*$C$27 -> 21.6 | J27: =(600*0.9)/4/(J24/8) -> 180 | K27: =J27*$C$27 -> 36 | L27: =(600*0.9)/4/(L24/8) -> 180 | M27: =L27*$C$27 -> 36 | N27: =(600*0.9)/4/(N24/8) -> 135 | O27: =N27*$C$27 -> 27 | P27: =(D27+F27+H27+J27+L27+N27)/6 -> 137.44737 | Q27: =P27*C27 -> 27.489474
A28: Eau de Refroidissement (7 m3/h ∆T 8° ) | B28: KWH | C28: 0.2 | D28: =12/(D24/8) -> 10.105263 | E28: =D28*$C$28 -> 2.0210526 | F28: =25/(F24*$D$19) -> 3.125 | G28: =F28*$C$28 -> 0.625 | H28: =25/(H24*$D$19) -> 3.125 | I28: =H28*$C$28 -> 0.625 | J28: =25/(J24*$D$19) -> 5.2083333 | K28: =J28*$C$28 -> 1.0416667 | L28: =25/(L24*$D$19) -> 5.2083333 | M28: =L28*$C$28 -> 1.0416667 | N28: =25/(N24*$D$19) -> 3.90625 | O28: =N28*$C$28 -> 0.78125 | P28: =(D28+F28+H28+J28+L28+N28)/6 -> 5.11303 | Q28: =P28*C28 -> 1.022606
A29: Air Comprimé (100Nm3 /h à 6 bars) | B29: KWH | C29: 0.2 | D29: =10/(D24/8) -> 8.4210526 | E29: =D29*$C$29 -> 1.6842105 | F29: =10/(F24*$D$19) -> 1.25 | G29: =F29*$C$29 -> 0.25 | H29: =10/(H24*$D$19) -> 1.25 | I29: =H29*$C$29 -> 0.25 | J29: =10/(J24*$D$19) -> 2.0833333 | K29: =J29*$C$29 -> 0.41666667 | L29: =10/(L24*$D$19) -> 2.0833333 | M29: =L29*$C$29 -> 0.41666667 | N29: =10/(N24*$D$19) -> 1.5625 | O29: =N29*$C$29 -> 0.3125 | P29: =(D29+F29+H29+J29+L29+N29)/6 -> 2.7750365 | Q29: =P29*C29 -> 0.55500731
A31: Consommation Galets (1 jeu de 3 : 600 € par 4000 T ) | B31: JEU | C31: =600*K9 -> 1920 | D31: =2/4000 -> 0.0005 | E31: =D31*$C$31 -> 0.96 | F31: =D31 -> 0.0005 | G31: =F31*$C$31 -> 0.96 | H31: =F31 -> 0.0005 | I31: =H31*$C$31 -> 0.96 | J31: =H31 -> 0.0005 | K31: =J31*$C$31 -> 0.96 | L31: =J31 -> 0.0005 | M31: =L31*$C$31 -> 0.96 | N31: =L31 -> 0.0005 | O31: =N31*$C$31 -> 0.96 | P31: =(D31+F31+H31+J31+L31+N31)/6 -> 0.0005 | Q31: =P31*C31 -> 0.96
A32: Autres P.R. et consommables (1% du cout sur Tonnage) | B32: LOT | D32: 0.02 | E32: =$D$32*$E$15/(D24/8*7200*$D$19) -> 7.5838236 | F32: =D32 -> 0.02 | G32: =$D$32*$E$15/(F24/8*7200*$D$19) -> 7.2046324 | H32: 0.01 | I32: =$D$32*$E$15/(H24/8*7200*$D$19) -> 7.2046324 | J32: =F32 -> 0.02 | K32: =$D$32*$E$15/(J24/8*7200*$D$19) -> 12.007721 | L32: =J32 -> 0.02 | M32: =$D$32*$E$15/(L24/8*7200*$D$19) -> 12.007721 | N32: 0.01 | O32: =$D$32*$E$15/(N24/8*7200*$D$19) -> 9.0057905 | P32: =(D32+F32+H32+J32+L32+N32)/6 -> 0.016666667 | Q32: =(E32+G32+I32+K32+M32+O32)/6 -> 9.1690534
A34: Main d'Œuvre (2 techniciens) | B34: H.TECH | C34: 8 | D34: =2/(D24/8) -> 1.6842105 | E34: =D34*$C$34 -> 13.473684 | F34: =2/(F24/8) -> 1.6 | G34: =F34*$C$34 -> 12.8 | H34: =2/(H24/8) -> 1.6 | I34: =H34*$C$34 -> 12.8 | J34: =2/(J24/8) -> 2.6666667 | K34: =J34*$C$34 -> 21.333333 | L34: =2/(L24/8) -> 2.6666667 | M34: =L34*$C$34 -> 21.333333 | N34: =2/(N24/8) -> 2 | O34: =N34*$C$34 -> 16 | P34: =(D34+F34+H34+J34+L34+N34)/6 -> 2.0362573 | Q34: =P34*C34 -> 16.290058
A36: Amortissement equipement (10 ans ) | E36: =$E$15/(7200*(D24/8)*$D$19)/10 -> 37.919118 | G36: =$E$15/(7200*(F24/8)*$D$19)/10 -> 36.023162 | I36: =$E$15/(7200*(H24/8)*$D$19)/10 -> 36.023162 | K36: =$E$15/(7200*(J24/8)*$D$19)/10 -> 60.038603 | M36: =$E$15/(7200*(L24/8)*$D$19)/10 -> 60.038603 | O36: =$E$15/(7200*(N24/8)*$D$19)/10 -> 45.028952 | Q36: =(E36+G36+I36+K36+M36+O36)/6 -> 45.845267
A37: Amortissement Construction (1 MD sur 20 ans) | E37: =$E$7/(7200*(D24/8)*$D$19)/20 -> 13.76972 | G37: =$E$7/(7200*(F24/8)*$D$19)/20 -> 13.081234 | I37: =$E$7/(7200*(H24/8)*$D$19)/20 -> 13.081234 | K37: =$E$7/(7200*(J24/8)*$D$19)/20 -> 21.802056 | M37: =$E$7/(7200*(L24/8)*$D$19)/20 -> 21.802056 | O37: =$E$7/(7200*(N24/8)*$D$19)/20 -> 16.351542 | Q37: =(E37+G37+I37+K37+M37+O37)/6 -> 16.647974
A38: Frais Divers de Gestion | E38: 5 | G38: 5 | I38: 5 | K38: 5 | M38: 5 | O38: 5 | Q38: =(E38+G38+I38+K38+M38+O38)/6 -> 5
A40: TOTAL | E40: =SUM(E27:E39) -> 105.14845 | G40: =SUM(G27:G39) -> 97.544028 | I40: =SUM(I27:I39) -> 97.544028 | K40: =SUM(K27:K39) -> 158.60005 | M40: =SUM(M27:M39) -> 158.60005 | O40: =SUM(O27:O39) -> 120.44004 | Q40: =SUM(Q27:Q39) -> 122.97944

Sheet hierarchie
A1: Code Pdts | B1: Description Produits | C1: Code Gamme | D1: Gamme de Produits | E1: Code Atelier | F1: Description Atelier_Ligne | G1: CODE Gamme | H1: Description Gamme | I1: CODE Activité | J1: Descr. Activité
A2: PF0401 | B2: Armatures Diam8 | C2: F04 | D2: Armatures Pré-Fabriqués | E2: L04 | F2: Atelier de Façonnage | I2: PFF | J2: 01-PRODUITS SID
A3: PF0402 | B3: Armatures Diam10 | C3: F04 | D3: Armatures Pré-Fabriqués | E3: L04 | F3: Atelier de Façonnage | I3: PFF | J3: 01-PRODUITS SID
A4: PF0403 | B4: Armatures Diam12 | C4: F04 | D4: Armatures Pré-Fabriqués | E4: L04 | F4: Atelier de Façonnage | I4: PFF | J4: 01-PRODUITS SID
A5: PF0404 | B5: Armatures Diam14 | C5: F04 | D5: Armatures Pré-Fabriqués | E5: L04 | F5: Atelier de Façonnage | I5: PFF | J5: 01-PRODUITS SID
A6: PF0501 | B6: D03 en Bobine | C6: F05 | D6: Fil machine Diam 3 en bobine | E6: L05 | F6: Ligne Laminage à Froid | H6: Laminage à Froid | I6: PFF | J6: 01-PRODUITS SID
A7: PF0502 | B7: D04 en Bobine | C7: F05 | D7: Fil machine Diam 4 en bobine | E7: L06 | F7: Ligne Laminage à Froid | H7: Laminage à Froid | J7: 01-PRODUITS SID
A8: PF0503 | B8: D05 en Bobine | C8: F05 | D8: Fil machine Diam 5 en bobine | E8: L07 | F8: Ligne Laminage à Froid | H8: Laminage à Froid | J8: 01-PRODUITS SID
A9: PF0504 | B9: D06 en Bobine | C9: F05 | D9: Fil machine Diam 6 en bobine | E9: L08 | F9: Ligne Laminage à Froid | H9: Laminage à Froid | J9: 01-PRODUITS SID
A10: PF0601 | B10: Produits TR_Soudé Section 3 | C10: F06 | D10: Treillis Soudé | E10: L06 | F10: Ligne Treillis Soudés | I10: PFF | J10: 01-PRODUITS SID
A11: PF0602 | B11: Produits TR_Soudé Section 4 | C11: F06 | D11: Treillis Soudé | E11: L06 | F11: Ligne Treillis Soudés | I11: PFF | J11: 01-PRODUITS SID
A12: PF0603 | B12: Produits TR_Soudé Section 6 | C12: F06 | D12: Treillis Soudé | E12: L06 | F12: Ligne Treillis Soudés | I12: PFF | J12: 01-PRODUITS SID
A13: PF0604 | B13: Produits TR_Soudé Section 8 | C13: F06 | D13: Treillis Soudé | E13: L06 | F13: Ligne Treillis Soudés | I13: PFF | J13: 01-PRODUITS SID
A14: PF0605 | B14: Produits TR_Soudé Section 10 | C14: F06 | D14: Treillis Soudé | E14: L06 | F14: Ligne Treillis Soudés | I14: PFF | J14: 01-PRODUITS SID
A15: PF0701 | B15: Produits FAS 1 | C15: F07 | D15: Amataures façconnés_Assemblé_Soudé | E15: L07 | F15: Atelier de Façonnage | I15: PFF | J15: 01-PRODUITS SID
A16: PF0702 | B16: Produits FAS 2 | C16: F07 | D16: Amataures façconnés_Assemblé_Soudé | E16: L07 | F16: Atelier de Façonnage | I16: PFF | J16: 01-PRODUITS SID
A17: PF0703 | B17: Produits FAS 3 | C17: F07 | D17: Amataures façconnés_Assemblé_Soudé | E17: L07 | F17: Atelier de Façonnage | I17: PFF | J17: 01-PRODUITS SID
A18: PF0704 | B18: Produits FAS 4 | C18: F07 | D18: Amataures façconnés_Assemblé_Soudé | E18: L07 | F18: Atelier de Façonnage | I18: PFF | J18: 01-PRODUITS SID
A19: PR0101 | B19: Barres Courtes | C19: F08 | D19: Produits résiduels | I19: PR | J19: 01-PRODUITS SID
A20: PR0102 | B20: Calamine | C20: F02 | D20: Produits résiduels | I20: PR | J20: 01-PRODUITS SID
A21: PR0103 | B21: Produits Féraille | C21: F02 | D21: Produits résiduels | I21: PR | J21: 01-PRODUITS SID

Sheet P&L
A2: Version 3
A4: Etat de résultat prévisionnel 2020-2026
B5: =+'[5]Assump. '!F18 -> 0 | C5: =+'[5]Assump. '!G18 -> 0 | D5: =+'[5]Assump. '!H18 -> 0 | E5: =+'[5]Assump. '!I18 -> 0 | F5: =+'[5]Assump. '!J18 -> 0 | G5: =+'[5]Assump. '!K18 -> 0 | H5: =+'[5]Assump. '!L18 -> 0
A6: En milliers de DT | B6: 2020 P | C6: 2021 P | D6: 2022 P | E6: 2023 P | F6: 2024 P | G6: 2025 P | H6: 2026 P | I6: CAGR (2018-2022)
A7: Revenus | B7: =ROUND('[6]P&LV3'!B7/1000,1)*1000 -> 455700 | C7: =ROUND('[6]P&LV3'!C7/1000,1)*1000 -> 520300 | D7: =ROUND('[6]P&LV3'!D7/1000,1)*1000 -> 589700 | E7: =ROUND('[6]P&LV3'!E7/1000,1)*1000 -> 670600 | F7: =ROUND('[6]P&LV3'!F7/1000,1)*1000 -> 761400 | G7: =ROUND('[6]P&LV3'!G7/1000,1)*1000 -> 866400 | H7: =ROUND('[6]P&LV3'!H7/1000,1)*1000 -> 994200 | I7: 0.18456615
A8: Achats de marchandises consommées | B8: =ROUND('[6]P&LV3'!B8/1000,1)*1000 -> -384600 | C8: =ROUND('[6]P&LV3'!C8/1000,1)*1000 -> -440300 | D8: =ROUND('[6]P&LV3'!D8/1000,1)*1000 -> -499600 | E8: =ROUND('[6]P&LV3'!E8/1000,1)*1000 -> -569900 | F8: =ROUND('[6]P&LV3'!F8/1000,1)*1000 -> -647200 | G8: =ROUND('[6]P&LV3'!G8/1000,1)*1000 -> -736800 | H8: =ROUND('[6]P&LV3'!H8/1000,1)*1000 -> -848700 | I8: 0.19272851
A9: Achats d'appro. Consommés | B9: =ROUND('[6]P&LV3'!B9/1000,1)*1000 -> -12700 | C9: =ROUND('[6]P&LV3'!C9/1000,1)*1000 -> -13800 | D9: =ROUND('[6]P&LV3'!D9/1000,1)*1000 -> -15100 | E9: =ROUND('[6]P&LV3'!E9/1000,1)*1000 -> -16500 | F9: =ROUND('[6]P&LV3'!F9/1000,1)*1000 -> -17900 | G9: =ROUND('[6]P&LV3'!G9/1000,1)*1000 -> -19500 | H9: =ROUND('[6]P&LV3'!H9/1000,1)*1000 -> -21300 | I9: 0.10894957
A10: Marge brute | B10: =SUM(B7:B9) -> 58400 | C10: =SUM(C7:C9) -> 66200 | D10: =SUM(D7:D9) -> 75000 | E10: =SUM(E7:E9) -> 84200 | F10: =SUM(F7:F9) -> 96300 | G10: =SUM(G7:G9) -> 110100 | H10: =SUM(H7:H9) -> 124200 | I10: 0.14246781
A11: Charges de personnel | B11: =ROUND('[6]P&LV3'!B11/1000,1)*1000 -> -7800 | C11: =ROUND('[6]P&LV3'!C11/1000,1)*1000 -> -8300 | D11: =ROUND('[6]P&LV3'!D11/1000,1)*1000 -> -8800 | E11: =ROUND('[6]P&LV3'!E11/1000,1)*1000 -> -9300 | F11: =ROUND('[6]P&LV3'!F11/1000,1)*1000 -> -9900 | G11: =ROUND('[6]P&LV3'!G11/1000,1)*1000 -> -10500 | H11: =ROUND('[6]P&LV3'!H11/1000,1)*1000 -> -11200 | I11: 0.073294702
A12: Autres charges d'exploitation | B12: =ROUND('[6]P&LV3'!B12/1000,1)*1000 -> -3400 | C12: =ROUND('[6]P&LV3'!C12/1000,1)*1000 -> -3700 | D12: =ROUND('[6]P&LV3'!D12/1000,1)*1000 -> -3600 | E12: =ROUND('[6]P&LV3'!E12/1000,1)*1000 -> -3900 | F12: =ROUND('[6]P&LV3'!F12/1000,1)*1000 -> -4100 | G12: =ROUND('[6]P&LV3'!G12/1000,1)*1000 -> -4400 | H12: =ROUND('[6]P&LV3'!H12/1000,1)*1000 -> -4700 | I12: 0.074584629
A13: EBITDA | B13: =SUM(B10:B12) -> 47200 | C13: =SUM(C10:C12) -> 54200 | D13: =SUM(D10:D12) -> 62600 | E13: =SUM(E10:E12) -> 71000 | F13: =SUM(F10:F12) -> 82300 | G13: =SUM(G10:G12) -> 95200 | H13: =SUM(H10:H12) -> 108300 | I13: 0.15640159
A14: Dotations aux amt. et aux prov. | B14: =ROUND('[6]P&LV3'!B14/1000,1)*1000 -> -9400 | C14: =ROUND('[6]P&LV3'!C14/1000,1)*1000 -> -8900 | D14: =ROUND('[6]P&LV3'!D14/1000,1)*1000 -> -8700 | E14: =ROUND('[6]P&LV3'!E14/1000,1)*1000 -> -7900 | F14: =ROUND('[6]P&LV3'!F14/1000,1)*1000 -> -7300 | G14: =ROUND('[6]P&LV3'!G14/1000,1)*1000 -> -7100 | H14: =ROUND('[6]P&LV3'!H14/1000,1)*1000 -> -7100 | I14: -0.05354742
A15: EBIT | B15: =SUM(B13:B14) -> 37800 | C15: =SUM(C13:C14) -> 45300 | D15: =SUM(D13:D14) -> 53900 | E15: =SUM(E13:E14) -> 63100 | F15: =SUM(F13:F14) -> 75000 | G15: =SUM(G13:G14) -> 88100 | H15: =SUM(H13:H14) -> 101200 | I15: 0.18993459
A16: Charges financières liées à l'exploitation | B16: =ROUND('[6]P&LV3'!B16/1000,1)*1000 -> -14600 | C16: =ROUND('[6]P&LV3'!C16/1000,1)*1000 -> -16500 | D16: =ROUND('[6]P&LV3'!D16/1000,1)*1000 -> -16200 | E16: =ROUND('[6]P&LV3'!E16/1000,1)*1000 -> -16400 | F16: =ROUND('[6]P&LV3'!F16/1000,1)*1000 -> -17100 | G16: =ROUND('[6]P&LV3'!G16/1000,1)*1000 -> -18300 | H16: =ROUND('[6]P&LV3'!H16/1000,1)*1000 -> -19900 | I16: 0.077395965
A17: Charges financières liées aux emprunts | B17: =ROUND('[6]P&LV3'!B17/1000,1)*1000 -> -4000 | C17: =ROUND('[6]P&LV3'!C17/1000,1)*1000 -> -3200 | D17: =ROUND('[6]P&LV3'!D17/1000,1)*1000 -> -2400 | E17: =ROUND('[6]P&LV3'!E17/1000,1)*1000 -> -1700 | F17: =ROUND('[6]P&LV3'!F17/1000,1)*1000 -> -1100 | G17: =ROUND('[6]P&LV3'!G17/1000,1)*1000 -> -600 | H17: =ROUND('[6]P&LV3'!H17/1000,1)*1000 -> -200 | I17: -0.24338009
A18: Charges financières | B18: =SUM(B16:B17) -> -18600 | C18: =SUM(C16:C17) -> -19700 | D18: =SUM(D16:D17) -> -18600 | E18: =SUM(E16:E17) -> -18100 | F18: =SUM(F16:F17) -> -18200 | G18: =SUM(G16:G17) -> -18900 | H18: =SUM(H16:H17) -> -20100 | I18: 0.037746712
A19: Résultat d'exploitation | B19: =+B15+B18 -> 19200 | C19: =+C15+C18 -> 25600 | D19: =+D15+D18 -> 35300 | E19: =+E15+E18 -> 45000 | F19: =+F15+F18 -> 56800 | G19: =+G15+G18 -> 69200 | H19: =+H15+H18 -> 81100 | I19: 0.28248403
A20: Impôt sur les bénéfices | B20: =ROUND('[6]P&LV3'!B20/1000,1)*1000 -> -1700 | C20: =ROUND('[6]P&LV3'!C20/1000,1)*1000 -> -3000 | D20: =ROUND('[6]P&LV3'!D20/1000,1)*1000 -> -4100 | E20: =ROUND('[6]P&LV3'!E20/1000,1)*1000 -> -5200 | F20: =ROUND('[6]P&LV3'!F20/1000,1)*1000 -> -14200 | G20: =ROUND('[6]P&LV3'!G20/1000,1)*1000 -> -17300 | H20: =ROUND('[6]P&LV3'!H20/1000,1)*1000 -> -20300 | I20: 0.57624385
A21: Eléments extraordinaires (Gains/Pertes) | B21: 0 | C21: 0 | D21: 0 | E21: 0 | F21: 0 | G21: 0 | H21: 0 | I21: 0
A22: Résultat net | B22: =SUM(B19:B21) -> 17500 | C22: =SUM(C19:C21) -> 22600 | D22: =SUM(D19:D21) -> 31200 | E22: =SUM(E19:E21) -> 39800 | F22: =SUM(F19:F21) -> 42600 | G22: =SUM(G19:G21) -> 51900 | H22: =SUM(H19:H21) -> 60800 | I22: 0.23359924
I23: 0
A24: Taux de marge | B24: =+B10/B$7 -> 0.12815449 | C24: =+C10/C$7 -> 0.12723429 | D24: =+D10/D$7 -> 0.12718331 | E24: =+E10/E$7 -> 0.1255592 | F24: =+F10/F$7 -> 0.12647754 | G24: =+G10/G$7 -> 0.12707756 | H24: =+H10/H$7 -> 0.12492456
A25: EBITDA en % du CA | B25: =+B13/B7 -> 0.10357691 | C25: =+C13/C7 -> 0.10417067 | D25: =+D13/D7 -> 0.10615567 | E25: =+E13/E7 -> 0.10587534 | F25: =+F13/F7 -> 0.10809036 | G25: =+G13/G7 -> 0.10987996 | H25: =+H13/H7 -> 0.1089318
A26: EBIT en % du CA | B26: =+B15/B7 -> 0.082949309 | C26: =+C15/C7 -> 0.087065155 | D26: =+D15/D7 -> 0.091402408 | E26: =+E15/E7 -> 0.09409484 | F26: =+F15/F7 -> 0.098502758 | G26: =+G15/G7 -> 0.10168513 | H26: =+H15/H7 -> 0.10179038
A27: Résultat Net en % CA | B27: =+B22/B7 -> 0.038402458 | C27: =+C22/C7 -> 0.043436479 | D27: =+D22/D7 -> 0.052908258 | E27: =+E22/E7 -> 0.059349836 | F27: =+F22/F7 -> 0.055949567 | G27: =+G22/G7 -> 0.059903047 | H27: =+H22/H7 -> 0.061154697

Sheet Chiffre Affaires
D1: SIDENOR
D2: BUDGET 2019
D3: Evolution du Prix de Vente _Chiffre d'affaires
U5: Evolution Prix de Vente
D6: Prix de Vente | U6: 2019 | V6: 2020 | W6: 2021 | X6: 2022 | Y6: 2023
D7: Code Article | F7: Article | G7: 43101 | H7: 43132 | I7: 43160 | J7: 43191 | K7: 43221 | L7: 43252 | M7: 43282 | N7: 43313 | O7: 43344 | P7: 43374 | Q7: 43405 | R7: 43435 | S7: TOTAL | U7: 40544 | V7: 40575 | W7: 40603 | X7: 40634 | Y7: 40664
B9: =$E9&"-"&$C9 -> F01-PV01 | C9: PV01 | D9: PF0101 | E9: =VLOOKUP(D9,'[1]Base Produits'!$A$1:$E$40,3,FALSE) -> F01 | F9: =+VLOOKUP($D9,Hierarchie_PF,2,FALSE) -> D08 RB500 | G9: =IFERROR(G84/'[1]Vente Volume'!G83,"-") -> 1504.938 | H9: =IFERROR(H84/'[1]Vente Volume'!H83,"-") -> 1590.09 | I9: =IFERROR(I84/'[1]Vente Volume'!I83,"-") -> 1595.234 | J9: =IFERROR(J84/'[1]Vente Volume'!J83,"-") -> 1595.234 | K9: =IFERROR(K84/'[1]Vente Volume'!K83,"-") -> 1595.234 | L9: =IFERROR(L84/'[1]Vente Volume'!L83,"-") -> 1595.234 | M9: =IFERROR(M84/'[1]Vente Volume'!M83,"-") -> 1595.234 | N9: =IFERROR(N84/'[1]Vente Volume'!N83,"-") -> 1629.7177 | ... R9: =IFERROR(R84/'[1]Vente Volume'!R83,"-") -> 1643.3918 | S9: =SUMPRODUCT(G9:R9,G$77:R$77)/$S$77 -> 1615.2379
B10: =$E10&"-"&$C10 -> F01-PV01 | C10: PV01 | D10: PF0102 | E10: =VLOOKUP(D10,'[1]Base Produits'!$A$1:$E$40,3,FALSE) -> F01 | F10: =+VLOOKUP($D10,Hierarchie_PF,2,FALSE) -> D10 RB500 | G10: =IFERROR(G85/'[1]Vente Volume'!G84,"-") -> 1494.323 | H10: =IFERROR(H85/'[1]Vente Volume'!H84,"-") -> 1571.7315 | I10: =IFERROR(I85/'[1]Vente Volume'!I84,"-") -> 1583.982 | J10: =IFERROR(J85/'[1]Vente Volume'!J84,"-") -> 1583.982 | K10: =IFERROR(K85/'[1]Vente Volume'!K84,"-") -> 1583.982 | L10: =IFERROR(L85/'[1]Vente Volume'!L84,"-") -> 1583.982 | M10: =IFERROR(M85/'[1]Vente Volume'!M84,"-") -> 1583.982 | N10: =IFERROR(N85/'[1]Vente Volume'!N84,"-") -> 1616.4648 | ... R10: =IFERROR(R85/'[1]Vente Volume'!R84,"-") -> 1631.8002 | S10: =SUMPRODUCT(G10:R10,G$77:R$77)/$S$77 -> 1603.1745
B11: =$E11&"-"&$C11 -> F01-PV01 | C11: PV01 | D11: PF0103 | E11: =VLOOKUP(D11,'[1]Base Produits'!$A$1:$E$40,3,FALSE) -> F01 | F11: =+VLOOKUP($D11,Hierarchie_PF,2,FALSE) -> D12 RB500 | G11: =IFERROR(G86/'[1]Vente Volume'!G85,"-") -> - | H11: =IFERROR(H86/'[1]Vente Volume'!H85,"-") -> 1564.205 | I11: =IFERROR(I86/'[1]Vente Volume'!I85,"-") -> 1564.205 | J11: =IFERROR(J86/'[1]Vente Volume'!J85,"-") -> 1564.205 | K11: =IFERROR(K86/'[1]Vente Volume'!K85,"-") -> 1564.205 | L11: =IFERROR(L86/'[1]Vente Volume'!L85,"-") -> 1564.205 | M11: =IFERROR(M86/'[1]Vente Volume'!M85,"-") -> 1564.205 | N11: =IFERROR(N86/'[1]Vente Volume'!N85,"-") -> 1627.2089 | ... R11: =IFERROR(R86/'[1]Vente Volume'!R85,"-") -> 1611.4266 | S11: =SUMPRODUCT(G11:R11,G$77:R$77)/$S$77 -> 1458.7313
B12: =$E12&"-"&$C12 -> F01-PV01 | C12: PV01 | D12: PF0104 | E12: =VLOOKUP(D12,'[1]Base Produits'!$A$1:$E$40,3,FALSE) -> F01 | F12: =+VLOOKUP($D12,Hierarchie_PF,2,FALSE) -> D14 RB500 | G12: =IFERROR(G87/'[1]Vente Volume'!G86,"-") -> 1471.303 | H12: =IFERROR(H87/'[1]Vente Volume'!H86,"-") -> 1559.581 | I12: =IFERROR(I87/'[1]Vente Volume'!I86,"-") -> 1559.581 | J12: =IFERROR(J87/'[1]Vente Volume'!J86,"-") -> 1559.581 | K12: =IFERROR(K87/'[1]Vente Volume'!K86,"-") -> 1559.581 | L12: =IFERROR(L87/'[1]Vente Volume'!L86,"-") -> 1559.581 | M12: =IFERROR(M87/'[1]Vente Volume'!M86,"-") -> 1559.581 | N12: =IFERROR(N87/'[1]Vente Volume'!N86,"-") -> 1610.8294 | ... R12: =IFERROR(R87/'[1]Vente Volume'!R86,"-") -> 1606.6627 | S12: =SUMPRODUCT(G12:R12,G$77:R$77)/$S$77 -> 1580.9679
B13: =$E13&"-"&$C13 -> F01-PV01 | C13: PV01 | D13: PF0105 | E13: =VLOOKUP(D13,'[1]Base Produits'!$A$1:$E$40,3,FALSE) -> F01 | F13: =+VLOOKUP($D13,Hierarchie_PF,2,FALSE) -> D16 RB500 | G13: =IFERROR(G88/'[1]Vente Volume'!G87,"-") -> 1456.276 | H13: =IFERROR(H88/'[1]Vente Volume'!H87,"-") -> 1543.6532 | I13: =IFERROR(I88/'[1]Vente Volume'!I87,"-") -> - | J13: =IFERROR(J88/'[1]Vente Volume'!J87,"-") -> 1543.653 | K13: =IFERROR(K88/'[1]Vente Volume'!K87,"-") -> 1543.653 | L13: =IFERROR(L88/'[1]Vente Volume'!L87,"-") -> 1543.653 | M13: =IFERROR(M88/'[1]Vente Volume'!M87,"-") -> 1543.653 | N13: =IFERROR(N88/'[1]Vente Volume'!N87,"-") -> 1613.4577 | ... R13: =IFERROR(R88/'[1]Vente Volume'!R87,"-") -> 1590.2531 | S13: =SUMPRODUCT(G13:R13,G$77:R$77)/$S$77 -> 1432.6279
B14: =$E14&"-"&$C14 -> F01-PV01 | C14: PV01 | D14: PF0106 | E14: =VLOOKUP(D14,'[1]Base Produits'!$A$1:$E$40,3,FALSE) -> F01 | F14: =+VLOOKUP($D14,Hierarchie_PF,2,FALSE) -> D20 RB500 | G14: =IFERROR(G89/'[1]Vente Volume'!G88,"-") -> - | H14: =IFERROR(H89/'[1]Vente Volume'!H88,"-") -> - | I14: =IFERROR(I89/'[1]Vente Volume'!I88,"-") -> - | J14: =IFERROR(J89/'[1]Vente Volume'!J88,"-") -> - | K14: =IFERROR(K89/'[1]Vente Volume'!K88,"-") -> - | L14: =IFERROR(L89/'[1]Vente Volume'!L88,"-") -> - | M14: =IFERROR(M89/'[1]Vente Volume'!M88,"-") -> - | N14: =IFERROR(N89/'[1]Vente Volume'!N88,"-") -> - | ... R14: =IFERROR(R89/'[1]Vente Volume'!R88,"-") -> 1580.3059 | S14: =SUMPRODUCT(G14:R14,G$77:R$77)/$S$77 -> 395.07648
B15: =$E15&"-"&$C15 -> F01-PV01 | C15: PV01 | D15: PF0107 | E15: =VLOOKUP(D15,'[1]Base Produits'!$A$1:$E$40,3,FALSE) -> F01 | F15: =+VLOOKUP($D15,Hierarchie_PF,2,FALSE) -> D25 RB500 | G15: =IFERROR(G90/'[1]Vente Volume'!G89,"-") -> 1443.281 | H15: =IFERROR(H90/'[1]Vente Volume'!H89,"-") -> - | I15: =IFERROR(I90/'[1]Vente Volume'!I89,"-") -> - | J15: =IFERROR(J90/'[1]Vente Volume'!J89,"-") -> - | K15: =IFERROR(K90/'[1]Vente Volume'!K89,"-") -> - | L15: =IFERROR(L90/'[1]Vente Volume'!L89,"-") -> - | M15: =IFERROR(M90/'[1]Vente Volume'!M89,"-") -> - | N15: =IFERROR(N90/'[1]Vente Volume'!N89,"-") -> - | ... R15: =IFERROR(R90/'[1]Vente Volume'!R89,"-") -> 1576.0621 | S15: =SUMPRODUCT(G15:R15,G$77:R$77)/$S$77 -> 519.09988
B16: =$E16&"-"&$C16 -> F01-PV01 | C16: PV01 | D16: PF0108 | E16: =VLOOKUP(D16,'[1]Base Produits'!$A$1:$E$40,3,FALSE) -> F01 | F16: =+VLOOKUP($D16,Hierarchie_PF,2,FALSE) -> D32 RB500 | G16: =IFERROR(G91/'[1]Vente Volume'!G90,"-") -> - | H16: =IFERROR(H91/'[1]Vente Volume'!H90,"-") -> - | I16: =IFERROR(I91/'[1]Vente Volume'!I90,"-") -> - | J16: =IFERROR(J91/'[1]Vente Volume'!J90,"-") -> - | K16: =IFERROR(K91/'[1]Vente Volume'!K90,"-") -> - | L16: =IFERROR(L91/'[1]Vente Volume'!L90,"-") -> - | M16: =IFERROR(M91/'[1]Vente Volume'!M90,"-") -> - | N16: =IFERROR(N91/'[1]Vente Volume'!N90,"-") -> - | ... R16: =IFERROR(R91/'[1]Vente Volume'!R90,"-") -> 1569.0435 | S16: =SUMPRODUCT(G16:R16,G$77:R$77)/$S$77 -> 392.26087
D18: =VLOOKUP(D9,Hierarchie_PF,3,FALSE) -> F01 | F18: =VLOOKUP(D9,Hierarchie_PF,4,FALSE) -> Rond à Beton en Barre | G18: =AVERAGE(G9:G16) -> 1474.0242 | H18: =AVERAGE(H9:H16) -> 1565.8521 | I18: =AVERAGE(I9:I16) -> 1575.7505 | J18: =AVERAGE(J9:J16) -> 1569.331 | K18: =AVERAGE(K9:K16) -> 1569.331 | L18: =AVERAGE(L9:L16) -> 1569.331 | M18: =AVERAGE(M9:M16) -> 1569.331 | N18: =AVERAGE(N9:N16) -> 1619.5357 | ... R18: =AVERAGE(R9:R16) -> 1601.1182 | S18: =SUMPRODUCT(G18:R18,G$77:R$77)/$S$77 -> 1586.5806
B20: F02-PV01 | C20: PV01 | D20: PF0201 | E20: F02 | F20: Ø 5,5 3SPPS | G20: =IFERROR(G95/'[1]Vente Volume'!G94,"-") -> 1656.5547 | H20: =IFERROR(H95/'[1]Vente Volume'!H94,"-") -> 1700 | I20: =IFERROR(I95/'[1]Vente Volume'!I94,"-") -> 1700 | J20: =IFERROR(J95/'[1]Vente Volume'!J94,"-") -> 1700 | K20: =IFERROR(K95/'[1]Vente Volume'!K94,"-") -> 1700 | L20: =IFERROR(L95/'[1]Vente Volume'!L94,"-") -> 1800 | M20: =IFERROR(M95/'[1]Vente Volume'!M94,"-") -> 1800 | N20: =IFERROR(N95/'[1]Vente Volume'!N94,"-") -> 1800 | ... R20: =IFERROR(R95/'[1]Vente Volume'!R94,"-") -> 1850 | S20: =SUMPRODUCT(G20:R20,G$77:R$77)/$S$77 -> 1768.433
B21: F02-PV01 | C21: PV01 | D21: PF0202 | E21: F02 | F21: Ø 5,5 SAE1006 | G21: =IFERROR(G96/'[1]Vente Volume'!G95,"-") -> 1600 | H21: =IFERROR(H96/'[1]Vente Volume'!H95,"-") -> - | I21: =IFERROR(I96/'[1]Vente Volume'!I95,"-") -> 1700 | J21: =IFERROR(J96/'[1]Vente Volume'!J95,"-") -> 1700 | K21: =IFERROR(K96/'[1]Vente Volume'!K95,"-") -> - | L21: =IFERROR(L96/'[1]Vente Volume'!L95,"-") -> - | M21: =IFERROR(M96/'[1]Vente Volume'!M95,"-") -> - | N21: =IFERROR(N96/'[1]Vente Volume'!N95,"-") -> - | ... R21: =IFERROR(R96/'[1]Vente Volume'!R95,"-") -> 1850 | S21: =SUMPRODUCT(G21:R21,G$77:R$77)/$S$77 -> 890.16667
B22: F02-PV01 | C22: PV01 | D22: PF0203 | E22: F02 | F22: Ø 5,5 SAE1008 | G22: =IFERROR(G97/'[1]Vente Volume'!G96,"-") -> - | H22: =IFERROR(H97/'[1]Vente Volume'!H96,"-") -> - | I22: =IFERROR(I97/'[1]Vente Volume'!I96,"-") -> - | J22: =IFERROR(J97/'[1]Vente Volume'!J96,"-") -> 1696.7139 | K22: =IFERROR(K97/'[1]Vente Volume'!K96,"-") -> 1698.9656 | L22: =IFERROR(L97/'[1]Vente Volume'!L96,"-") -> 1795.0576 | M22: =IFERROR(M97/'[1]Vente Volume'!M96,"-") -> 1796.9083 | N22: =IFERROR(N97/'[1]Vente Volume'!N96,"-") -> 1800 | ... R22: =IFERROR(R97/'[1]Vente Volume'!R96,"-") -> - | S22: =SUMPRODUCT(G22:R22,G$77:R$77)/$S$77 -> 887.967
B23: F02-PV02 | C23: PV02 | D23: PF0205 | E23: F02 | F23: Ø 06 3SPPS | G23: =IFERROR(G98/'[1]Vente Volume'!G97,"-") -> 1512.377 | H23: =IFERROR(H98/'[1]Vente Volume'!H97,"-") -> 1603.12 | I23: =IFERROR(I98/'[1]Vente Volume'!I97,"-") -> 801.55937 | J23: =IFERROR(J98/'[1]Vente Volume'!J97,"-") -> 1603.12 | K23: =IFERROR(K98/'[1]Vente Volume'!K97,"-") -> 1603.12 | L23: =IFERROR(L98/'[1]Vente Volume'!L97,"-") -> - | M23: =IFERROR(M98/'[1]Vente Volume'!M97,"-") -> - | N23: =IFERROR(N98/'[1]Vente Volume'!N97,"-") -> - | ... R23: =IFERROR(R98/'[1]Vente Volume'!R97,"-") -> 1651.5155 | S23: =SUMPRODUCT(G23:R23,G$77:R$77)/$S$77 -> 1003.5126
B24: F02-PV03 | C24: PV03 | D24: PF0206 | E24: F02 | F24: Ø 06 SAE 1006 | G24: =IFERROR(G99/'[1]Vente Volume'!G98,"-") -> - | H24: =IFERROR(H99/'[1]Vente Volume'!H98,"-") -> - | I24: =IFERROR(I99/'[1]Vente Volume'!I98,"-") -> - | J24: =IFERROR(J99/'[1]Vente Volume'!J98,"-") -> - | K24: =IFERROR(K99/'[1]Vente Volume'!K98,"-") -> - | L24: =IFERROR(L99/'[1]Vente Volume'!L98,"-") -> - | M24: =IFERROR(M99/'[1]Vente Volume'!M98,"-") -> - | N24: =IFERROR(N99/'[1]Vente Volume'!N98,"-") -> - | ... R24: =IFERROR(R99/'[1]Vente Volume'!R98,"-") -> - | S24: =SUMPRODUCT(G24:R24,G$77:R$77)/$S$77 -> 0
B25: F02-PV04 | C25: PV04 | D25: PF0207 | E25: F02 | F25: Ø 7 SAE1006 | G25: =IFERROR(G100/'[1]Vente Volume'!G99,"-") -> - | H25: =IFERROR(H100/'[1]Vente Volume'!H99,"-") -> - | I25: =IFERROR(I100/'[1]Vente Volume'!I99,"-") -> - | J25: =IFERROR(J100/'[1]Vente Volume'!J99,"-") -> 1602.0163 | K25: =IFERROR(K100/'[1]Vente Volume'!K99,"-") -> 1610 | L25: =IFERROR(L100/'[1]Vente Volume'!L99,"-") -> 1608.5173 | M25: =IFERROR(M100/'[1]Vente Volume'!M99,"-") -> 1600 | N25: =IFERROR(N100/'[1]Vente Volume'!N99,"-") -> - | ... R25: =IFERROR(R100/'[1]Vente Volume'!R99,"-") -> - | S25: =SUMPRODUCT(G25:R25,G$77:R$77)/$S$77 -> 540.41114
B26: F02-PV05 | C26: PV05 | D26: PF0208 | E26: F02 | F26: Ø 7 SAE1008 | G26: =IFERROR(G101/'[1]Vente Volume'!G100,"-") -> - | H26: =IFERROR(H101/'[1]Vente Volume'!H100,"-") -> - | I26: =IFERROR(I101/'[1]Vente Volume'!I100,"-") -> 1700 | J26: =IFERROR(J101/'[1]Vente Volume'!J100,"-") -> - | K26: =IFERROR(K101/'[1]Vente Volume'!K100,"-") -> - | L26: =IFERROR(L101/'[1]Vente Volume'!L100,"-") -> - | M26: =IFERROR(M101/'[1]Vente Volume'!M100,"-") -> - | N26: =IFERROR(N101/'[1]Vente Volume'!N100,"-") -> - | ... R26: =IFERROR(R101/'[1]Vente Volume'!R100,"-") -> - | S26: =SUMPRODUCT(G26:R26,G$77:R$77)/$S$77 -> 147.33333
B27: F02-PV06 | C27: PV06 | D27: PF0209 | E27: F02 | F27: Ø 9 SAE1008 | G27: =IFERROR(G102/'[1]Vente Volume'!G101,"-") -> - | H27: =IFERROR(H102/'[1]Vente Volume'!H101,"-") -> - | I27: =IFERROR(I102/'[1]Vente Volume'!I101,"-") -> - | J27: =IFERROR(J102/'[1]Vente Volume'!J101,"-") -> 1610 | K27: =IFERROR(K102/'[1]Vente Volume'!K101,"-") -> 1609.022 | L27: =IFERROR(L102/'[1]Vente Volume'!L101,"-") -> 1610 | M27: =IFERROR(M102/'[1]Vente Volume'!M101,"-") -> - | N27: =IFERROR(N102/'[1]Vente Volume'!N101,"-") -> - | ... R27: =IFERROR(R102/'[1]Vente Volume'!R101,"-") -> - | S27: =SUMPRODUCT(G27:R27,G$77:R$77)/$S$77 -> 407.7819
D29: =VLOOKUP(D20,Hierarchie_PF,3,FALSE) -> F02 | F29: =VLOOKUP(D20,Hierarchie_PF,4,FALSE) -> Fil Machine en bobine | G29: =AVERAGE(G20:G27) -> 1589.6439 | H29: =AVERAGE(H20:H27) -> 1651.56 | I29: =AVERAGE(I20:I27) -> 1475.3898 | J29: =AVERAGE(J20:J27) -> 1651.975 | K29: =AVERAGE(K20:K27) -> 1644.2215 | L29: =AVERAGE(L20:L27) -> 1703.3937 | M29: =AVERAGE(M20:M27) -> 1732.3028 | N29: =AVERAGE(N20:N27) -> 1800 | ... S29: =AVERAGE(S20:S27) -> 705.70069
D31: =VLOOKUP(D20,Hierarchie_PF,5,FALSE) -> M02 | F31: =VLOOKUP(D15,Hierarchie_PF,6,FALSE) -> Ligne Laminoire à Chaud | G31: =AVERAGE(G29,G18) -> 1531.8341 | H31: =AVERAGE(H29,H18) -> 1608.7061 | I31: =AVERAGE(I29,I18) -> 1525.5702 | J31: =AVERAGE(J29,J18) -> 1610.653 | K31: =AVERAGE(K29,K18) -> 1606.7763 | L31: =AVERAGE(L29,L18) -> 1636.3624 | M31: =AVERAGE(M29,M18) -> 1650.8169 | N31: =AVERAGE(N29,N18) -> 1709.7678 | ... R31: =AVERAGE(R29,R18) -> 1692.4784 | S31: =SUMPRODUCT(G31:R31,G$77:R$77)/$S$77 -> 1643.2226 | U31: =SUM(U29,U18) -> 0 | V31: =SUM(V29,V18) -> 0 | W31: =SUM(W29,W18) -> 0 | X31: =SUM(X29,X18) -> 0 | Y31: =SUM(Y29,Y18) -> 0
B33: =$E33&"-"&$C33 -> F03-PV01 | C33: PV01 | D33: PF0301 | E33: =VLOOKUP(D33,'[1]Base Produits'!$A$1:$E$40,3,FALSE) -> F03 | F33: =+VLOOKUP($D33,Hierarchie_PF,2,FALSE) -> D06 lisse en Bobine | G33: =VLOOKUP(D33,'[1]Base Produits'!$A$2:$P$40,16,FALSE) -> 1542.8899 | H33: =+G33*(1+V33) -> 1697.1789 | I33: =+H33*(1+W33) -> 1866.8968 | J33: =+I33*(1+X33) -> 2053.5865 | K33: =+J33*(1+Y33) -> 2258.9451 | L33: =+K33*(1+L$6) -> 2258.9451 | M33: =+L33*(1+M$6) -> 2258.9451 | N33: =+M33*(1+N$6) -> 2258.9451 | O33: =+N33*(1+O$6) -> 2258.9451 | P33: =+O33*(1+P$6) -> 2258.9451 | Q33: =+P33*(1+Q$6) -> 2258.9451 | R33: =+Q33*(1+R$6) -> 2258.9451 | S33: =SUMPRODUCT(G33:R33,G$77:R$77)/$S$77 -> 2104.6001 | V33: ='[1]Hypotheses '!Q$9 -> 0.1 | W33: ='[1]Hypotheses '!R$9 -> 0.1 | X33: ='[1]Hypotheses '!S$9 -> 0.1 | Y33: ='[1]Hypotheses '!T$9 -> 0.1
B34: =$E34&"-"&$C34 -> F03-PV01 | C34: PV01 | D34: PF0302 | E34: =VLOOKUP(D34,'[1]Base Produits'!$A$1:$E$40,3,FALSE) -> F03 | F34: =+VLOOKUP($D34,Hierarchie_PF,2,FALSE) -> D08 RB500 en Bobine | G34: =VLOOKUP(D34,'[1]Base Produits'!$A$2:$P$40,16,FALSE) -> 1680.6723 | H34: =+G34*(1+V34) -> 1848.7395 | I34: =+H34*(1+W34) -> 2033.6134 | J34: =+I34*(1+X34) -> 2236.9748 | K34: =+J34*(1+Y34) -> 2460.6723 | L34: =+K34*(1+L$6) -> 2460.6723 | M34: =+L34*(1+M$6) -> 2460.6723 | N34: =+M34*(1+N$6) -> 2460.6723 | O34: =+N34*(1+O$6) -> 2460.6723 | P34: =+O34*(1+P$6) -> 2460.6723 | Q34: =+P34*(1+Q$6) -> 2460.6723 | R34: =+Q34*(1+R$6) -> 2460.6723 | S34: =SUMPRODUCT(G34:R34,G$77:R$77)/$S$77 -> 2292.544 | V34: ='[1]Hypotheses '!Q$9 -> 0.1 | W34: ='[1]Hypotheses '!R$9 -> 0.1 | X34: ='[1]Hypotheses '!S$9 -> 0.1 | Y34: ='[1]Hypotheses '!T$9 -> 0.1
B35: =$E35&"-"&$C35 -> F03-PV01 | C35: PV01 | D35: PF0303 | E35: =VLOOKUP(D35,'[1]Base Produits'!$A$1:$E$40,3,FALSE) -> F03 | F35: =+VLOOKUP($D35,Hierarchie_PF,2,FALSE) -> D10 RB500 en Bobine | G35: =VLOOKUP(D35,'[1]Base Produits'!$A$2:$P$40,16,FALSE) -> 1680.6723 | H35: =+G35*(1+V35) -> 1848.7395 | I35: =+H35*(1+W35) -> 2033.6134 | J35: =+I35*(1+X35) -> 2236.9748 | K35: =+J35*(1+Y35) -> 2460.6723 | L35: =+K35*(1+L$6) -> 2460.6723 | M35: =+L35*(1+M$6) -> 2460.6723 | N35: =+M35*(1+N$6) -> 2460.6723 | O35: =+N35*(1+O$6) -> 2460.6723 | P35: =+O35*(1+P$6) -> 2460.6723 | Q35: =+P35*(1+Q$6) -> 2460.6723 | R35: =+Q35*(1+R$6) -> 2460.6723 | S35: =SUMPRODUCT(G35:R35,G$77:R$77)/$S$77 -> 2292.544 | V35: ='[1]Hypotheses '!Q$9 -> 0.1 | W35: ='[1]Hypotheses '!R$9 -> 0.1 | X35: ='[1]Hypotheses '!S$9 -> 0.1 | Y35: ='[1]Hypotheses '!T$9 -> 0.1
B36: =$E36&"-"&$C36 -> F03-PV01 | C36: PV01 | D36: PF0304 | E36: =VLOOKUP(D36,'[1]Base Produits'!$A$1:$E$40,3,FALSE) -> F03 | F36: =+VLOOKUP($D36,Hierarchie_PF,2,FALSE) -> D12 RB500 en Bobine | G36: =VLOOKUP(D36,'[1]Base Produits'!$A$2:$P$40,16,FALSE) -> 1680.6723 | H36: =+G36*(1+V36) -> 1848.7395 | I36: =+H36*(1+W36) -> 2033.6134 | J36: =+I36*(1+X36) -> 2236.9748 | K36: =+J36*(1+Y36) -> 2460.6723 | L36: =+K36*(1+L$6) -> 2460.6723 | M36: =+L36*(1+M$6) -> 2460.6723 | N36: =+M36*(1+N$6) -> 2460.6723 | O36: =+N36*(1+O$6) -> 2460.6723 | P36: =+O36*(1+P$6) -> 2460.6723 | Q36: =+P36*(1+Q$6) -> 2460.6723 | R36: =+Q36*(1+R$6) -> 2460.6723 | S36: =SUMPRODUCT(G36:R36,G$77:R$77)/$S$77 -> 2292.544 | V36: ='[1]Hypotheses '!Q$9 -> 0.1 | W36: ='[1]Hypotheses '!R$9 -> 0.1 | X36: ='[1]Hypotheses '!S$9 -> 0.1 | Y36: ='[1]Hypotheses '!T$9 -> 0.1
B37: =$E37&"-"&$C37 -> F03-PV01 | C37: PV01 | D37: PF0305 | E37: =VLOOKUP(D37,'[1]Base Produits'!$A$1:$E$40,3,FALSE) -> F03 | F37: =+VLOOKUP($D37,Hierarchie_PF,2,FALSE) -> D14 RB500 en bobine | G37: =VLOOKUP(D37,'[1]Base Produits'!$A$2:$P$40,16,FALSE) -> 1680.6723 | H37: =+G37*(1+V37) -> 1848.7395 | I37: =+H37*(1+W37) -> 2033.6134 | J37: =+I37*(1+X37) -> 2236.9748 | K37: =+J37*(1+Y37) -> 2460.6723 | L37: =+K37*(1+L$6) -> 2460.6723 | M37: =+L37*(1+M$6) -> 2460.6723 | N37: =+M37*(1+N$6) -> 2460.6723 | O37: =+N37*(1+O$6) -> 2460.6723 | P37: =+O37*(1+P$6) -> 2460.6723 | Q37: =+P37*(1+Q$6) -> 2460.6723 | R37: =+Q37*(1+R$6) -> 2460.6723 | S37: =SUMPRODUCT(G37:R37,G$77:R$77)/$S$77 -> 2292.544 | V37: ='[1]Hypotheses '!Q$9 -> 0.1 | W37: ='[1]Hypotheses '!R$9 -> 0.1 | X37: ='[1]Hypotheses '!S$9 -> 0.1 | Y37: ='[1]Hypotheses '!T$9 -> 0.1
B38: =$E38&"-"&$C38 -> F03-PV01 | C38: PV01 | D38: PF0306 | E38: =VLOOKUP(D38,'[1]Base Produits'!$A$1:$E$40,3,FALSE) -> F03 | F38: =+VLOOKUP($D38,Hierarchie_PF,2,FALSE) -> D16 RB500 en bobine | G38: =VLOOKUP(D38,'[1]Base Produits'!$A$2:$P$40,16,FALSE) -> 1680.6723 | H38: =+G38*(1+V38) -> 1848.7395 | I38: =+H38*(1+W38) -> 2033.6134 | J38: =+I38*(1+X38) -> 2236.9748 | K38: =+J38*(1+Y38) -> 2460.6723 | L38: =+K38*(1+L$6) -> 2460.6723 | M38: =+L38*(1+M$6) -> 2460.6723 | N38: =+M38*(1+N$6) -> 2460.6723 | O38: =+N38*(1+O$6) -> 2460.6723 | P38: =+O38*(1+P$6) -> 2460.6723 | Q38: =+P38*(1+Q$6) -> 2460.6723 | R38: =+Q38*(1+R$6) -> 2460.6723 | S38: =SUMPRODUCT(G38:R38,G$77:R$77)/$S$77 -> 2292.544 | V38: ='[1]Hypotheses '!Q$9 -> 0.1 | W38: ='[1]Hypotheses '!R$9 -> 0.1 | X38: ='[1]Hypotheses '!S$9 -> 0.1 | Y38: ='[1]Hypotheses '!T$9 -> 0.1
B39: =$E39&"-"&$C39 -> F03-PV01 | C39: PV01 | D39: PF0307 | E39: =VLOOKUP(D39,'[1]Base Produits'!$A$1:$E$40,3,FALSE) -> F03 | F39: =+VLOOKUP($D39,Hierarchie_PF,2,FALSE) -> D20 RB500 en bobine | G39: =VLOOKUP(D39,'[1]Base Produits'!$A$2:$P$40,16,FALSE) -> 1680.6723 | H39: =+G39*(1+V39) -> 1848.7395 | I39: =+H39*(1+W39) -> 2033.6134 | J39: =+I39*(1+X39) -> 2236.9748 | K39: =+J39*(1+Y39) -> 2460.6723 | L39: =+K39*(1+L$6) -> 2460.6723 | M39: =+L39*(1+M$6) -> 2460.6723 | N39: =+M39*(1+N$6) -> 2460.6723 | O39: =+N39*(1+O$6) -> 2460.6723 | P39: =+O39*(1+P$6) -> 2460.6723 | Q39: =+P39*(1+Q$6) -> 2460.6723 | R39: =+Q39*(1+R$6) -> 2460.6723 | S39: =SUMPRODUCT(G39:R39,G$77:R$77)/$S$77 -> 2292.544 | V39: ='[1]Hypotheses '!Q$9 -> 0.1 | W39: ='[1]Hypotheses '!R$9 -> 0.1 | X39: ='[1]Hypotheses '!S$9 -> 0.1 | Y39: ='[1]Hypotheses '!T$9 -> 0.1
D41: =VLOOKUP(D33,Hierarchie_PF,3,FALSE) -> F03 | F41: =VLOOKUP(D33,Hierarchie_PF,4,FALSE) -> Rond à Beton en Bobine Compact | G41: =AVERAGE(G32:G40) -> 1660.9891 | H41: =AVERAGE(H32:H40) -> 1827.088 | I41: =AVERAGE(I32:I40) -> 2009.7968 | J41: =AVERAGE(J32:J40) -> 2210.7765 | K41: =AVERAGE(K32:K40) -> 2431.8541 | L41: =AVERAGE(L32:L40) -> 2431.8541 | M41: =AVERAGE(M32:M40) -> 2431.8541 | N41: =AVERAGE(N32:N40) -> 2431.8541 | ... R41: =AVERAGE(R32:R40) -> 2431.8541 | S41: =SUMPRODUCT(G41:R41,G$77:R$77)/$S$77 -> 2265.6948
D43: =VLOOKUP(D34,Hierarchie_PF,5,FALSE) -> L3 | F43: =VLOOKUP(D34,Hierarchie_PF,6,FALSE) -> Ligne Bobineuse | G43: =G41 -> 1660.9891 | H43: =H41 -> 1827.088 | I43: =I41 -> 2009.7968 | J43: =J41 -> 2210.7765 | K43: =K41 -> 2431.8541 | L43: =SUM(L41) -> 2431.8541 | M43: =SUM(M41) -> 2431.8541 | N43: =SUM(N41) -> 2431.8541 | O43: =SUM(O41) -> 2431.8541 | P43: =SUM(P41) -> 2431.8541 | Q43: =SUM(Q41) -> 2431.8541 | R43: =SUM(R41) -> 2431.8541 | S43: =SUMPRODUCT(G43:R43,G$77:R$77)/$S$77 -> 2265.6948
B45: =$E45&"-"&$C45 -> F04-PV01 | C45: PV01 | D45: PF0401 | E45: =VLOOKUP(D45,'[1]Base Produits'!$A$1:$E$40,3,FALSE) -> F04 | F45: =+VLOOKUP($D45,Hierarchie_PF,2,FALSE) -> Armatures Diam8 | G45: =VLOOKUP(D45,'[1]Base Produits'!$A$2:$P$40,16,FALSE) -> 1764.7059 | H45: =+G45*(1+V45) -> 1870.5882 | I45: =+H45*(1+W45) -> 1982.8235 | J45: =+I45*(1+X45) -> 2101.7929 | K45: =+J45*(1+Y45) -> 2227.9005 | L45: =+K45*(1+L$6) -> 2227.9005 | M45: =+L45*(1+M$6) -> 2227.9005 | N45: =+M45*(1+N$6) -> 2227.9005 | O45: =+N45*(1+O$6) -> 2227.9005 | P45: =+O45*(1+P$6) -> 2227.9005 | Q45: =+P45*(1+Q$6) -> 2227.9005 | R45: =+Q45*(1+R$6) -> 2227.9005 | S45: =SUMPRODUCT(G45:R45,G$77:R$77)/$S$77 -> 2129.8051 | V45: ='[1]Hypotheses '!Q$10 -> 0.06 | W45: ='[1]Hypotheses '!R$10 -> 0.06 | X45: ='[1]Hypotheses '!S$10 -> 0.06 | Y45: ='[1]Hypotheses '!T$10 -> 0.06
B46: =$E46&"-"&$C46 -> F04-PV01 | C46: PV01 | D46: PF0402 | E46: =VLOOKUP(D46,'[1]Base Produits'!$A$1:$E$40,3,FALSE) -> F04 | F46: =+VLOOKUP($D46,Hierarchie_PF,2,FALSE) -> Armatures Diam10 | G46: =VLOOKUP(D46,'[1]Base Produits'!$A$2:$P$40,16,FALSE) -> 1764.7059 | H46: =+G46*(1+V46) -> 1870.5882 | I46: =+H46*(1+W46) -> 1982.8235 | J46: =+I46*(1+X46) -> 2101.7929 | K46: =+J46*(1+Y46) -> 2227.9005 | L46: =+K46*(1+L$6) -> 2227.9005 | M46: =+L46*(1+M$6) -> 2227.9005 | N46: =+M46*(1+N$6) -> 2227.9005 | O46: =+N46*(1+O$6) -> 2227.9005 | P46: =+O46*(1+P$6) -> 2227.9005 | Q46: =+P46*(1+Q$6) -> 2227.9005 | R46: =+Q46*(1+R$6) -> 2227.9005 | S46: =SUMPRODUCT(G46:R46,G$77:R$77)/$S$77 -> 2129.8051 | V46: ='[1]Hypotheses '!Q$10 -> 0.06 | W46: ='[1]Hypotheses '!R$10 -> 0.06 | X46: ='[1]Hypotheses '!S$10 -> 0.06 | Y46: ='[1]Hypotheses '!T$10 -> 0.06
B47: =$E47&"-"&$C47 -> F04-PV01 | C47: PV01 | D47: PF0403 | E47: =VLOOKUP(D47,'[1]Base Produits'!$A$1:$E$40,3,FALSE) -> F04 | F47: =+VLOOKUP($D47,Hierarchie_PF,2,FALSE) -> Armatures Diam12 | G47: =VLOOKUP(D47,'[1]Base Produits'!$A$2:$P$40,16,FALSE) -> 1764.7059 | H47: =+G47*(1+V47) -> 1870.5882 | I47: =+H47*(1+W47) -> 1982.8235 | J47: =+I47*(1+X47) -> 2101.7929 | K47: =+J47*(1+Y47) -> 2227.9005 | L47: =+K47*(1+L$6) -> 2227.9005 | M47: =+L47*(1+M$6) -> 2227.9005 | N47: =+M47*(1+N$6) -> 2227.9005 | O47: =+N47*(1+O$6) -> 2227.9005 | P47: =+O47*(1+P$6) -> 2227.9005 | Q47: =+P47*(1+Q$6) -> 2227.9005 | R47: =+Q47*(1+R$6) -> 2227.9005 | S47: =SUMPRODUCT(G47:R47,G$77:R$77)/$S$77 -> 2129.8051 | V47: ='[1]Hypotheses '!Q$10 -> 0.06 | W47: ='[1]Hypotheses '!R$10 -> 0.06 | X47: ='[1]Hypotheses '!S$10 -> 0.06 | Y47: ='[1]Hypotheses '!T$10 -> 0.06
B48: =$E48&"-"&$C48 -> F04-PV01 | C48: PV01 | D48: PF0404 | E48: =VLOOKUP(D48,'[1]Base Produits'!$A$1:$E$40,3,FALSE) -> F04 | F48: =+VLOOKUP($D48,Hierarchie_PF,2,FALSE) -> Armatures Diam14 | G48: =VLOOKUP(D48,'[1]Base Produits'!$A$2:$P$40,16,FALSE) -> 1764.7059 | H48: =+G48*(1+V48) -> 1870.5882 | I48: =+H48*(1+W48) -> 1982.8235 | J48: =+I48*(1+X48) -> 2101.7929 | K48: =+J48*(1+Y48) -> 2227.9005 | L48: =+K48*(1+L$6) -> 2227.9005 | M48: =+L48*(1+M$6) -> 2227.9005 | N48: =+M48*(1+N$6) -> 2227.9005 | O48: =+N48*(1+O$6) -> 2227.9005 | P48: =+O48*(1+P$6) -> 2227.9005 | Q48: =+P48*(1+Q$6) -> 2227.9005 | R48: =+Q48*(1+R$6) -> 2227.9005 | S48: =SUMPRODUCT(G48:R48,G$77:R$77)/$S$77 -> 2129.8051 | V48: ='[1]Hypotheses '!Q$10 -> 0.06 | W48: ='[1]Hypotheses '!R$10 -> 0.06 | X48: ='[1]Hypotheses '!S$10 -> 0.06 | Y48: ='[1]Hypotheses '!T$10 -> 0.06
D50: =VLOOKUP(D45,Hierarchie_PF,3,FALSE) -> F04 | F50: =VLOOKUP(D45,Hierarchie_PF,4,FALSE) -> Armatures Pré-Fabriqués | G50: =AVERAGE(G44:G49) -> 1764.7059 | H50: =AVERAGE(H44:H49) -> 1870.5882 | I50: =AVERAGE(I44:I49) -> 1982.8235 | J50: =AVERAGE(J44:J49) -> 2101.7929 | K50: =AVERAGE(K44:K49) -> 2227.9005 | L50: =AVERAGE(L44:L49) -> 2227.9005 | M50: =AVERAGE(M44:M49) -> 2227.9005 | N50: =AVERAGE(N44:N49) -> 2227.9005 | ... R50: =AVERAGE(R44:R49) -> 2227.9005 | S50: =SUMPRODUCT(G50:R50,G$77:R$77)/$S$77 -> 2129.8051
B52: =$E52&"-"&$C52 -> F07-PV01 | C52: PV01 | D52: PF0701 | E52: =VLOOKUP(D52,'[1]Base Produits'!$A$1:$E$40,3,FALSE) -> F07 | F52: =+VLOOKUP($D52,Hierarchie_PF,2,FALSE) -> Produits FAS 1 | G52: =VLOOKUP(D52,'[1]Base Produits'!$A$2:$P$40,16,FALSE) -> 1764.7059 | H52: =+G52*(1+V52) -> 2029.4118 | I52: =+H52*(1+W52) -> 2333.8235 | J52: =+I52*(1+X52) -> 2683.8971 | K52: =+J52*(1+Y52) -> 3086.4816 | L52: =+K52*(1+L$6) -> 3086.4816 | M52: =+L52*(1+M$6) -> 3086.4816 | N52: =+M52*(1+N$6) -> 3086.4816 | O52: =+N52*(1+O$6) -> 3086.4816 | P52: =+O52*(1+P$6) -> 3086.4816 | Q52: =+P52*(1+Q$6) -> 3086.4816 | R52: =+Q52*(1+R$6) -> 3086.4816 | S52: =SUMPRODUCT(G52:R52,G$77:R$77)/$S$77 -> 2795.6302 | V52: ='[1]Hypotheses '!Q$13 -> 0.15 | W52: ='[1]Hypotheses '!R$13 -> 0.15 | X52: ='[1]Hypotheses '!S$13 -> 0.15 | Y52: ='[1]Hypotheses '!T$13 -> 0.15
B53: =$E53&"-"&$C53 -> F07-PV01 | C53: PV01 | D53: PF0702 | E53: =VLOOKUP(D53,'[1]Base Produits'!$A$1:$E$40,3,FALSE) -> F07 | F53: =+VLOOKUP($D53,Hierarchie_PF,2,FALSE) -> Produits FAS 2 | G53: =VLOOKUP(D53,'[1]Base Produits'!$A$2:$P$40,16,FALSE) -> 1764.7059 | H53: =+G53*(1+V53) -> 2029.4118 | I53: =+H53*(1+W53) -> 2333.8235 | J53: =+I53*(1+X53) -> 2683.8971 | K53: =+J53*(1+Y53) -> 3086.4816 | L53: =+K53*(1+L$6) -> 3086.4816 | M53: =+L53*(1+M$6) -> 3086.4816 | N53: =+M53*(1+N$6) -> 3086.4816 | O53: =+N53*(1+O$6) -> 3086.4816 | P53: =+O53*(1+P$6) -> 3086.4816 | Q53: =+P53*(1+Q$6) -> 3086.4816 | R53: =+Q53*(1+R$6) -> 3086.4816 | S53: =SUMPRODUCT(G53:R53,G$77:R$77)/$S$77 -> 2795.6302 | V53: ='[1]Hypotheses '!Q$13 -> 0.15 | W53: ='[1]Hypotheses '!R$13 -> 0.15 | X53: ='[1]Hypotheses '!S$13 -> 0.15 | Y53: ='[1]Hypotheses '!T$13 -> 0.15
B54: =$E54&"-"&$C54 -> F07-PV01 | C54: PV01 | D54: PF0703 | E54: =VLOOKUP(D54,'[1]Base Produits'!$A$1:$E$40,3,FALSE) -> F07 | F54: =+VLOOKUP($D54,Hierarchie_PF,2,FALSE) -> Produits FAS 3 | G54: =VLOOKUP(D54,'[1]Base Produits'!$A$2:$P$40,16,FALSE) -> 1764.7059 | H54: =+G54*(1+V54) -> 2029.4118 | I54: =+H54*(1+W54) -> 2333.8235 | J54: =+I54*(1+X54) -> 2683.8971 | K54: =+J54*(1+Y54) -> 3086.4816 | L54: =+K54*(1+L$6) -> 3086.4816 | M54: =+L54*(1+M$6) -> 3086.4816 | N54: =+M54*(1+N$6) -> 3086.4816 | O54: =+N54*(1+O$6) -> 3086.4816 | P54: =+O54*(1+P$6) -> 3086.4816 | Q54: =+P54*(1+Q$6) -> 3086.4816 | R54: =+Q54*(1+R$6) -> 3086.4816 | S54: =SUMPRODUCT(G54:R54,G$77:R$77)/$S$77 -> 2795.6302 | V54: ='[1]Hypotheses '!Q$13 -> 0.15 | W54: ='[1]Hypotheses '!R$13 -> 0.15 | X54: ='[1]Hypotheses '!S$13 -> 0.15 | Y54: ='[1]Hypotheses '!T$13 -> 0.15
B55: =$E55&"-"&$C55 -> F07-PV01 | C55: PV01 | D55: PF0704 | E55: =VLOOKUP(D55,'[1]Base Produits'!$A$1:$E$40,3,FALSE) -> F07 | F55: =+VLOOKUP($D55,Hierarchie_PF,2,FALSE) -> Produits FAS 4 | G55: =VLOOKUP(D55,'[1]Base Produits'!$A$2:$P$40,16,FALSE) -> 1764.7059 | H55: =+G55*(1+V55) -> 2029.4118 | I55: =+H55*(1+W55) -> 2333.8235 | J55: =+I55*(1+X55) -> 2683.8971 | K55: =+J55*(1+Y55) -> 3086.4816 | L55: =+K55*(1+L$6) -> 3086.4816 | M55: =+L55*(1+M$6) -> 3086.4816 | N55: =+M55*(1+N$6) -> 3086.4816 | O55: =+N55*(1+O$6) -> 3086.4816 | P55: =+O55*(1+P$6) -> 3086.4816 | Q55: =+P55*(1+Q$6) -> 3086.4816 | R55: =+Q55*(1+R$6) -> 3086.4816 | S55: =SUMPRODUCT(G55:R55,G$77:R$77)/$S$77 -> 2795.6302 | V55: ='[1]Hypotheses '!Q$13 -> 0.15 | W55: ='[1]Hypotheses '!R$13 -> 0.15 | X55: ='[1]Hypotheses '!S$13 -> 0.15 | Y55: ='[1]Hypotheses '!T$13 -> 0.15
D57: =VLOOKUP(D52,Hierarchie_PF,3,FALSE) -> F07 | F57: =VLOOKUP(D52,Hierarchie_PF,4,FALSE) -> Amataures façconnés_Assemblé_Soudé | G57: =AVERAGE(G51:G56) -> 1764.7059 | H57: =AVERAGE(H51:H56) -> 2029.4118 | I57: =AVERAGE(I51:I56) -> 2333.8235 | J57: =AVERAGE(J51:J56) -> 2683.8971 | K57: =AVERAGE(K51:K56) -> 3086.4816 | L57: =AVERAGE(L51:L56) -> 3086.4816 | M57: =AVERAGE(M51:M56) -> 3086.4816 | N57: =AVERAGE(N51:N56) -> 3086.4816 | ... R57: =AVERAGE(R51:R56) -> 3086.4816 | S57: =SUMPRODUCT(G57:R57,G$77:R$77)/$S$77 -> 2795.6302
D59: =VLOOKUP(D52,Hierarchie_PF,5,FALSE) -> L07 | F59: =VLOOKUP(D47,Hierarchie_PF,6,FALSE) -> Atelier de Façonnage | G59: =AVERAGE(G57,G50) -> 1764.7059 | H59: =AVERAGE(H57,H50) -> 1950 | I59: =AVERAGE(I57,I50) -> 2158.3235 | J59: =AVERAGE(J57,J50) -> 2392.845 | K59: =AVERAGE(K57,K50) -> 2657.1911 | L59: =SUM(L57,L50) -> 5314.3821 | M59: =SUM(M57,M50) -> 5314.3821 | N59: =SUM(N57,N50) -> 5314.3821 | O59: =SUM(O57,O50) -> 5314.3821 | P59: =SUM(P57,P50) -> 5314.3821 | Q59: =SUM(Q57,Q50) -> 5314.3821 | R59: =SUM(R57,R50) -> 5314.3821 | S59: =SUMPRODUCT(G59:R59,G$77:R$77)/$S$77 -> 4012.7458 | U59: =SUM(U57,U50) -> 0 | V59: =SUM(V57,V50) -> 0 | W59: =SUM(W57,W50) -> 0 | X59: =SUM(X57,X50) -> 0 | Y59: =SUM(Y57,Y50) -> 0
B61: =$E61&"-"&$C61 -> F05-PV01 | C61: PV01 | D61: PF0501 | E61: =VLOOKUP(D61,'[1]Base Produits'!$A$1:$E$40,3,FALSE) -> F05 | F61: =+VLOOKUP($D61,Hierarchie_PF,2,FALSE) -> D03 en Bobine | G61: =VLOOKUP(D61,'[1]Base Produits'!$A$2:$P$40,16,FALSE) -> 1818 | H61: =+G61*(1+V61) -> 1999.8 | I61: =+H61*(1+W61) -> 2199.78 | J61: =+I61*(1+X61) -> 2419.758 | K61: =+J61*(1+Y61) -> 2661.7338 | L61: =+K61*(1+L$6) -> 2661.7338 | M61: =+L61*(1+M$6) -> 2661.7338 | N61: =+M61*(1+N$6) -> 2661.7338 | O61: =+N61*(1+O$6) -> 2661.7338 | P61: =+O61*(1+P$6) -> 2661.7338 | Q61: =+P61*(1+Q$6) -> 2661.7338 | R61: =+Q61*(1+R$6) -> 2661.7338 | S61: =SUMPRODUCT(G61:R61,G$77:R$77)/$S$77 -> 2479.8677 | V61: =+'[1]Hypotheses '!Q$11 -> 0.1 | W61: =+'[1]Hypotheses '!R$11 -> 0.1 | X61: =+'[1]Hypotheses '!S$11 -> 0.1 | Y61: =+'[1]Hypotheses '!T$11 -> 0.1
B62: =$E62&"-"&$C62 -> F05-PV01 | C62: PV01 | D62: PF0502 | E62: =VLOOKUP(D62,'[1]Base Produits'!$A$1:$E$40,3,FALSE) -> F05 | F62: =+VLOOKUP($D62,Hierarchie_PF,2,FALSE) -> D04 en Bobine | G62: =VLOOKUP(D62,'[1]Base Produits'!$A$2:$P$40,16,FALSE) -> 1797.8 | H62: =+G62*(1+V62) -> 1977.58 | I62: =+H62*(1+W62) -> 2175.338 | J62: =+I62*(1+X62) -> 2392.8718 | K62: =+J62*(1+Y62) -> 2632.159 | L62: =+K62*(1+L$6) -> 2632.159 | M62: =+L62*(1+M$6) -> 2632.159 | N62: =+M62*(1+N$6) -> 2632.159 | O62: =+N62*(1+O$6) -> 2632.159 | P62: =+O62*(1+P$6) -> 2632.159 | Q62: =+P62*(1+Q$6) -> 2632.159 | R62: =+Q62*(1+R$6) -> 2632.159 | S62: =SUMPRODUCT(G62:R62,G$77:R$77)/$S$77 -> 2452.3137 | V62: =+'[1]Hypotheses '!Q$11 -> 0.1 | W62: =+'[1]Hypotheses '!R$11 -> 0.1 | X62: =+'[1]Hypotheses '!S$11 -> 0.1 | Y62: =+'[1]Hypotheses '!T$11 -> 0.1
B63: =$E63&"-"&$C63 -> F05-PV01 | C63: PV01 | D63: PF0503 | E63: =VLOOKUP(D63,'[1]Base Produits'!$A$1:$E$40,3,FALSE) -> F05 | F63: =+VLOOKUP($D63,Hierarchie_PF,2,FALSE) -> D05 en Bobine | G63: =VLOOKUP(D63,'[1]Base Produits'!$A$2:$P$40,16,FALSE) -> 1797.8 | H63: =+G63*(1+V63) -> 1977.58 | I63: =+H63*(1+W63) -> 2175.338 | J63: =+I63*(1+X63) -> 2392.8718 | K63: =+J63*(1+Y63) -> 2632.159 | L63: =+K63*(1+L$6) -> 2632.159 | M63: =+L63*(1+M$6) -> 2632.159 | N63: =+M63*(1+N$6) -> 2632.159 | O63: =+N63*(1+O$6) -> 2632.159 | P63: =+O63*(1+P$6) -> 2632.159 | Q63: =+P63*(1+Q$6) -> 2632.159 | R63: =+Q63*(1+R$6) -> 2632.159 | S63: =SUMPRODUCT(G63:R63,G$77:R$77)/$S$77 -> 2452.3137 | V63: =+'[1]Hypotheses '!Q$11 -> 0.1 | W63: =+'[1]Hypotheses '!R$11 -> 0.1 | X63: =+'[1]Hypotheses '!S$11 -> 0.1 | Y63: =+'[1]Hypotheses '!T$11 -> 0.1
B64: =$E64&"-"&$C64 -> F05-PV01 | C64: PV01 | D64: PF0504 | E64: =VLOOKUP(D64,'[1]Base Produits'!$A$1:$E$40,3,FALSE) -> F05 | F64: =+VLOOKUP($D64,Hierarchie_PF,2,FALSE) -> D06 en Bobine | G64: =VLOOKUP(D64,'[1]Base Produits'!$A$2:$P$40,16,FALSE) -> 1777.6 | H64: =+G64*(1+V64) -> 1955.36 | I64: =+H64*(1+W64) -> 2150.896 | J64: =+I64*(1+X64) -> 2365.9856 | K64: =+J64*(1+Y64) -> 2602.5842 | L64: =+K64*(1+L$6) -> 2602.5842 | M64: =+L64*(1+M$6) -> 2602.5842 | N64: =+M64*(1+N$6) -> 2602.5842 | O64: =+N64*(1+O$6) -> 2602.5842 | P64: =+O64*(1+P$6) -> 2602.5842 | Q64: =+P64*(1+Q$6) -> 2602.5842 | R64: =+Q64*(1+R$6) -> 2602.5842 | S64: =SUMPRODUCT(G64:R64,G$77:R$77)/$S$77 -> 2424.7596 | V64: =+'[1]Hypotheses '!Q$11 -> 0.1 | W64: =+'[1]Hypotheses '!R$11 -> 0.1 | X64: =+'[1]Hypotheses '!S$11 -> 0.1 | Y64: =+'[1]Hypotheses '!T$11 -> 0.1
D66: =VLOOKUP(D61,Hierarchie_PF,3,FALSE) -> F05 | F66: =VLOOKUP(D61,Hierarchie_PF,4,FALSE) -> Fil machine Diam 3 en bobine | G66: =AVERAGE(G60:G65) -> 1797.8 | H66: =AVERAGE(H60:H65) -> 1977.58 | I66: =AVERAGE(I60:I65) -> 2175.338 | J66: =AVERAGE(J60:J65) -> 2392.8718 | K66: =AVERAGE(K60:K65) -> 2632.159 | L66: =AVERAGE(L60:L65) -> 2632.159 | M66: =AVERAGE(M60:M65) -> 2632.159 | N66: =AVERAGE(N60:N65) -> 2632.159 | ... R66: =AVERAGE(R60:R65) -> 2632.159 | S66: =SUMPRODUCT(G66:R66,G$77:R$77)/$S$77 -> 2452.3137 | U66: =SUM(U60:U65) -> 0 | V66: =SUM(V60:V65) -> 0.4 | W66: =SUM(W60:W65) -> 0.4 | X66: =SUM(X60:X65) -> 0.4 | Y66: =SUM(Y60:Y65) -> 0.4
B68: =$E68&"-"&$C68 -> F06-PV01 | C68: PV01 | D68: PF0601 | E68: =VLOOKUP(D68,'[1]Base Produits'!$A$1:$E$40,3,FALSE) -> F06 | F68: =+VLOOKUP($D68,Hierarchie_PF,2,FALSE) -> Produits TR_Soudé Section 3 | G68: =VLOOKUP(D68,'[1]Base Produits'!$A$2:$P$40,16,FALSE) -> 1999.8 | H68: =+G68*(1+V68) -> 2199.78 | I68: =+H68*(1+W68) -> 2419.758 | J68: =+I68*(1+X68) -> 2661.7338 | K68: =+J68*(1+Y68) -> 2927.9072 | L68: =+K68*(1+L$6) -> 2927.9072 | M68: =+L68*(1+M$6) -> 2927.9072 | N68: =+M68*(1+N$6) -> 2927.9072 | O68: =+N68*(1+O$6) -> 2927.9072 | P68: =+O68*(1+P$6) -> 2927.9072 | Q68: =+P68*(1+Q$6) -> 2927.9072 | R68: =+Q68*(1+R$6) -> 2927.9072 | S68: =SUMPRODUCT(G68:R68,G$77:R$77)/$S$77 -> 2727.8545 | V68: ='[1]Hypotheses '!Q$12 -> 0.1 | W68: ='[1]Hypotheses '!R$12 -> 0.1 | X68: ='[1]Hypotheses '!S$12 -> 0.1 | Y68: ='[1]Hypotheses '!T$12 -> 0.1
B69: =$E69&"-"&$C69 -> F06-PV01 | C69: PV01 | D69: PF0602 | E69: =VLOOKUP(D69,'[1]Base Produits'!$A$1:$E$40,3,FALSE) -> F06 | F69: =+VLOOKUP($D69,Hierarchie_PF,2,FALSE) -> Produits TR_Soudé Section 4 | G69: =VLOOKUP(D69,'[1]Base Produits'!$A$2:$P$40,16,FALSE) -> 1999.8 | H69: =+G69*(1+V69) -> 2199.78 | I69: =+H69*(1+W69) -> 2419.758 | J69: =+I69*(1+X69) -> 2661.7338 | K69: =+J69*(1+Y69) -> 2927.9072 | L69: =+K69*(1+L$6) -> 2927.9072 | M69: =+L69*(1+M$6) -> 2927.9072 | N69: =+M69*(1+N$6) -> 2927.9072 | O69: =+N69*(1+O$6) -> 2927.9072 | P69: =+O69*(1+P$6) -> 2927.9072 | Q69: =+P69*(1+Q$6) -> 2927.9072 | R69: =+Q69*(1+R$6) -> 2927.9072 | S69: =SUMPRODUCT(G69:R69,G$77:R$77)/$S$77 -> 2727.8545 | V69: ='[1]Hypotheses '!Q$12 -> 0.1 | W69: ='[1]Hypotheses '!R$12 -> 0.1 | X69: ='[1]Hypotheses '!S$12 -> 0.1 | Y69: ='[1]Hypotheses '!T$12 -> 0.1
B70: =$E70&"-"&$C70 -> F06-PV01 | C70: PV01 | D70: PF0603 | E70: =VLOOKUP(D70,'[1]Base Produits'!$A$1:$E$40,3,FALSE) -> F06 | F70: =+VLOOKUP($D70,Hierarchie_PF,2,FALSE) -> Produits TR_Soudé Section 6 | G70: =VLOOKUP(D70,'[1]Base Produits'!$A$2:$P$40,16,FALSE) -> 1999.8 | H70: =+G70*(1+V70) -> 2199.78 | I70: =+H70*(1+W70) -> 2419.758 | J70: =+I70*(1+X70) -> 2661.7338 | K70: =+J70*(1+Y70) -> 2927.9072 | L70: =+K70*(1+L$6) -> 2927.9072 | M70: =+L70*(1+M$6) -> 2927.9072 | N70: =+M70*(1+N$6) -> 2927.9072 | O70: =+N70*(1+O$6) -> 2927.9072 | P70: =+O70*(1+P$6) -> 2927.9072 | Q70: =+P70*(1+Q$6) -> 2927.9072 | R70: =+Q70*(1+R$6) -> 2927.9072 | S70: =SUMPRODUCT(G70:R70,G$77:R$77)/$S$77 -> 2727.8545 | V70: ='[1]Hypotheses '!Q$12 -> 0.1 | W70: ='[1]Hypotheses '!R$12 -> 0.1 | X70: ='[1]Hypotheses '!S$12 -> 0.1 | Y70: ='[1]Hypotheses '!T$12 -> 0.1
B71: =$E71&"-"&$C71 -> F06-PV01 | C71: PV01 | D71: PF0604 | E71: =VLOOKUP(D71,'[1]Base Produits'!$A$1:$E$40,3,FALSE) -> F06 | F71: =+VLOOKUP($D71,Hierarchie_PF,2,FALSE) -> Produits TR_Soudé Section 8 | G71: =VLOOKUP(D71,'[1]Base Produits'!$A$2:$P$40,16,FALSE) -> 1999.8 | H71: =+G71*(1+V71) -> 2199.78 | I71: =+H71*(1+W71) -> 2419.758 | J71: =+I71*(1+X71) -> 2661.7338 | K71: =+J71*(1+Y71) -> 2927.9072 | L71: =+K71*(1+L$6) -> 2927.9072 | M71: =+L71*(1+M$6) -> 2927.9072 | N71: =+M71*(1+N$6) -> 2927.9072 | O71: =+N71*(1+O$6) -> 2927.9072 | P71: =+O71*(1+P$6) -> 2927.9072 | Q71: =+P71*(1+Q$6) -> 2927.9072 | R71: =+Q71*(1+R$6) -> 2927.9072 | S71: =SUMPRODUCT(G71:R71,G$77:R$77)/$S$77 -> 2727.8545 | V71: ='[1]Hypotheses '!Q$12 -> 0.1 | W71: ='[1]Hypotheses '!R$12 -> 0.1 | X71: ='[1]Hypotheses '!S$12 -> 0.1 | Y71: ='[1]Hypotheses '!T$12 -> 0.1
D73: =VLOOKUP(D68,Hierarchie_PF,3,FALSE) -> F06 | F73: =VLOOKUP(D68,Hierarchie_PF,4,FALSE) -> Treillis Soudé | G73: =AVERAGE(G67:G72) -> 1999.8 | H73: =AVERAGE(H67:H72) -> 2199.78 | I73: =AVERAGE(I67:I72) -> 2419.758 | J73: =AVERAGE(J67:J72) -> 2661.7338 | K73: =AVERAGE(K67:K72) -> 2927.9072 | L73: =AVERAGE(L67:L72) -> 2927.9072 | M73: =AVERAGE(M67:M72) -> 2927.9072 | N73: =AVERAGE(N67:N72) -> 2927.9072 | ... R73: =AVERAGE(R67:R72) -> 2927.9072 | S73: =SUMPRODUCT(G73:R73,G$77:R$77)/$S$77 -> 2727.8545
F75: Total Activité | G75: =AVERAGE(G73,G66,G59,G43,G31) -> 1751.0258 | H75: =AVERAGE(H73,H66,H59,H43,H31) -> 1912.6308 | I75: =AVERAGE(I73,I66,I59,I43,I31) -> 2057.7573 | J75: =AVERAGE(J73,J66,J59,J43,J31) -> 2253.776 | K75: =AVERAGE(K73,K66,K59,K43,K31) -> 2451.1775 | L75: =SUM(L73,L66,L59,L43,L31) -> 14942.665 | M75: =SUM(M73,M66,M59,M43,M31) -> 14957.119 | N75: =SUM(N73,N66,N59,N43,N31) -> 15016.07 | O75: =SUM(O73,O66,O59,O43,O31) -> 15073.529 | P75: =SUM(P73,P66,P59,P43,P31) -> 14998.781 | Q75: =SUM(Q73,Q66,Q59,Q43,Q31) -> 14998.781 | R75: =SUM(R73,R66,R59,R43,R31) -> 14998.781 | S75: =SUMPRODUCT(G75:R75,G$77:R$77)/$S$77 -> 9619.4147
F77: Jours Ouvrables | G77: 26 | H77: 22 | I77: 26 | J77: 25 | K77: 26 | L77: 25 | M77: 25 | N77: 25 | O77: 25 | P77: 25 | Q77: 25 | R77: 25 | S77: =SUM(G77:R77) -> 300
D79: Chiffre d'Affaires | G79: 2019 | H79: 2020 | I79: 2021 | J79: 2022 | K79: 2023
D80: Code Article | F80: Article | G80: 43101 | H80: 43132 | I80: 43160 | J80: 43191 | K80: 43221 | L80: 43252 | M80: 43282 | N80: 43313 | O80: 43344 | P80: 43374 | Q80: 43405 | R80: 43435 | S80: TOTAL | U80: % Répartition | W80: Rep 9 Mois | X80: Sept
F82: Chargement | G82: 30104.058 | H82: 51220.243 | I82: 45483.541 | J82: 46246.723 | K82: 37539.819 | L82: 29611.172 | M82: 24992.827 | N82: 24975.995 | O82: 29051.337 | P82: ='[1]Vente Volume'!P105*2.3 -> 42159 | Q82: ='[1]Vente Volume'!Q105*2.3 -> 42159 | R82: ='[1]Vente Volume'!R105*2.3 -> 42159 | S82: =SUM(G82:R82) -> 445702.71
B84: =$E84&"-"&$C84 -> F01-CA01 | C84: CA01 | D84: PF0101 | E84: =VLOOKUP(D84,'[1]Base Produits'!$A$1:$E$40,3,FALSE) -> F01 | F84: =+VLOOKUP($D84,Hierarchie_PF,2,FALSE) -> D08 RB500 | G84: 2079877 | H84: 3854778.8 | I84: 4093247.6 | J84: 2576891.6 | K84: 480541.91 | L84: 1683426.5 | M84: 1548412.3 | N84: 2400676.8 | O84: 2419763.9 | P84: 5204073.9 | Q84: 5204073.9 | R84: 5204073.9 | S84: =SUM(G84:R84) -> 36749838 | U84: =S84/$S$106 -> 0.11605088
B85: =$E85&"-"&$C85 -> F01-CA01 | C85: CA01 | D85: PF0102 | E85: =VLOOKUP(D85,'[1]Base Produits'!$A$1:$E$40,3,FALSE) -> F01 | F85: =+VLOOKUP($D85,Hierarchie_PF,2,FALSE) -> D10 RB500 | G85: 17910.956 | H85: 11200367 | I85: 11361960 | J85: 5901570 | K85: 5939805.8 | L85: 5351609.9 | M85: 3136826.1 | N85: 4016380 | O85: 3956694.6 | P85: 6391217.3 | Q85: 6391217.3 | R85: 6391217.3 | S85: =SUM(G85:R85) -> 70056777 | U85: =S85/$S$106 -> 0.22122956
B86: =$E86&"-"&$C86 -> F01-CA01 | C86: CA01 | D86: PF0103 | E86: =VLOOKUP(D86,'[1]Base Produits'!$A$1:$E$40,3,FALSE) -> F01 | F86: =+VLOOKUP($D86,Hierarchie_PF,2,FALSE) -> D12 RB500 | G86: 0 | H86: 8702223 | I86: 9437701.2 | J86: 10434175 | K86: 7986661.8 | L86: 5150451.5 | M86: 2401383.2 | N86: 2034774.2 | O86: 5887858.3 | P86: 5237136.5 | Q86: 5237136.5 | R86: 5237136.5 | S86: =SUM(G86:R86) -> 67746638 | U86: =S86/$S$106 -> 0.21393446
B87: =$E87&"-"&$C87 -> F01-CA01 | C87: CA01 | D87: PF0104 | E87: =VLOOKUP(D87,'[1]Base Produits'!$A$1:$E$40,3,FALSE) -> F01 | F87: =+VLOOKUP($D87,Hierarchie_PF,2,FALSE) -> D14 RB500 | G87: 4241984.3 | H87: 6994232.6 | I87: 602112.12 | J87: 2542602.1 | K87: 3126086.5 | L87: 1492765.4 | M87: 1471187.1 | N87: 1571491.3 | O87: 2819846.9 | P87: 2811659.7 | Q87: 2811659.7 | R87: 2811659.7 | S87: =SUM(G87:R87) -> 33297287 | U87: =S87/$S$106 -> 0.1051482
B88: =$E88&"-"&$C88 -> F01-CA01 | C88: CA01 | D88: PF0105 | E88: =VLOOKUP(D88,'[1]Base Produits'!$A$1:$E$40,3,FALSE) -> F01 | F88: =+VLOOKUP($D88,Hierarchie_PF,2,FALSE) -> D16 RB500 | G88: 1190016.3 | H88: 2760.052 | I88: 0 | J88: 1057087.4 | K88: 1358757.3 | L88: 1034472.9 | M88: 52354.534 | N88: 573687.47 | O88: 1345293.8 | P88: 1722774.2 | Q88: 1722774.2 | R88: 1722774.2 | S88: =SUM(G88:R88) -> 11782752 | U88: =S88/$S$106 -> 0.037208293
B89: =$E89&"-"&$C89 -> F01-CA01 | C89: CA01 | D89: PF0106 | E89: =VLOOKUP(D89,'[1]Base Produits'!$A$1:$E$40,3,FALSE) -> F01 | F89: =+VLOOKUP($D89,Hierarchie_PF,2,FALSE) -> D20 RB500 | G89: 0 | H89: 0 | I89: 0 | J89: 0 | K89: 0 | L89: 0 | M89: 0 | N89: 0 | O89: 0 | P89: 724306.88 | Q89: 724306.88 | R89: 724306.88 | S89: =SUM(G89:R89) -> 2172920.6 | U89: =S89/$S$106 -> 0.0068617813
B90: =$E90&"-"&$C90 -> F01-CA01 | C90: CA01 | D90: PF0107 | E90: =VLOOKUP(D90,'[1]Base Produits'!$A$1:$E$40,3,FALSE) -> F01 | F90: =+VLOOKUP($D90,Hierarchie_PF,2,FALSE) -> D25 RB500 | G90: 386359.11 | H90: 0 | I90: 0 | J90: 0 | K90: 0 | L90: 0 | M90: 0 | N90: 0 | O90: 0 | P90: 722361.79 | Q90: 722361.79 | R90: 722361.79 | S90: =SUM(G90:R90) -> 2553444.5 | U90: =S90/$S$106 -> 0.0080634226
B91: =$E91&"-"&$C91 -> F01-CA01 | C91: CA01 | D91: PF0108 | E91: =VLOOKUP(D91,'[1]Base Produits'!$A$1:$E$40,3,FALSE) -> F01 | F91: =+VLOOKUP($D91,Hierarchie_PF,2,FALSE) -> D32 RB500 | G91: 0 | H91: 0 | I91: 0 | J91: 0 | K91: 0 | L91: 0 | M91: 0 | N91: 0 | O91: 0 | P91: 392260.87 | Q91: 392260.87 | R91: 392260.87 | S91: =SUM(G91:R91) -> 1176782.6 | U91: =S91/$S$106 -> 0.0037161159
D93: =VLOOKUP(D84,Hierarchie_PF,3,FALSE) -> F01 | F93: =VLOOKUP(D84,Hierarchie_PF,4,FALSE) -> Rond à Beton en Barre | G93: =SUM(G84:G91) -> 7916147.7 | H93: =SUM(H84:H91) -> 30754362 | I93: =SUM(I84:I91) -> 25495021 | J93: =SUM(J84:J91) -> 22512326 | K93: =SUM(K84:K91) -> 18891853 | L93: =SUM(L84:L91) -> 14712726 | M93: =SUM(M84:M91) -> 8610163.1 | N93: =SUM(N84:N91) -> 10597010 | ... R93: =SUM(R84:R91) -> 23205791 | S93: =SUM(G93:R93) -> 2.2553644e+08 | U93: =SUM(U84:U91) -> 0.71221272
B95: F02-PV01 | C95: PV01 | D95: PF0201 | E95: F02 | F95: Ø 5,5 3SPPS | G95: 10847581 | H95: 3969656.4 | I95: 6099241.3 | J95: 2220302 | K95: 59681.9 | L95: 725472 | M95: 6371535.6 | N95: 7200559.8 | O95: 4653006.3 | P95: 3391666.7 | Q95: 3391666.7 | R95: 3391666.7 | S95: =SUM(G95:R95) -> 52322036 | U95: =S95/$S$106 -> 0.16522572
B96: F02-PV01 | C96: PV01 | D96: PF0202 | E96: F02 | F96: Ø 5,5 SAE1006 | G96: 17505.6 | H96: 0 | I96: 23949.6 | J96: 224797.8 | K96: 0 | L96: 0 | M96: 0 | N96: 0 | O96: 0 | P96: 1967166.7 | Q96: 1967166.7 | R96: 1967166.7 | S96: =SUM(G96:R96) -> 6167753 | U96: =S96/$S$108 -> 0.019449532
B97: F02-PV01 | C97: PV01 | D97: PF0203 | E97: F02 | F97: Ø 5,5 SAE1008 | G97: 0 | H97: 0 | I97: 0 | J97: 5571657.2 | K97: 5842584.7 | L97: 5049725.1 | M97: 3247629.6 | N97: 575042.4 | O97: 1010835 | P97: 0 | Q97: 0 | R97: 0 | S97: =SUM(G97:R97) -> 21297474 | U97: =S97/$S$108 -> 0.067159936
B98: F02-PV02 | C98: PV02 | D98: PF0205 | E98: F02 | F98: Ø 06 3SPPS | G98: 1765644.2 | H98: 536011.19 | I98: 607.582 | J98: 1637111 | K98: 748867.05 | L98: 0 | M98: 0 | N98: 0 | O98: 0 | P98: 1816667 | Q98: 1816667 | R98: 1816667 | S98: =SUM(G98:R98) -> 10138242 | U98: =S98/$S$108 -> 0.031970162
B99: F02-PV03 | C99: PV03 | D99: PF0206 | E99: F02 | F99: Ø 06 SAE 1006 | G99: 0 | H99: 0 | I99: 0 | J99: 0 | K99: 0 | L99: 0 | M99: 0 | N99: 0 | O99: 0 | P99: 0 | Q99: 0 | R99: 0 | S99: =SUM(G99:R99) -> 0 | U99: =S99/$S$108 -> 0
B100: F02-PV04 | C100: PV04 | D100: PF0207 | E100: F02 | F100: Ø 7 SAE1006 | G100: 0 | H100: 0 | I100: 0 | J100: 49563.18 | K100: 56473.97 | L100: 302446.3 | M100: 89457.6 | N100: 0 | O100: 0 | P100: 0 | Q100: 0 | R100: 0 | S100: =SUM(G100:R100) -> 497941.05 | U100: =S100/$S$108 -> 0.0015702186
B101: F02-PV05 | C101: PV05 | D101: PF0208 | E101: F02 | F101: Ø 7 SAE1008 | G101: 0 | H101: 0 | I101: 24191 | J101: 0 | K101: 0 | L101: 0 | M101: 0 | N101: 0 | O101: 0 | P101: 0 | Q101: 0 | R101: 0 | S101: =SUM(G101:R101) -> 24191 | U101: =S101/$S$108 -> 7.6284447e-05
B102: F02-PV06 | C102: PV06 | D102: PF0209 | E102: F02 | F102: Ø 9 SAE1008 | G102: 0 | H102: 0 | I102: 0 | J102: 9943.36 | K102: 488692.15 | L102: 187341.21 | M102: 0 | N102: 0 | O102: 0 | P102: 0 | Q102: 0 | R102: 0 | S102: =SUM(G102:R102) -> 685976.72 | U102: =S102/$S$108 -> 0.0021631745
D104: =VLOOKUP(D95,Hierarchie_PF,3,FALSE) -> F02 | F104: =VLOOKUP(D95,Hierarchie_PF,4,FALSE) -> Fil Machine en bobine | G104: =SUM(G95:G102) -> 12630731 | H104: =SUM(H95:H102) -> 4505667.6 | I104: =SUM(I95:I102) -> 6147989.5 | J104: =SUM(J95:J102) -> 9713374.5 | K104: =SUM(K95:K102) -> 7196299.8 | L104: =SUM(L95:L102) -> 6264984.6 | M104: =SUM(M95:M102) -> 9708622.8 | N104: =SUM(N95:N102) -> 7775602.2 | ... R104: =SUM(R95:R102) -> 7175500.3 | S104: =SUM(G104:R104) -> 91133614 | U104: =SUM(U95:U102) -> 0.28761502
F106: CA RB +FM | G106: =G104+G93 -> 20546878 | H106: =H104+H93 -> 35260030 | I106: =I104+I93 -> 31643010 | J106: =J104+J93 -> 32225701 | K106: =K104+K93 -> 26088153 | L106: =L104+L93 -> 20977711 | M106: =M104+M93 -> 18318786 | N106: =N104+N93 -> 18372612 | ... R106: =R104+R93 -> 30381291 | S106: =SUM(G106:R106) -> 3.1667005e+08 | U106: =U93+U104 -> 0.99982774
D108: =VLOOKUP(D95,Hierarchie_PF,5,FALSE) -> M02 | F108: =VLOOKUP(D90,Hierarchie_PF,6,FALSE) -> Ligne Laminoire à Chaud | G108: =G82+G93+G104 -> 20576982 | H108: =H82+H93+H104 -> 35311250 | I108: =I82+I93+I104 -> 31688494 | J108: =J82+J93+J104 -> 32271947 | K108: =K82+K93+K104 -> 26125693 | L108: =L82+L93+L104 -> 21007322 | M108: =M82+M93+M104 -> 18343779 | N108: =N82+N93+N104 -> 18397588 | ... S108: =S82+S93+S104 -> 3.1711576e+08
B110: =$E110&"-"&$C110 -> F03-CA01 | C110: CA01 | D110: PF0301 | E110: =VLOOKUP(D110,'[1]Base Produits'!$A$1:$E$40,3,FALSE) -> F03 | F110: =+VLOOKUP($D110,Hierarchie_PF,2,FALSE) -> D06 lisse en Bobine | K110: =K33*'[1]Production '!K107 -> 0 | S110: =SUM(G110:R110) -> 0
B111: =$E111&"-"&$C111 -> F03-CA01 | C111: CA01 | D111: PF0302 | E111: =VLOOKUP(D111,'[1]Base Produits'!$A$1:$E$40,3,FALSE) -> F03 | F111: =+VLOOKUP($D111,Hierarchie_PF,2,FALSE) -> D08 RB500 en Bobine | K111: =K34*'[1]Production '!K108 -> 0 | S111: =SUM(G111:R111) -> 0
B112: =$E112&"-"&$C112 -> F03-CA01 | C112: CA01 | D112: PF0303 | E112: =VLOOKUP(D112,'[1]Base Produits'!$A$1:$E$40,3,FALSE) -> F03 | F112: =+VLOOKUP($D112,Hierarchie_PF,2,FALSE) -> D10 RB500 en Bobine | K112: =K35*'[1]Production '!K109 -> 0 | S112: =SUM(G112:R112) -> 0
B113: =$E113&"-"&$C113 -> F03-CA01 | C113: CA01 | D113: PF0304 | E113: =VLOOKUP(D113,'[1]Base Produits'!$A$1:$E$40,3,FALSE) -> F03 | F113: =+VLOOKUP($D113,Hierarchie_PF,2,FALSE) -> D12 RB500 en Bobine | K113: =K36*'[1]Production '!K110 -> 0 | S113: =SUM(G113:R113) -> 0
B114: =$E114&"-"&$C114 -> F03-CA01 | C114: CA01 | D114: PF0305 | E114: =VLOOKUP(D114,'[1]Base Produits'!$A$1:$E$40,3,FALSE) -> F03 | F114: =+VLOOKUP($D114,Hierarchie_PF,2,FALSE) -> D14 RB500 en bobine | K114: =K37*'[1]Production '!K111 -> 0 | S114: =SUM(G114:R114) -> 0
B115: =$E115&"-"&$C115 -> F03-CA01 | C115: CA01 | D115: PF0306 | E115: =VLOOKUP(D115,'[1]Base Produits'!$A$1:$E$40,3,FALSE) -> F03 | F115: =+VLOOKUP($D115,Hierarchie_PF,2,FALSE) -> D16 RB500 en bobine | K115: =K38*'[1]Production '!K112 -> 0 | S115: =SUM(G115:R115) -> 0
B116: =$E116&"-"&$C116 -> F03-CA01 | C116: CA01 | D116: PF0307 | E116: =VLOOKUP(D116,'[1]Base Produits'!$A$1:$E$40,3,FALSE) -> F03 | F116: =+VLOOKUP($D116,Hierarchie_PF,2,FALSE) -> D20 RB500 en bobine | K116: =K39*'[1]Production '!K113 -> 0 | S116: =SUM(G116:R116) -> 0
D118: =VLOOKUP(D110,Hierarchie_PF,3,FALSE) -> F03 | F118: =VLOOKUP(D110,Hierarchie_PF,4,FALSE) -> Rond à Beton en Bobine Compact | G118: =SUM(G109:G117) -> 0 | H118: =SUM(H109:H117) -> 0 | I118: =SUM(I109:I117) -> 0 | J118: =SUM(J109:J117) -> 0 | K118: =SUM(K109:K117) -> 0 | L118: =SUM(L109:L117) -> 0 | M118: =SUM(M109:M117) -> 0 | N118: =SUM(N109:N117) -> 0 | ... R118: =SUM(R109:R117) -> 0 | S118: =SUM(G118:R118) -> 0
D120: =VLOOKUP(D111,Hierarchie_PF,5,FALSE) -> L3 | F120: =VLOOKUP(D111,Hierarchie_PF,6,FALSE) -> Ligne Bobineuse | G120: =SUM(G118) -> 0 | H120: =SUM(H118) -> 0 | I120: =SUM(I118) -> 0 | J120: =SUM(J118) -> 0 | K120: =SUM(K118) -> 0 | L120: =SUM(L118) -> 0 | M120: =SUM(M118) -> 0 | N120: =SUM(N118) -> 0 | ... S120: =SUM(S118) -> 0
B122: =$E122&"-"&$C122 -> F04-CA01 | C122: CA01 | D122: PF0401 | E122: =VLOOKUP(D122,'[1]Base Produits'!$A$1:$E$40,3,FALSE) -> F04 | F122: =+VLOOKUP($D122,Hierarchie_PF,2,FALSE) -> Armatures Diam8 | K122: =K45*'[1]Production '!K119 -> 0 | S122: =SUM(G122:R122) -> 0
B123: =$E123&"-"&$C123 -> F04-CA01 | C123: CA01 | D123: PF0402 | E123: =VLOOKUP(D123,'[1]Base Produits'!$A$1:$E$40,3,FALSE) -> F04 | F123: =+VLOOKUP($D123,Hierarchie_PF,2,FALSE) -> Armatures Diam10 | K123: =K46*'[1]Production '!K120 -> 0 | S123: =SUM(G123:R123) -> 0
B124: =$E124&"-"&$C124 -> F04-CA01 | C124: CA01 | D124: PF0403 | E124: =VLOOKUP(D124,'[1]Base Produits'!$A$1:$E$40,3,FALSE) -> F04 | F124: =+VLOOKUP($D124,Hierarchie_PF,2,FALSE) -> Armatures Diam12 | K124: =K47*'[1]Production '!K121 -> 0 | S124: =SUM(G124:R124) -> 0
B125: =$E125&"-"&$C125 -> F04-CA01 | C125: CA01 | D125: PF0404 | E125: =VLOOKUP(D125,'[1]Base Produits'!$A$1:$E$40,3,FALSE) -> F04 | F125: =+VLOOKUP($D125,Hierarchie_PF,2,FALSE) -> Armatures Diam14 | K125: =K48*'[1]Production '!K122 -> 0 | S125: =SUM(G125:R125) -> 0
S126: =SUM(G126:R126) -> 0
D127: =VLOOKUP(D122,Hierarchie_PF,3,FALSE) -> F04 | F127: =VLOOKUP(D122,Hierarchie_PF,4,FALSE) -> Armatures Pré-Fabriqués | G127: =SUM(G121:G126) -> 0 | H127: =SUM(H121:H126) -> 0 | I127: =SUM(I121:I126) -> 0 | J127: =SUM(J121:J126) -> 0 | K127: =SUM(K121:K126) -> 0 | L127: =SUM(L121:L126) -> 0 | M127: =SUM(M121:M126) -> 0 | N127: =SUM(N121:N126) -> 0 | ... R127: =SUM(R121:R126) -> 0 | S127: =SUM(G127:R127) -> 0
B129: =$E129&"-"&$C129 -> F07-CA01 | C129: CA01 | D129: PF0701 | E129: =VLOOKUP(D129,'[1]Base Produits'!$A$1:$E$40,3,FALSE) -> F07 | F129: =+VLOOKUP($D129,Hierarchie_PF,2,FALSE) -> Produits FAS 1 | K129: =K52*'[1]Production '!K126 -> 0 | S129: =SUM(G129:R129) -> 0
B130: =$E130&"-"&$C130 -> F07-CA01 | C130: CA01 | D130: PF0702 | E130: =VLOOKUP(D130,'[1]Base Produits'!$A$1:$E$40,3,FALSE) -> F07 | F130: =+VLOOKUP($D130,Hierarchie_PF,2,FALSE) -> Produits FAS 2 | K130: =K53*'[1]Production '!K127 -> 0 | S130: =SUM(G130:R130) -> 0
B131: =$E131&"-"&$C131 -> F07-CA01 | C131: CA01 | D131: PF0703 | E131: =VLOOKUP(D131,'[1]Base Produits'!$A$1:$E$40,3,FALSE) -> F07 | F131: =+VLOOKUP($D131,Hierarchie_PF,2,FALSE) -> Produits FAS 3 | K131: =K54*'[1]Production '!K128 -> 0 | S131: =SUM(G131:R131) -> 0
B132: =$E132&"-"&$C132 -> F07-CA01 | C132: CA01 | D132: PF0704 | E132: =VLOOKUP(D132,'[1]Base Produits'!$A$1:$E$40,3,FALSE) -> F07 | F132: =+VLOOKUP($D132,Hierarchie_PF,2,FALSE) -> Produits FAS 4 | K132: =K55*'[1]Production '!K129 -> 0 | S132: =SUM(G132:R132) -> 0
D134: =VLOOKUP(D129,Hierarchie_PF,3,FALSE) -> F07 | F134: =VLOOKUP(D129,Hierarchie_PF,4,FALSE) -> Amataures façconnés_Assemblé_Soudé | G134: =SUM(G128:G133) -> 0 | H134: =SUM(H128:H133) -> 0 | I134: =SUM(I128:I133) -> 0 | J134: =SUM(J128:J133) -> 0 | K134: =SUM(K128:K133) -> 0 | L134: =SUM(L128:L133) -> 0 | M134: =SUM(M128:M133) -> 0 | N134: =SUM(N128:N133) -> 0 | ... R134: =SUM(R128:R133) -> 0 | S134: =SUM(G134:R134) -> 0
...

Sheet Matiéres Consommables
B1: SIDENOR
B2: Budget 2018
B3: B2018 - Consommation Matières Premières & Energies
B6: Code Article | C6: Description | D6: Unité | E6: 43101 | F6: 43132 | G6: 43160 | H6: 43191 | I6: 43221 | J6: 43252 | K6: 43282 | L6: 43313 | M6: 43344 | N6: 43374 | O6: 43405 | P6: 43435 | Q6: TOTAL
B8: T01 | C8: MATIERES PREMIERES
B10: =VLOOKUP($B14,Base_MP,5,FALSE) -> C01 | C10: =VLOOKUP($B14,Base_MP,6,FALSE) -> Matiéres
B12: =VLOOKUP($B14,Base_MP,3,FALSE) -> R01 | C12: =VLOOKUP($B14,Base_MP,4,FALSE) -> Billettes
B14: MP0001 | C14: =VLOOKUP($B14,Base_MP,2,FALSE) -> Billette 125*125 | D14: Tonne | E14: 0 | F14: 0 | G14: 0 | H14: 0 | I14: 0 | J14: 0 | K14: 0 | L14: 0 | M14: 0 | N14: 0 | O14: 0 | P14: 0 | Q14: =SUM(E14:P14) -> 0
B15: MP0002 | C15: =VLOOKUP($B15,Base_MP,2,FALSE) -> Billette 135*135 | D15: Tonne | E15: ='[1]Achats Billettes'!H32 -> 20438 | F15: ='[1]Achats Billettes'!I32 -> 20844 | G15: ='[1]Achats Billettes'!J32 -> 22080 | H15: ='[1]Achats Billettes'!K32 -> 18867 | I15: ='[1]Achats Billettes'!L32 -> 17672 | J15: ='[1]Achats Billettes'!M32 -> 14144 | K15: ='[1]Achats Billettes'!N32 -> 12734 | L15: ='[1]Achats Billettes'!O32 -> 15751 | ... P15: ='[1]Achats Billettes'!S32 -> 19718.342 | Q15: =SUM(E15:P15) -> 218109.03
B16: MP0003 | C16: =VLOOKUP($B16,Base_MP,2,FALSE) -> Billette 150*150 | D16: Tonne | E16: =SUMIF('[1]Base Formules'!$O$8:$O$362,$B16,'[1]Base Formules'!X$8:X$362) -> #VALUE! | F16: =SUMIF('[1]Base Formules'!$O$8:$O$362,$B16,'[1]Base Formules'!Y$8:Y$362) -> #VALUE! | G16: =SUMIF('[1]Base Formules'!$O$8:$O$362,$B16,'[1]Base Formules'!Z$8:Z$362) -> #VALUE! | H16: =SUMIF('[1]Base Formules'!$O$8:$O$362,$B16,'[1]Base Formules'!AA$8:AA$362) -> #VALUE! | I16: =SUMIF('[1]Base Formules'!$O$8:$O$362,$B16,'[1]Base Formules'!AB$8:AB$362) -> #VALUE! | J16: =SUMIF('[1]Base Formules'!$O$8:$O$362,$B16,'[1]Base Formules'!AC$8:AC$362) -> #VALUE! | K16: =SUMIF('[1]Base Formules'!$O$8:$O$362,$B16,'[1]Base Formules'!AD$8:AD$362) -> #VALUE! | L16: =SUMIF('[1]Base Formules'!$O$8:$O$362,$B16,'[1]Base Formules'!AE$8:AE$362) -> #VALUE! | ... P16: =SUMIF('[1]Base Formules'!$O$8:$O$362,$B16,'[1]Base Formules'!AI$8:AI$362) -> #VALUE! | Q16: =SUM(E16:P16) -> #VALUE!
B18: =VLOOKUP($B20,Base_MP,3,FALSE) -> R02 | C18: =VLOOKUP($B20,Base_MP,4,FALSE) -> Electricité
B20: MP0004 | C20: =VLOOKUP($B20,Base_MP,2,FALSE) -> Elec Kwh | D20: Kwh | E20: 2786744 | F20: 2333186 | G20: 2519432 | H20: 2312277 | I20: 2274979 | J20: 1740615 | K20: 1678793 | L20: 2159746 | M20: 2099716 | N20: =SUMIF('[1]Base Formules'!$O$9:$O$358,$B20,'[1]Base Formules'!AG$9:AG$358)+482211 -> #VALUE! | O20: =SUMIF('[1]Base Formules'!$O$9:$O$358,$B20,'[1]Base Formules'!AH$9:AH$358)+482211 -> #VALUE! | P20: =SUMIF('[1]Base Formules'!$O$9:$O$358,$B20,'[1]Base Formules'!AI$9:AI$358)+482211 -> #VALUE! | Q20: =SUM(E20:P20) -> #VALUE!
B21: MP0005 | C21: =VLOOKUP($B21,Base_MP,2,FALSE) -> Gaz Naturel NM3 | D21: NM3 | E21: 705812 | F21: 808139 | G21: 758072 | H21: 693442 | I21: 696206 | J21: 543244 | K21: 470204 | L21: 513296 | M21: 677608 | N21: =SUMIF('[1]Base Formules'!$O$8:$O$362,$B21,'[1]Base Formules'!AG$8:AG$362) -> #VALUE! | O21: =SUMIF('[1]Base Formules'!$O$8:$O$362,$B21,'[1]Base Formules'!AH$8:AH$362) -> #VALUE! | P21: =SUMIF('[1]Base Formules'!$O$8:$O$362,$B21,'[1]Base Formules'!AI$8:AI$362) -> #VALUE! | Q21: =SUM(E21:P21) -> #VALUE!
B22: MP0006 | C22: =VLOOKUP($B22,Base_MP,2,FALSE) -> Eau de refroidissement | D22: M3 | E22: =SUMIF('[1]Base Formules'!$O$8:$O$362,$B22,'[1]Base Formules'!X$8:X$362) -> #VALUE! | F22: =SUMIF('[1]Base Formules'!$O$8:$O$362,$B22,'[1]Base Formules'!Y$8:Y$362) -> #VALUE! | G22: =SUMIF('[1]Base Formules'!$O$8:$O$362,$B22,'[1]Base Formules'!Z$8:Z$362) -> #VALUE! | H22: =SUMIF('[1]Base Formules'!$O$8:$O$362,$B22,'[1]Base Formules'!AA$8:AA$362) -> #VALUE! | I22: =SUMIF('[1]Base Formules'!$O$8:$O$362,$B22,'[1]Base Formules'!AB$8:AB$362) -> #VALUE! | J22: =SUMIF('[1]Base Formules'!$O$8:$O$362,$B22,'[1]Base Formules'!AC$8:AC$362) -> #VALUE! | K22: =SUMIF('[1]Base Formules'!$O$8:$O$362,$B22,'[1]Base Formules'!AD$8:AD$362) -> #VALUE! | L22: =SUMIF('[1]Base Formules'!$O$8:$O$362,$B22,'[1]Base Formules'!AE$8:AE$362) -> #VALUE! | ... P22: =SUMIF('[1]Base Formules'!$O$8:$O$362,$B22,'[1]Base Formules'!AI$8:AI$362) -> #VALUE! | Q22: =SUM(E22:P22) -> #VALUE!
B24: =VLOOKUP($B28,Base_MP,5,FALSE) -> C03 | C24: =VLOOKUP($B28,Base_MP,6,FALSE) -> Piéces de rechange
B26: =VLOOKUP($B28,Base_MP,3,FALSE) -> R03 | C26: =VLOOKUP($B28,Base_MP,4,FALSE) -> Piéces de rechange | E26: =200000*S28 -> 60606.061 | F26: =SUM(F28:F34) -> #VALUE! | G26: =SUM(G28:G34) -> #VALUE! | H26: =SUM(H28:H34) -> #VALUE! | I26: =SUM(I28:I34) -> #VALUE! | J26: =SUM(J28:J34) -> #VALUE! | K26: =SUM(K28:K34) -> #VALUE! | L26: =SUM(L28:L34) -> #VALUE! | M26: =SUM(M28:M34) -> #VALUE! | ... R26: =SUM(R28:R34) -> 16.5
B28: MP0008 | C28: =VLOOKUP($B28,Base_MP,2,FALSE) -> Cylindre Laminage (Fonte) | D28: DT/Tonne | E28: =[1]VAL_Billett_Cha_Fix!E28/[1]QTé_Billettes_Ch_Fix!E$45 -> 1.1779373 | F28: =[1]VAL_Billett_Cha_Fix!F28/[1]QTé_Billettes_Ch_Fix!F$45 -> 0 | G28: =[1]VAL_Billett_Cha_Fix!G28/[1]QTé_Billettes_Ch_Fix!G$45 -> 0.56766676 | H28: =[1]VAL_Billett_Cha_Fix!H28/[1]QTé_Billettes_Ch_Fix!H$45 -> 0.46988343 | I28: =[1]VAL_Billett_Cha_Fix!I28/[1]QTé_Billettes_Ch_Fix!I$45 -> 0.031884993 | J28: =[1]VAL_Billett_Cha_Fix!J28/[1]QTé_Billettes_Ch_Fix!J$45 -> 4.3186368 | K28: =[1]VAL_Billett_Cha_Fix!K28/[1]QTé_Billettes_Ch_Fix!K$45 -> 0 | L28: =[1]VAL_Billett_Cha_Fix!L28/[1]QTé_Billettes_Ch_Fix!L$45 -> 0.50815217 | M28: =[1]VAL_Billett_Cha_Fix!M28/[1]QTé_Billettes_Ch_Fix!M$45 -> 3.6917377 | N28: =SUMIF('[1]Base Formules'!$O$8:$O$362,$B28,'[1]Base Formules'!AG$8:AG$362) -> #VALUE! | O28: =SUMIF('[1]Base Formules'!$O$8:$O$362,$B28,'[1]Base Formules'!AH$8:AH$362) -> #VALUE! | P28: =SUMIF('[1]Base Formules'!$O$8:$O$362,$B28,'[1]Base Formules'!AI$8:AI$362) -> #VALUE! | Q28: =SUM(E28:P28) -> #VALUE! | R28: =+'[1]Base Prix MP & EMB'!V28 -> 5 | S28: =+R28/$R$26 -> 0.3030303
B29: MP0009 | C29: =VLOOKUP($B29,Base_MP,2,FALSE) -> Guide de Laminage | D29: DT/Tonne | E29: =[1]VAL_Billett_Cha_Fix!E29/[1]QTé_Billettes_Ch_Fix!E$45 -> 0.5130984 | F29: =[1]VAL_Billett_Cha_Fix!F29/[1]QTé_Billettes_Ch_Fix!F$45 -> 0.12266794 | G29: =[1]VAL_Billett_Cha_Fix!G29/[1]QTé_Billettes_Ch_Fix!G$45 -> 0.052632849 | H29: =[1]VAL_Billett_Cha_Fix!H29/[1]QTé_Billettes_Ch_Fix!H$45 -> 0.11599059 | I29: =[1]VAL_Billett_Cha_Fix!I29/[1]QTé_Billettes_Ch_Fix!I$45 -> 0.093836334 | J29: =[1]VAL_Billett_Cha_Fix!J29/[1]QTé_Billettes_Ch_Fix!J$45 -> 0.31651415 | K29: =[1]VAL_Billett_Cha_Fix!K29/[1]QTé_Billettes_Ch_Fix!K$45 -> 0 | L29: =[1]VAL_Billett_Cha_Fix!L29/[1]QTé_Billettes_Ch_Fix!L$45 -> 0.13283548 | M29: =[1]VAL_Billett_Cha_Fix!M29/[1]QTé_Billettes_Ch_Fix!M$45 -> 0.030450449 | N29: =SUMIF('[1]Base Formules'!$O$8:$O$362,$B29,'[1]Base Formules'!AG$8:AG$362) -> #VALUE! | O29: =SUMIF('[1]Base Formules'!$O$8:$O$362,$B29,'[1]Base Formules'!AH$8:AH$362) -> #VALUE! | P29: =SUMIF('[1]Base Formules'!$O$8:$O$362,$B29,'[1]Base Formules'!AI$8:AI$362) -> #VALUE! | Q29: =SUM(E29:P29) -> #VALUE! | R29: =+'[1]Base Prix MP & EMB'!V29 -> 4 | S29: =+R29/$R$26 -> 0.24242424
B30: MP0010 | C30: =VLOOKUP($B30,Base_MP,2,FALSE) -> Lame de Cisalle | D30: DT/Tonne | E30: =[1]VAL_Billett_Cha_Fix!E30/[1]QTé_Billettes_Ch_Fix!E$45 -> 0.12142023 | F30: =[1]VAL_Billett_Cha_Fix!F30/[1]QTé_Billettes_Ch_Fix!F$45 -> 0.12266794 | G30: =[1]VAL_Billett_Cha_Fix!G30/[1]QTé_Billettes_Ch_Fix!G$45 -> 0 | H30: =[1]VAL_Billett_Cha_Fix!H30/[1]QTé_Billettes_Ch_Fix!H$45 -> 0.033066586 | I30: =[1]VAL_Billett_Cha_Fix!I30/[1]QTé_Billettes_Ch_Fix!I$45 -> 0 | J30: =[1]VAL_Billett_Cha_Fix!J30/[1]QTé_Billettes_Ch_Fix!J$45 -> 0.30915517 | K30: =[1]VAL_Billett_Cha_Fix!K30/[1]QTé_Billettes_Ch_Fix!K$45 -> 0 | L30: =[1]VAL_Billett_Cha_Fix!L30/[1]QTé_Billettes_Ch_Fix!L$45 -> 0 | M30: =[1]VAL_Billett_Cha_Fix!M30/[1]QTé_Billettes_Ch_Fix!M$45 -> 0 | N30: =SUMIF('[1]Base Formules'!$O$8:$O$362,$B30,'[1]Base Formules'!AG$8:AG$362) -> #VALUE! | O30: =SUMIF('[1]Base Formules'!$O$8:$O$362,$B30,'[1]Base Formules'!AH$8:AH$362) -> #VALUE! | P30: =SUMIF('[1]Base Formules'!$O$8:$O$362,$B30,'[1]Base Formules'!AI$8:AI$362) -> #VALUE! | Q30: =SUM(E30:P30) -> #VALUE! | R30: =+'[1]Base Prix MP & EMB'!V30 -> 3 | S30: =+R30/$R$26 -> 0.18181818
B31: MP0011 | C31: =VLOOKUP($B31,Base_MP,2,FALSE) -> ProduitsConsommables | D31: DT/Tonne | E31: =[1]VAL_Billett_Cha_Fix!E31/[1]QTé_Billettes_Ch_Fix!E$45 -> 0 | F31: =[1]VAL_Billett_Cha_Fix!F31/[1]QTé_Billettes_Ch_Fix!F$45 -> 0 | G31: =[1]VAL_Billett_Cha_Fix!G31/[1]QTé_Billettes_Ch_Fix!G$45 -> 0 | H31: =[1]VAL_Billett_Cha_Fix!H31/[1]QTé_Billettes_Ch_Fix!H$45 -> 0 | I31: =[1]VAL_Billett_Cha_Fix!I31/[1]QTé_Billettes_Ch_Fix!I$45 -> 0 | J31: =[1]VAL_Billett_Cha_Fix!J31/[1]QTé_Billettes_Ch_Fix!J$45 -> 0 | K31: =[1]VAL_Billett_Cha_Fix!K31/[1]QTé_Billettes_Ch_Fix!K$45 -> 0 | L31: =[1]VAL_Billett_Cha_Fix!L31/[1]QTé_Billettes_Ch_Fix!L$45 -> 0 | M31: =[1]VAL_Billett_Cha_Fix!M31/[1]QTé_Billettes_Ch_Fix!M$45 -> 0 | N31: =SUMIF('[1]Base Formules'!$O$8:$O$362,$B31,'[1]Base Formules'!AG$8:AG$362) -> #VALUE! | O31: =SUMIF('[1]Base Formules'!$O$8:$O$362,$B31,'[1]Base Formules'!AH$8:AH$362) -> #VALUE! | P31: =SUMIF('[1]Base Formules'!$O$8:$O$362,$B31,'[1]Base Formules'!AI$8:AI$362) -> #VALUE! | Q31: =SUM(E31:P31) -> #VALUE! | R31: =+'[1]Base Prix MP & EMB'!V31 -> 2.5 | S31: =+R31/$R$26 -> 0.15151515
B32: MP0017 | C32: =VLOOKUP($B32,Base_MP,2,FALSE) -> Galet /Laminoir à chaud | D32: DT/Tonne | E32: =[1]VAL_Billett_Cha_Fix!E32/[1]QTé_Billettes_Ch_Fix!E$45 -> 0.26104708 | F32: =[1]VAL_Billett_Cha_Fix!F32/[1]QTé_Billettes_Ch_Fix!F$45 -> 0.14105694 | G32: =[1]VAL_Billett_Cha_Fix!G32/[1]QTé_Billettes_Ch_Fix!G$45 -> 0.14081989 | H32: =[1]VAL_Billett_Cha_Fix!H32/[1]QTé_Billettes_Ch_Fix!H$45 -> 0.39829583 | I32: =[1]VAL_Billett_Cha_Fix!I32/[1]QTé_Billettes_Ch_Fix!I$45 -> 0.43503505 | J32: =[1]VAL_Billett_Cha_Fix!J32/[1]QTé_Billettes_Ch_Fix!J$45 -> 2.9956494 | K32: =[1]VAL_Billett_Cha_Fix!K32/[1]QTé_Billettes_Ch_Fix!K$45 -> 0 | L32: =[1]VAL_Billett_Cha_Fix!L32/[1]QTé_Billettes_Ch_Fix!L$45 -> 1.190939 | M32: =[1]VAL_Billett_Cha_Fix!M32/[1]QTé_Billettes_Ch_Fix!M$45 -> 1.8276204 | N32: =SUMIF('[1]Base Formules'!$O$8:$O$362,$B32,'[1]Base Formules'!AG$8:AG$362) -> #VALUE! | O32: =SUMIF('[1]Base Formules'!$O$8:$O$362,$B32,'[1]Base Formules'!AH$8:AH$362) -> #VALUE! | P32: =SUMIF('[1]Base Formules'!$O$8:$O$362,$B32,'[1]Base Formules'!AI$8:AI$362) -> #VALUE! | Q32: =SUM(E32:P32) -> #VALUE! | R32: =+'[1]Base Prix MP & EMB'!V32 -> 0 | S32: =+R32/$R$26 -> 0
B33: MP0018 | C33: =VLOOKUP($B33,Base_MP,2,FALSE) -> Galet TS | D33: DT/3 jeu | E33: =SUMIF('[1]Base Formules'!$O$8:$O$362,$B33,'[1]Base Formules'!X$8:X$362) -> #VALUE! | F33: =SUMIF('[1]Base Formules'!$O$8:$O$362,$B33,'[1]Base Formules'!Y$8:Y$362) -> #VALUE! | G33: =SUMIF('[1]Base Formules'!$O$8:$O$362,$B33,'[1]Base Formules'!Z$8:Z$362) -> #VALUE! | H33: =SUMIF('[1]Base Formules'!$O$8:$O$362,$B33,'[1]Base Formules'!AA$8:AA$362) -> #VALUE! | I33: =SUMIF('[1]Base Formules'!$O$8:$O$362,$B33,'[1]Base Formules'!AB$8:AB$362) -> #VALUE! | J33: =SUMIF('[1]Base Formules'!$O$8:$O$362,$B33,'[1]Base Formules'!AC$8:AC$362) -> #VALUE! | K33: =SUMIF('[1]Base Formules'!$O$8:$O$362,$B33,'[1]Base Formules'!AD$8:AD$362) -> #VALUE! | L33: =SUMIF('[1]Base Formules'!$O$8:$O$362,$B33,'[1]Base Formules'!AE$8:AE$362) -> #VALUE! | ... P33: =SUMIF('[1]Base Formules'!$O$8:$O$362,$B33,'[1]Base Formules'!AI$8:AI$362) -> #VALUE! | Q33: =SUM(E33:P33) -> #VALUE! | R33: =+'[1]Base Prix MP & EMB'!V33 -> 0 | S33: =+R33/$R$26 -> 0
B34: MP0012 | C34: =VLOOKUP($B34,Base_MP,2,FALSE) -> Autres PDR | D34: DT/Tonne | E34: =[1]VAL_Billett_Cha_Fix!E34/[1]QTé_Billettes_Ch_Fix!E$45 -> 12.739375 | F34: =[1]VAL_Billett_Cha_Fix!F34/[1]QTé_Billettes_Ch_Fix!F$45 -> 15.305474 | G34: =[1]VAL_Billett_Cha_Fix!G34/[1]QTé_Billettes_Ch_Fix!G$45 -> 17.302973 | H34: =[1]VAL_Billett_Cha_Fix!H34/[1]QTé_Billettes_Ch_Fix!H$45 -> 17.746634 | I34: =[1]VAL_Billett_Cha_Fix!I34/[1]QTé_Billettes_Ch_Fix!I$45 -> 22.236834 | J34: =[1]VAL_Billett_Cha_Fix!J34/[1]QTé_Billettes_Ch_Fix!J$45 -> 19.85193 | K34: =[1]VAL_Billett_Cha_Fix!K34/[1]QTé_Billettes_Ch_Fix!K$45 -> 1.1442851 | L34: =[1]VAL_Billett_Cha_Fix!L34/[1]QTé_Billettes_Ch_Fix!L$45 -> 33.853712 | M34: =[1]VAL_Billett_Cha_Fix!M34/[1]QTé_Billettes_Ch_Fix!M$45 -> 22.392031 | N34: =SUMIF('[1]Base Formules'!$O$8:$O$362,$B34,'[1]Base Formules'!AG$8:AG$362) -> #VALUE! | O34: =SUMIF('[1]Base Formules'!$O$8:$O$362,$B34,'[1]Base Formules'!AH$8:AH$362) -> #VALUE! | P34: =SUMIF('[1]Base Formules'!$O$8:$O$362,$B34,'[1]Base Formules'!AI$8:AI$362) -> #VALUE! | Q34: =SUM(E34:P34) -> #VALUE! | R34: =+'[1]Base Prix MP & EMB'!V34 -> 2 | S34: =+R34/$R$26 -> 0.12121212
B36: =VLOOKUP($B40,Base_MP,5,FALSE) -> C04 | C36: =VLOOKUP($B40,Base_MP,6,FALSE) -> Consommables
B38: =VLOOKUP($B40,Base_MP,3,FALSE) -> R04 | C38: =VLOOKUP($B40,Base_MP,4,FALSE) -> Consommables
B40: MP0013 | C40: =VLOOKUP(B40,Base_MP,2,FALSE) -> Huiles & Autres lubrification | D40: DT/Tonne | E40: =[1]VAL_Billett_Cha_Fix!E40/[1]QTé_Billettes_Ch_Fix!E45 -> 0.20154996 | F40: =[1]VAL_Billett_Cha_Fix!F40/[1]QTé_Billettes_Ch_Fix!F45 -> 0.75791821 | G40: =[1]VAL_Billett_Cha_Fix!G40/[1]QTé_Billettes_Ch_Fix!G45 -> 0.64423979 | H40: =[1]VAL_Billett_Cha_Fix!H40/[1]QTé_Billettes_Ch_Fix!H45 -> 0.12332397 | I40: =[1]VAL_Billett_Cha_Fix!I40/[1]QTé_Billettes_Ch_Fix!I45 -> 0.75413759 | J40: =[1]VAL_Billett_Cha_Fix!J40/[1]QTé_Billettes_Ch_Fix!J45 -> 0.55642709 | K40: =[1]VAL_Billett_Cha_Fix!K40/[1]QTé_Billettes_Ch_Fix!K45 -> 0 | L40: =[1]VAL_Billett_Cha_Fix!L40/[1]QTé_Billettes_Ch_Fix!L45 -> 0.35894113 | M40: =[1]VAL_Billett_Cha_Fix!M40/[1]QTé_Billettes_Ch_Fix!M45 -> 0.047528492 | N40: =SUMIF('[1]Base Formules'!$O$8:$O$362,$B40,'[1]Base Formules'!AG$8:AG$362) -> #VALUE! | O40: =SUMIF('[1]Base Formules'!$O$8:$O$362,$B40,'[1]Base Formules'!AH$8:AH$362) -> #VALUE! | P40: =SUMIF('[1]Base Formules'!$O$8:$O$362,$B40,'[1]Base Formules'!AI$8:AI$362) -> #VALUE! | Q40: =SUM(E40:P40) -> #VALUE!
B41: MP0014 | C41: =VLOOKUP(B41,Base_MP,2,FALSE) -> Savon | D41: Unité/Tonne | E41: =SUMIF('[1]Base Formules'!$O$8:$O$362,$B41,'[1]Base Formules'!X$8:X$362) -> #VALUE! | F41: =SUMIF('[1]Base Formules'!$O$8:$O$362,$B41,'[1]Base Formules'!Y$8:Y$362) -> #VALUE! | G41: =SUMIF('[1]Base Formules'!$O$8:$O$362,$B41,'[1]Base Formules'!Z$8:Z$362) -> #VALUE! | H41: =SUMIF('[1]Base Formules'!$O$8:$O$362,$B41,'[1]Base Formules'!AA$8:AA$362) -> #VALUE! | I41: =SUMIF('[1]Base Formules'!$O$8:$O$362,$B41,'[1]Base Formules'!AB$8:AB$362) -> #VALUE! | J41: =SUMIF('[1]Base Formules'!$O$8:$O$362,$B41,'[1]Base Formules'!AC$8:AC$362) -> #VALUE! | K41: =SUMIF('[1]Base Formules'!$O$8:$O$362,$B41,'[1]Base Formules'!AD$8:AD$362) -> #VALUE! | L41: =SUMIF('[1]Base Formules'!$O$8:$O$362,$B41,'[1]Base Formules'!AE$8:AE$362) -> #VALUE! | ... P41: =SUMIF('[1]Base Formules'!$O$8:$O$362,$B41,'[1]Base Formules'!AI$8:AI$362) -> #VALUE! | Q41: =SUM(E41:P41) -> #VALUE!
B42: MP0015 | C42: =VLOOKUP(B42,Base_MP,2,FALSE) -> Amica | D42: Unité/Tonne | E42: =SUMIF('[1]Base Formules'!$O$8:$O$362,$B42,'[1]Base Formules'!X$8:X$362) -> #VALUE! | F42: =SUMIF('[1]Base Formules'!$O$8:$O$362,$B42,'[1]Base Formules'!Y$8:Y$362) -> #VALUE! | G42: =SUMIF('[1]Base Formules'!$O$8:$O$362,$B42,'[1]Base Formules'!Z$8:Z$362) -> #VALUE! | H42: =SUMIF('[1]Base Formules'!$O$8:$O$362,$B42,'[1]Base Formules'!AA$8:AA$362) -> #VALUE! | I42: =SUMIF('[1]Base Formules'!$O$8:$O$362,$B42,'[1]Base Formules'!AB$8:AB$362) -> #VALUE! | J42: =SUMIF('[1]Base Formules'!$O$8:$O$362,$B42,'[1]Base Formules'!AC$8:AC$362) -> #VALUE! | K42: =SUMIF('[1]Base Formules'!$O$8:$O$362,$B42,'[1]Base Formules'!AD$8:AD$362) -> #VALUE! | L42: =SUMIF('[1]Base Formules'!$O$8:$O$362,$B42,'[1]Base Formules'!AE$8:AE$362) -> #VALUE! | ... P42: =SUMIF('[1]Base Formules'!$O$8:$O$362,$B42,'[1]Base Formules'!AI$8:AI$362) -> #VALUE! | Q42: =SUM(E42:P42) -> #VALUE!
B43: MP0016 | C43: =VLOOKUP(B43,Base_MP,2,FALSE) -> Graisse | D43: Unité/Tonne | E43: =SUMIF('[1]Base Formules'!$O$8:$O$362,$B43,'[1]Base Formules'!X$8:X$362) -> #VALUE! | F43: =SUMIF('[1]Base Formules'!$O$8:$O$362,$B43,'[1]Base Formules'!Y$8:Y$362) -> #VALUE! | G43: =SUMIF('[1]Base Formules'!$O$8:$O$362,$B43,'[1]Base Formules'!Z$8:Z$362) -> #VALUE! | H43: =SUMIF('[1]Base Formules'!$O$8:$O$362,$B43,'[1]Base Formules'!AA$8:AA$362) -> #VALUE! | I43: =SUMIF('[1]Base Formules'!$O$8:$O$362,$B43,'[1]Base Formules'!AB$8:AB$362) -> #VALUE! | J43: =SUMIF('[1]Base Formules'!$O$8:$O$362,$B43,'[1]Base Formules'!AC$8:AC$362) -> #VALUE! | K43: =SUMIF('[1]Base Formules'!$O$8:$O$362,$B43,'[1]Base Formules'!AD$8:AD$362) -> #VALUE! | L43: =SUMIF('[1]Base Formules'!$O$8:$O$362,$B43,'[1]Base Formules'!AE$8:AE$362) -> #VALUE! | ... P43: =SUMIF('[1]Base Formules'!$O$8:$O$362,$B43,'[1]Base Formules'!AI$8:AI$362) -> #VALUE! | Q43: =SUM(E43:P43) -> #VALUE!
B45: Prod | E45: ='[1]Production '!G105 -> 19546.66 | F45: ='[1]Production '!H105 -> 20015.009 | G45: ='[1]Production '!I105 -> 21203.078 | H45: ='[1]Production '!J105 -> 17943.794 | I45: ='[1]Production '!K105 -> 16857.46 | J45: ='[1]Production '!L105 -> 13434.613 | K45: ='[1]Production '!M105 -> 12021.124 | L45: ='[1]Production '!N105 -> 15029.425 | M45: ='[1]Production '!O105 -> 16233.774

Sheet T.S. Structure
B5: 1 | C5: 3.4
D6: AMORT
A7: UTILITE ET INSTALLATION. | C7: =I7*B9/J9 -> #REF! | D7: 10 | E7: ans | G7: TOTAL UTILITE ET INSTALL. | I7: ='Inv-Financement'!D7 -> 1000000
A8: INFRASTRUCTURE | C8: =I8*C9/I9 -> #REF! | D8: 7 | E8: ans | G8: TOTAL INFRASTRURE | I8: ='Inv-Financement'!D5 -> #REF!
A9: EQUIPEMENTS | B9: 0 | C9: =B9*C5 -> 0 | D9: 5 | E9: ans | G9: TOTAL EQUIPEMENTS USINE | I9: =C5*J9 -> #REF! | J9: =Volumes!P5 -> #REF!
A10: TOTAL INVESTISSEMENT ATELIER | C10: =SUM(C7:C9) -> #REF! | G10: TOTAL INVESTISSEMENT USINE | I10: =SUM(I7:I9) -> #REF!
A13: Capacité moyenne | B13: 6 | C13: T/H | D13: =$B$13*$B$14*2084 -> 9378 | E13: T/AN (1P) | F13: =D13*2 -> 18756 | G13: T/AN (2P) | H13: =D13*3 -> 28134 | I13: T/AN (3P)
A14: Rendement | B14: 0.75
A16: Maind'Œuvre direct (1Poste: 2T) | C16: 43200 | D16: DT/an | E16: =C16/12 -> 3600 | F16: DT/mois
A17: Total Main d'Œuvre indirect (tous les atelier) | C17: 200000 | D17: DT/an
E19: Utilisation dans les treillis
A20: Prix moyen des bobines laminées à chaud | C20: 1750 | D20: DT/T | E20: 0.67
A21: Prix moyen des bobines laminées à froid | C21: 1850 | D21: DT/T | E21: 0.33
A23: VOLUME ACTIVITE DE L'ENSEMBLE DE L'USINE | D23: =Volumes!D6 -> #REF! | E23: =Volumes!E6 -> #REF! | F23: =Volumes!F6 -> #REF! | G23: =Volumes!G6 -> #REF! | H23: =Volumes!H6 -> #REF! | I23: =Volumes!I6 -> #REF! | J23: =Volumes!J6 -> #REF!
A24: VOLUME ACTIVITET.S. ANTIFISSURATION | B24: CONS. | C24: P.U. (DT) | D24: 0 | E24: 0 | F24: 0 | G24: 0 | H24: 0 | I24: 0 | J24: 0 | N24: cout fixe/ ans | O24: Augmentation annuelle
A25: MARCHE | B25: 0.1 | C25: par an | D25: 20000 | E25: =D25*(1+$B$25) -> 22000 | F25: =E25*(1+$B$25) -> 24200 | G25: =F25*(1+$B$25) -> 26620 | H25: =G25*(1+$B$25) -> 29282 | I25: =H25*(1+$B$25) -> 32210.2 | J25: =I25*(1+$B$25) -> 35431.22
A26: POTENTIEL DU MARCHE
A28: Matière Première | B28: 1 | C28: =$C$20*$E$20+$C$21*$E$21 -> 1783 | D28: =$C$28*$B$28 -> 1783 | E28: =$C$28*$B$28 -> 1783 | F28: =$C$28*$B$28 -> 1783 | G28: =$C$28*$B$28 -> 1783 | H28: =$C$28*$B$28 -> 1783 | I28: =$C$28*$B$28 -> 1783 | J28: =$C$28*$B$28 -> 1783 | O28: 0.01
A30: Energie, Eau et Air comprimé | B30: 143 | C30: 0.2 | D30: =$C$30*$B$30 -> 28.6 | E30: =$C$30*$B$30 -> 28.6 | F30: =$C$30*$B$30 -> 28.6 | G30: =$C$30*$B$30 -> 28.6 | H30: =$C$30*$B$30 -> 28.6 | I30: =$C$30*$B$30 -> 28.6 | J30: =$C$30*$B$30 -> 28.6 | O30: 0.01
A31: PR et consommables | B31: 1 | C31: 8 | D31: =$C$31*$B$31 -> 8 | E31: =$C$31*$B$31 -> 8 | F31: =$C$31*$B$31 -> 8 | G31: =$C$31*$B$31 -> 8 | H31: =$C$31*$B$31 -> 8 | I31: =$C$31*$B$31 -> 8 | J31: =$C$31*$B$31 -> 8 | O31: 0.02
A33: Charge M.O direct annuelle | D33: =IF(D24>$F$13,$C$16*3,IF(D24>$D$13,2*$C$16,$C$16)) -> 43200 | E33: =IF(E24>$F$13,$C$16*3,IF(E24>$D$13,2*$C$16,$C$16)) -> 43200 | F33: =IF(F24>$F$13,$C$16*3,IF(F24>$D$13,2*$C$16,$C$16)) -> 43200 | G33: =IF(G24>$F$13,$C$16*3,IF(G24>$D$13,2*$C$16,$C$16)) -> 43200 | H33: =IF(H24>$F$13,$C$16*3,IF(H24>$D$13,2*$C$16,$C$16)) -> 43200 | I33: =IF(I24>$F$13,$C$16*3,IF(I24>$D$13,2*$C$16,$C$16)) -> 43200 | J33: =IF(J24>$F$13,$C$16*3,IF(J24>$D$13,2*$C$16,$C$16)) -> 43200
A34: Mains d'Œuvre Direct (2 Tech.) | D34: =IF(D24=0,0,D33/D24) -> 0 | E34: =IF(E24=0,0,E33/E24) -> 0 | F34: =IF(F24=0,0,F33/F24) -> 0 | G34: =IF(G24=0,0,G33/G24) -> 0 | H34: =IF(H24=0,0,H33/H24) -> 0 | I34: =IF(I24=0,0,I33/I24) -> 0 | J34: =IF(J24=0,0,J33/J24) -> 0 | O34: 0.02
A35: Ratio du volume | D35: =D24/Volumes!D5 -> #REF! | E35: =E24/Volumes!E5 -> #REF! | F35: =F24/Volumes!F5 -> #REF! | G35: =G24/Volumes!G5 -> #REF! | H35: =H24/Volumes!H5 -> #REF! | I35: =I24/Volumes!I5 -> #REF! | J35: =J24/Volumes!J5 -> #REF!
A36: Main d'œuvre Indirect | D36: =IF(D24=0,0,$C$17*D35/D24) -> 0 | E36: =IF(E24=0,0,$C$17*E35/E24) -> 0 | F36: =IF(F24=0,0,$C$17*F35/F24) -> 0 | G36: =IF(G24=0,0,$C$17*G35/G24) -> 0 | H36: =IF(H24=0,0,$C$17*H35/H24) -> 0 | I36: =IF(I24=0,0,$C$17*I35/I24) -> 0 | J36: =IF(J24=0,0,$C$17*J35/J24) -> 0
A38: Autres Charges d'Exploitation (1%du P.V.) | B38: 0.01 | D38: =D50*$B$38 -> 21 | E38: =E50*$B$38 -> 21 | F38: =F50*$B$38 -> 21 | G38: =G50*$B$38 -> 21 | H38: =H50*$B$38 -> 21 | I38: =I50*$B$38 -> 21 | J38: =J50*$B$38 -> 21 | P38: 0.03 | Q38: du C.A.
A40: Amortissement Infrastructure | D40: =IF(D24=0,0,$N$40/D24) -> 0 | E40: =IF(E24=0,0,$N$40/E24) -> 0 | F40: =IF(F24=0,0,$N$40/F24) -> 0 | G40: =IF(G24=0,0,$N$40/G24) -> 0 | H40: =IF(H24=0,0,$N$40/H24) -> 0 | I40: =IF(I24=0,0,$N$40/I24) -> 0 | J40: =IF(J24=0,0,$N$40/J24) -> 0 | N40: =C8/D8 -> #REF!
A41: Amortissement équipement | D41: =IF(D24=0,0,$N$41/D24) -> 0 | E41: =IF(E24=0,0,$N$41/E24) -> 0 | F41: =IF(F24=0,0,$N$41/F24) -> 0 | G41: =IF(G24=0,0,$N$41/G24) -> 0 | H41: =IF(H24=0,0,$N$41/H24) -> 0 | I41: =IF(I24=0,0,$N$41/I24) -> 0 | J41: =IF(J24=0,0,$N$41/J24) -> 0 | N41: =C9/D9+C7/D7 -> #REF!
A43: Frais annuels | D43: ='Inv-Financement'!C21*Volumes!$Q$8 -> #REF! | E43: ='Inv-Financement'!D21*Volumes!$Q$8 -> #REF! | F43: ='Inv-Financement'!E21*Volumes!$Q$8 -> #REF! | G43: ='Inv-Financement'!F21*Volumes!$Q$8 -> #REF! | H43: ='Inv-Financement'!G21*Volumes!$Q$8 -> #REF! | I43: ='Inv-Financement'!H21*Volumes!$Q$8 -> #REF! | J43: ='Inv-Financement'!I21*Volumes!$Q$8 -> #REF!
A44: Frais Financiers de Financement | D44: =IF(D24=0,0,D43/D24) -> 0 | E44: =IF(E24=0,0,E43/E24) -> 0 | F44: =IF(F24=0,0,F43/F24) -> 0 | G44: =IF(G24=0,0,G43/G24) -> 0 | H44: =IF(H24=0,0,H43/H24) -> 0 | I44: =IF(I24=0,0,I43/I24) -> 0 | J44: =IF(J24=0,0,J43/J24) -> 0
A45: Frais financiers de fonctionnement 0,5% P.V | B45: 0.003 | D45: =$B$45*D50 -> 6.3 | E45: =$B$45*E50 -> 6.3 | F45: =$B$45*F50 -> 6.3 | G45: =$B$45*G50 -> 6.3 | H45: =$B$45*H50 -> 6.3 | I45: =$B$45*I50 -> 6.3 | J45: =$B$45*J50 -> 6.3
A47: COUT DE TRANSFORMATION (DT/T) | D47: =D30+D31+D34+D36+D38+D40+D41+D44+D45 -> 63.9 | E47: =E30+E31+E34+E36+E38+E40+E41+E44+E45 -> 63.9 | F47: =F30+F31+F34+F36+F38+F40+F41+F44+F45 -> 63.9 | G47: =G30+G31+G34+G36+G38+G40+G41+G44+G45 -> 63.9 | H47: =H30+H31+H34+H36+H38+H40+H41+H44+H45 -> 63.9 | I47: =I30+I31+I34+I36+I38+I40+I41+I44+I45 -> 63.9 | J47: =J30+J31+J34+J36+J38+J40+J41+J44+J45 -> 63.9
A48: PRIX DE REVIENT avec MP (DT/T) | D48: =D28+D30+D31+D34+D36+D38+D40+D41+D44+D45 -> 1846.9 | E48: =E28+E30+E31+E34+E36+E38+E40+E41+E44+E45 -> 1846.9 | F48: =F28+F30+F31+F34+F36+F38+F40+F41+F44+F45 -> 1846.9 | G48: =G28+G30+G31+G34+G36+G38+G40+G41+G44+G45 -> 1846.9 | H48: =H28+H30+H31+H34+H36+H38+H40+H41+H44+H45 -> 1846.9 | I48: =I28+I30+I31+I34+I36+I38+I40+I41+I44+I45 -> 1846.9 | J48: =J28+J30+J31+J34+J36+J38+J40+J41+J44+J45 -> 1846.9
A49: PRIX DU MARCHE (DT/T) | B49: 1 | C49: 2200 | D49: =$B$49*$C$49 -> 2200 | E49: =$B$49*$C$49 -> 2200 | F49: =$B$49*$C$49 -> 2200 | G49: =$B$49*$C$49 -> 2200 | H49: =$B$49*$C$49 -> 2200 | I49: =$B$49*$C$49 -> 2200 | J49: =$B$49*$C$49 -> 2200
A50: PRIX DE VENTE SIDENOR (DT/T) | D50: 2100 | E50: 2100 | F50: 2100 | G50: 2100 | H50: 2100 | I50: 2100 | J50: 2100
A52: DEPENSES ANNUELLES (DT) | D52: =D48*D24 -> 0 | E52: =E48*E24 -> 0 | F52: =F48*F24 -> 0 | G52: =G48*G24 -> 0 | H52: =H48*H24 -> 0 | I52: =I48*I24 -> 0 | J52: =J48*J24 -> 0
A53: C.A. ANNUEL (DT) | D53: =D50*D24 -> 0 | E53: =E50*E24 -> 0 | F53: =F50*F24 -> 0 | G53: =G50*G24 -> 0 | H53: =H50*H24 -> 0 | I53: =I50*I24 -> 0 | J53: =J50*J24 -> 0
A54: REVENU AVANT IMPOT | D54: =D53-D52 -> 0 | E54: =E53-E52 -> 0 | F54: =F53-F52 -> 0 | G54: =G53-G52 -> 0 | H54: =H53-H52 -> 0 | I54: =I53-I52 -> 0 | J54: =J53-J52 -> 0

Sheet Coupé façonné
B5: 1 | C5: 3.4
D6: AMORT
A7: UTILITE ET INSTALLATION. | C7: =I7*B9/J9 -> #REF! | D7: 10 | E7: ans | G7: TOTAL UTILITE ET INSTALL. | I7: ='Inv-Financement'!D7 -> 1000000
A8: INFRASTRUCTURE | C8: =I8*C9/I9 -> #REF! | D8: 7 | E8: ans | G8: TOTAL INFRASTRURE | I8: ='Inv-Financement'!D5 -> #REF!
A9: EQUIPEMENTS | B9: 0 | C9: =B9*C5 -> 0 | D9: 5 | E9: ans | G9: TOTAL EQUIPEMENTS USINE | I9: =C5*J9 -> #REF! | J9: =Volumes!P5 -> #REF!
A10: TOTAL INVESTISSEMENT ATELIER | C10: =SUM(C7:C9) -> #REF! | G10: TOTAL INVESTISSEMENT USINE | I10: =SUM(I7:I9) -> #REF!
A13: Capacité moyenne | B13: 1 | C13: T/H | D13: =$B$13*$B$14*2084 -> 1667.2 | E13: T/AN (1P) | F13: =D13*2 -> 3334.4 | G13: T/AN (2P) | H13: =D13*3 -> 5001.6 | I13: T/AN (3P)
A14: Rendement | B14: 0.8
A16: Maind'Œuvre direct (1Poste: 2T) | C16: 72000 | D16: DT/an | E16: =C16/12 -> 6000 | F16: DT/mois | H16: 100 | I16: KG/h/technicien de montage
A17: Total Main d'Œuvre indirect (tous les atelier) | C17: 200000 | D17: DT/an
E19: Utilisation dans les treillis
A20: Prix moyen des bobines laminées à chaud | C20: 1750 | D20: DT/T | E20: 0.8
A21: Prix moyen des bobines laminées à froid | C21: 1850 | D21: DT/T | E21: 0.2
A23: VOLUME ACTIVITE DE L'ENSEMBLE DE L'USINE | D23: =Volumes!D6 -> #REF! | E23: =Volumes!E6 -> #REF! | F23: =Volumes!F6 -> #REF! | G23: =Volumes!G6 -> #REF! | H23: =Volumes!H6 -> #REF! | I23: =Volumes!I6 -> #REF! | J23: =Volumes!J6 -> #REF!
A24: VOLUME ACTIVITET.S. ANTIFISSURATION | B24: CONS. | C24: P.U. (DT) | D24: 0 | E24: 0 | F24: 0 | G24: 0 | H24: 0 | I24: 0 | J24: 0 | N24: cout fixe/ ans | O24: Augmentation annuelle
A25: MARCHE | B25: 0.1 | C25: par an | D25: 20000 | E25: =D25*(1+$B$25) -> 22000 | F25: =E25*(1+$B$25) -> 24200 | G25: =F25*(1+$B$25) -> 26620 | H25: =G25*(1+$B$25) -> 29282 | I25: =H25*(1+$B$25) -> 32210.2 | J25: =I25*(1+$B$25) -> 35431.22
A26: POTENTIEL DU MARCHE
A28: Matière Première | B28: 1 | C28: =$C$20*$E$20+$C$21*$E$21 -> 1770 | D28: =$C$28*$B$28 -> 1770 | E28: =$C$28*$B$28 -> 1770 | F28: =$C$28*$B$28 -> 1770 | G28: =$C$28*$B$28 -> 1770 | H28: =$C$28*$B$28 -> 1770 | I28: =$C$28*$B$28 -> 1770 | J28: =$C$28*$B$28 -> 1770 | O28: 0.01
A30: Energie, Eau et Air comprimé | B30: 30 | C30: 0.2 | D30: =$C$30*$B$30 -> 6 | E30: =$C$30*$B$30 -> 6 | F30: =$C$30*$B$30 -> 6 | G30: =$C$30*$B$30 -> 6 | H30: =$C$30*$B$30 -> 6 | I30: =$C$30*$B$30 -> 6 | J30: =$C$30*$B$30 -> 6 | O30: 0.01
A31: PR et consommables | B31: 1 | C31: 10 | D31: =$C$31*$B$31 -> 10 | E31: =$C$31*$B$31 -> 10 | F31: =$C$31*$B$31 -> 10 | G31: =$C$31*$B$31 -> 10 | H31: =$C$31*$B$31 -> 10 | I31: =$C$31*$B$31 -> 10 | J31: =$C$31*$B$31 -> 10 | O31: 0.02
A33: Charge M.O direct annuelle | D33: =IF(D24>$F$13,$C$16*3,IF(D24>$D$13,2*$C$16,$C$16)) -> 72000 | E33: =IF(E24>$F$13,$C$16*3,IF(E24>$D$13,2*$C$16,$C$16)) -> 72000 | F33: =IF(F24>$F$13,$C$16*3,IF(F24>$D$13,2*$C$16,$C$16)) -> 72000 | G33: =IF(G24>$F$13,$C$16*3,IF(G24>$D$13,2*$C$16,$C$16)) -> 72000 | H33: =IF(H24>$F$13,$C$16*3,IF(H24>$D$13,2*$C$16,$C$16)) -> 72000 | I33: =IF(I24>$F$13,$C$16*3,IF(I24>$D$13,2*$C$16,$C$16)) -> 72000 | J33: =IF(J24>$F$13,$C$16*3,IF(J24>$D$13,2*$C$16,$C$16)) -> 72000
A34: Mains d'Œuvre Direct (2 Tech.) | D34: =IF(D24=0,0,D33/D24) -> 0 | E34: =IF(E24=0,0,E33/E24) -> 0 | F34: =IF(F24=0,0,F33/F24) -> 0 | G34: =IF(G24=0,0,G33/G24) -> 0 | H34: =IF(H24=0,0,H33/H24) -> 0 | I34: =IF(I24=0,0,I33/I24) -> 0 | J34: =IF(J24=0,0,J33/J24) -> 0 | O34: 0.02
A35: Ratio du volume | D35: =D24/Volumes!D5 -> #REF! | E35: =E24/Volumes!E5 -> #REF! | F35: =F24/Volumes!F5 -> #REF! | G35: =G24/Volumes!G5 -> #REF! | H35: =H24/Volumes!H5 -> #REF! | I35: =I24/Volumes!I5 -> #REF! | J35: =J24/Volumes!J5 -> #REF!
A36: Main d'œuvre Indirect | D36: =IF(D24=0,0,$C$17*D35/D24) -> 0 | E36: =IF(E24=0,0,$C$17*E35/E24) -> 0 | F36: =IF(F24=0,0,$C$17*F35/F24) -> 0 | G36: =IF(G24=0,0,$C$17*G35/G24) -> 0 | H36: =IF(H24=0,0,$C$17*H35/H24) -> 0 | I36: =IF(I24=0,0,$C$17*I35/I24) -> 0 | J36: =IF(J24=0,0,$C$17*J35/J24) -> 0
A38: Autres Charges d'Exploitation (1%du P.V.) | B38: 0.01 | D38: =D50*$B$38 -> 21 | E38: =E50*$B$38 -> 21 | F38: =F50*$B$38 -> 21 | G38: =G50*$B$38 -> 21 | H38: =H50*$B$38 -> 21 | I38: =I50*$B$38 -> 21 | J38: =J50*$B$38 -> 21 | P38: 0.03 | Q38: du C.A.
A40: Amortissement Infrastructure | D40: =IF(D24=0,0,$N$40/D24) -> 0 | E40: =IF(E24=0,0,$N$40/E24) -> 0 | F40: =IF(F24=0,0,$N$40/F24) -> 0 | G40: =IF(G24=0,0,$N$40/G24) -> 0 | H40: =IF(H24=0,0,$N$40/H24) -> 0 | I40: =IF(I24=0,0,$N$40/I24) -> 0 | J40: =IF(J24=0,0,$N$40/J24) -> 0 | N40: =C8/D8 -> #REF!
A41: Amortissement équipement | D41: =IF(D24=0,0,$N$41/D24) -> 0 | E41: =IF(E24=0,0,$N$41/E24) -> 0 | F41: =IF(F24=0,0,$N$41/F24) -> 0 | G41: =IF(G24=0,0,$N$41/G24) -> 0 | H41: =IF(H24=0,0,$N$41/H24) -> 0 | I41: =IF(I24=0,0,$N$41/I24) -> 0 | J41: =IF(J24=0,0,$N$41/J24) -> 0 | N41: =(C9+C7)/D9 -> #REF!
A43: Frais annuels | D43: ='Inv-Financement'!C21*Volumes!$Q$10 -> #REF! | E43: ='Inv-Financement'!D21*Volumes!$Q$10 -> #REF! | F43: ='Inv-Financement'!E21*Volumes!$Q$10 -> #REF! | G43: ='Inv-Financement'!F21*Volumes!$Q$10 -> #REF! | H43: ='Inv-Financement'!G21*Volumes!$Q$10 -> #REF! | I43: ='Inv-Financement'!H21*Volumes!$Q$10 -> #REF! | J43: ='Inv-Financement'!I21*Volumes!$Q$10 -> #REF!
A44: Frais Financiers de Financement | D44: =IF(D24=0,0,D43/D24) -> 0 | E44: =IF(E24=0,0,E43/E24) -> 0 | F44: =IF(F24=0,0,F43/F24) -> 0 | G44: =IF(G24=0,0,G43/G24) -> 0 | H44: =IF(H24=0,0,H43/H24) -> 0 | I44: =IF(I24=0,0,I43/I24) -> 0 | J44: =IF(J24=0,0,J43/J24) -> 0
A45: Frais financiers de fonctionnement 0,5% P.V | B45: 0.003 | D45: =$B$45*D50 -> 6.3 | E45: =$B$45*E50 -> 6.3 | F45: =$B$45*F50 -> 6.3 | G45: =$B$45*G50 -> 6.3 | H45: =$B$45*H50 -> 6.3 | I45: =$B$45*I50 -> 6.3 | J45: =$B$45*J50 -> 6.3
A47: COUT DE TRANSFORMATION (DT/T) | D47: =D30+D31+D34+D36+D38+D40+D41+D44+D45 -> 43.3 | E47: =E30+E31+E34+E36+E38+E40+E41+E44+E45 -> 43.3 | F47: =F30+F31+F34+F36+F38+F40+F41+F44+F45 -> 43.3 | G47: =G30+G31+G34+G36+G38+G40+G41+G44+G45 -> 43.3 | H47: =H30+H31+H34+H36+H38+H40+H41+H44+H45 -> 43.3 | I47: =I30+I31+I34+I36+I38+I40+I41+I44+I45 -> 43.3 | J47: =J30+J31+J34+J36+J38+J40+J41+J44+J45 -> 43.3
A48: PRIX DE REVIENT avec MP (DT/T) | D48: =D28+D30+D31+D34+D36+D38+D40+D41+D44+D45 -> 1813.3 | E48: =E28+E30+E31+E34+E36+E38+E40+E41+E44+E45 -> 1813.3 | F48: =F28+F30+F31+F34+F36+F38+F40+F41+F44+F45 -> 1813.3 | G48: =G28+G30+G31+G34+G36+G38+G40+G41+G44+G45 -> 1813.3 | H48: =H28+H30+H31+H34+H36+H38+H40+H41+H44+H45 -> 1813.3 | I48: =I28+I30+I31+I34+I36+I38+I40+I41+I44+I45 -> 1813.3 | J48: =J28+J30+J31+J34+J36+J38+J40+J41+J44+J45 -> 1813.3
A49: PRIX DU MARCHE (DT/T) | B49: 1 | C49: 2200 | D49: =$B$49*$C$49 -> 2200 | E49: =$B$49*$C$49 -> 2200 | F49: =$B$49*$C$49 -> 2200 | G49: =$B$49*$C$49 -> 2200 | H49: =$B$49*$C$49 -> 2200 | I49: =$B$49*$C$49 -> 2200 | J49: =$B$49*$C$49 -> 2200
A50: PRIX DE VENTE SIDENOR (DT/T) | D50: 2100 | E50: 2100 | F50: 2100 | G50: 2100 | H50: 2100 | I50: 2100 | J50: 2100
A52: DEPENSES ANNUELLES (DT) | D52: =D48*D24 -> 0 | E52: =E48*E24 -> 0 | F52: =F48*F24 -> 0 | G52: =G48*G24 -> 0 | H52: =H48*H24 -> 0 | I52: =I48*I24 -> 0 | J52: =J48*J24 -> 0
A53: C.A. ANNUEL (DT) | D53: =D50*D24 -> 0 | E53: =E50*E24 -> 0 | F53: =F50*F24 -> 0 | G53: =G50*G24 -> 0 | H53: =H50*H24 -> 0 | I53: =I50*I24 -> 0 | J53: =J50*J24 -> 0
A54: REVENU AVANT IMPOT | D54: =D53-D52 -> 0 | E54: =E53-E52 -> 0 | F54: =F53-F52 -> 0 | G54: =G53-G52 -> 0 | H54: =H53-H52 -> 0 | I54: =I53-I52 -> 0 | J54: =J53-J52 -> 0

Sheet Armatures STD
B5: 1 | C5: 3.4
D6: AMORT
A7: UTILITE ET INSTALLATION. | C7: =I7*B9/J9 -> #REF! | D7: 10 | E7: ans | G7: TOTAL UTILITE ET INSTALL. | I7: ='Inv-Financement'!D7 -> 1000000
A8: INFRASTRUCTURE | C8: =I8*C9/I9 -> #REF! | D8: 7 | E8: ans | G8: TOTAL INFRASTRURE | I8: ='Inv-Financement'!D5 -> #REF!
A9: EQUIPEMENTS | B9: 0 | C9: =B9*C5 -> 0 | D9: 5 | E9: ans | G9: TOTAL EQUIPEMENTS USINE | I9: =C5*J9 -> #REF! | J9: =Volumes!P5 -> #REF!
A10: TOTAL INVESTISSEMENT ATELIER | C10: =SUM(C7:C9) -> #REF! | G10: TOTAL INVESTISSEMENT USINE | I10: =SUM(I7:I9) -> #REF!
A13: Capacité moyenne | B13: 6 | C13: T/H | D13: =$B$13*$B$14*2084 -> 10003.2 | E13: T/AN (1P) | F13: =D13*2 -> 20006.4 | G13: T/AN (2P) | H13: =D13*3 -> 30009.6 | I13: T/AN (3P)
A14: Rendement | B14: 0.8
A16: Maind'Œuvre direct (1Poste: 2T) | C16: =43200*2 -> 86400 | D16: DT/an | E16: =C16/12 -> 7200 | F16: DT/mois
A17: Total Main d'Œuvre indirect (tous les atelier) | C17: 200000 | D17: DT/an
E19: Utilisation dans les treillis
A20: Prix moyen des bobines laminées à chaud | C20: 1750 | D20: DT/T | E20: 0.6
A21: Prix moyen des bobines laminées à froid | C21: 1850 | D21: DT/T | E21: 0.4
A23: VOLUME ACTIVITE DE L'ENSEMBLE DE L'USINE | D23: =Volumes!D6 -> #REF! | E23: =Volumes!E6 -> #REF! | F23: =Volumes!F6 -> #REF! | G23: =Volumes!G6 -> #REF! | H23: =Volumes!H6 -> #REF! | I23: =Volumes!I6 -> #REF! | J23: =Volumes!J6 -> #REF!
A24: VOLUME ACTIVITET.S. ANTIFISSURATION | B24: CONS. | C24: P.U. (DT) | D24: 0 | E24: 0 | F24: 0 | G24: 0 | H24: 0 | I24: 0 | J24: 0 | N24: cout fixe/ ans | O24: Augmentation annuelle
A25: MARCHE | B25: 0.1 | C25: par an | D25: 20000 | E25: =D25*(1+$B$25) -> 22000 | F25: =E25*(1+$B$25) -> 24200 | G25: =F25*(1+$B$25) -> 26620 | H25: =G25*(1+$B$25) -> 29282 | I25: =H25*(1+$B$25) -> 32210.2 | J25: =I25*(1+$B$25) -> 35431.22
A26: POTENTIEL DU MARCHE
A28: Matière Première | B28: 1 | C28: =$C$20*$E$20+$C$21*$E$21 -> 1790 | D28: =$C$28*$B$28 -> 1790 | E28: =$C$28*$B$28 -> 1790 | F28: =$C$28*$B$28 -> 1790 | G28: =$C$28*$B$28 -> 1790 | H28: =$C$28*$B$28 -> 1790 | I28: =$C$28*$B$28 -> 1790 | J28: =$C$28*$B$28 -> 1790 | O28: 0.01
